Workbook

Sheet Смета 12 гр. по ФЕР
A1: =Source!B1 -> Smeta.RU (495) 974-1589 | H1: ПРИЛОЖЕНИЕ 1 к ФОРМЕ 6
B4: СМЕТА
B8: Капитальный ремонт оконных проемов с заменой деревянных оконных блоков на оконные блоки из ПВХ в кабинетах №8,№1, аудиториях №7, №6, №5, №3, №15, №16, №18, №11, препараторских № 4, № 17 четвертого учебного корпуса Нововоронежского политехнического колледжа - филиала НИЯУ МИФИ (НВПК НИЯУ МИФИ) по адреcу: Воронежская обл., г. Нововоронеж, ул. Октябрьская, д.1 | AD8: =IF(Source!G12<>"Новый объект", Source!G12, "") -> по капитальному ремонту оконных проемов с заменой деревянных оконных блоков на оконные блоки из ПВХ на лестничных клетках с второго по четвертый этажи,в кабинетах № 8, № 1, аудиториях № 7, № 6,№ 5,№ 3,№ 15,№ 16,№ 18, № 11, препараторских № 4,№ 17 четвертого этажа здания учебного корпуса Нововоронежского политехнического колледжа - филиала НИЯУ МИФИ (НВПК НИЯУ МИФИ) по адреcу: Воронежская обл., г. Нововоронеж, ул. Октябрьская, д.1
B9: (наименование работ и затрат, наименование объекта)
A11: =CONCATENATE("Основание: ", Source!J12) -> Основание:
G14: базовая цена | I14: текущая цена
C15: Сметная стоимость | G15: =SUM(O1:O104)/1000 -> 125.73446 | I15: 946.77 | K15: тыс. руб.
C16: Строительные работы | G16: =SUM(W1:W104)/1000 -> 125.73446 | I16: =(Source!F92)/1000 -> 802.344 | K16: тыс. руб.
C17: Монтажные работы | G17: =SUM(X1:X104)/1000 -> 0 | I17: =(Source!F93)/1000 -> 0 | K17: тыс. руб.
C18: Оборудование | G18: =SUM(Y1:Y104)/1000 -> 0 | I18: =(Source!F84)/1000 -> 0 | K18: тыс. руб.
C19: Прочие работы | G19: =SUM(Z1:Z104)/1000 -> 0 | I19: =(Source!F94+Source!F95)/1000 -> 0 | K19: тыс. руб.
C20: Нормативная трудоемкость | G20: =I20 -> 660.07762 | I20: =(Source!F97+Source!F98) -> 660.07762 | K20: чел. -ч.
C21: Средства на оплату труда | G21: =SUM(R1:R104)/1000 -> 5.7263 | I21: =(Source!F90+ Source!F89)/1000 -> 36.53372 | K21: тыс. руб.
A23: Составлена в ценах IV квартал 2017 года
A24: № п/п | B24: Шифр расценки и коды ресурсов | C24: Наименование работ и затрат | D24: Ед. изм. | E24: Кол-во единиц | F24: Цена на ед. изм. | G24: Попра-вочные коэфф. | H24: Стоимость в ценах 2001г. | I24: Пункт коэфф. пересчета | J24: Коэфф. пересчета | K24: Стоимость в текущих ценах | L24: ЗТР всего чел.-час
A25: 1 | B25: 2 | C25: 3 | D25: 4 | E25: 5 | F25: 6 | G25: 7 | H25: 8 | I25: 9 | J25: 10 | K25: 11 | L25: 12
A27: =CONCATENATE("Локальная смета: ",IF(Source!G20<>"Новая локальная смета", Source!G20, "")) -> Локальная смета:
A28: =Source!E24 -> 1 | B28: =Source!F24 -> 46-04-012-01 | C28: =Source!G24 -> Разборка деревянных заполнений проемов оконных с подоконными досками | D28: =Source!H24 -> 100 м2 | E28: =Source!I24 -> 1.3179 | F28: =Source!AL24+Source!AM24+Source!AO24 -> 1767.24 | I28: =Source!BO24 | S28: =ROUND((Source!FX24/100)*((ROUND(Source!AF24*Source!I24, 2)+ROUND(Source!AE24*Source!I24, 2))), 2) -> 2126.41 | T28: =Source!X24 -> 13566.48 | U28: =ROUND((Source!FY24/100)*((ROUND(Source!AF24*Source!I24, 2)+ROUND(Source!AE24*Source!I24, 2))), 2) -> 1277.99 | V28: =Source!Y24 -> 8222.11
C29: ="Объем: "&Source!I24&"=131,79/"&"100" -> Объем: 1,3179=131,79/100
C30: Зарплата | F30: =Source!AO24 -> 1525.29 | G30: =Source!DG24 | H30: =ROUND(Source!AF24*Source!I24, 2) -> 2010.18 | J30: =IF(Source!BA24<> 0, Source!BA24, 1) -> 6.38 | K30: =Source!S24 -> 12824.95 | R30: =H30 -> 2010.18
C31: Эксплуатация машин | F31: =Source!AM24 -> 241.95 | G31: =Source!DE24 | H31: =ROUND(Source!AD24*Source!I24, 2) -> 318.87 | J31: =IF(Source!BB24<> 0, Source!BB24, 1) -> 6.38 | K31: =Source!Q24 -> 2034.36
C32: в т.ч. зарплата машинистов | F32: =Source!AN24 -> 104.49 | G32: =Source!DF24 | H32: =ROUND(Source!AE24*Source!I24, 2) -> 137.71 | J32: =IF(Source!BS24<> 0, Source!BS24, 1) -> 6.38 | K32: =Source!R24 -> 878.57 | R32: =H32 -> 137.71
C33: НР от ФОТ | D33: % | E33: =Source!BZ24 -> 110 | F33: =CONCATENATE(" )", Source!DL24, Source!FT24, "=", Source!FX24) -> )*0,9=99 | H33: =SUM(S28:S35) -> 2126.41 | J33: =Source!AT24 -> 99 | K33: =SUM(T28:T35) -> 13566.48
C34: СП от ФОТ | D34: % | E34: =Source!CA24 -> 70 | F34: =CONCATENATE(" )", Source!DM24, Source!FU24, "=", Source!FY24) -> )*0,85=59,5 | H34: =SUM(U28:U35) -> 1277.99 | J34: =Source!AU24 -> 60 | K34: =SUM(V28:V35) -> 8222.11
C35: Затраты труда | D35: чел-ч | E35: =Source!AQ24 -> 188.54 | G35: =Source!DI24 | L35: =Source!U24 -> 248.47687
G36: =H30+H31+H33+H34 -> 5733.45 | J36: =K30+K31+K33+K34 -> 36647.9 | L36: =Source!U24 -> 248.47687 | O36: =G36 -> 5733.45 | P36: =J36 -> 36647.9 | Q36: =L36 -> 248.47687 | W36: =IF(Source!BI24<=1,H30+H31+H33+H34, 0) -> 5733.45 | X36: =IF(Source!BI24=2,H30+H31+H33+H34, 0) -> 0 | Y36: =IF(Source!BI24=3,H30+H31+H33+H34, 0) -> 0 | Z36: =IF(Source!BI24=4,H30+H31+H33+H34, 0) -> 0
A37: =Source!E25 -> 2 | B37: =Source!F25 -> 10-01-034-08 | C37: =Source!G25 -> Установка в жилых и общественных зданиях оконных блоков из ПВХ профилей поворотных (откидных, поворотно-откидных) с площадью проема более 2 м2 трехстворчатых, в том числе при наличии створок глухого остекления | D37: =Source!H25 -> 100 м2 | E37: =Source!I25 -> 1.3179 | F37: =Source!AL25+Source!AM25+Source!AO25 -> 10107.89 | I37: =Source!BO25 | S37: =ROUND((Source!FX25/100)*((ROUND(Source!AF25*Source!I25, 2)+ROUND(Source!AE25*Source!I25, 2))), 2) -> 2186.35 | T37: =Source!X25 -> 13922.61 | U37: =ROUND((Source!FY25/100)*((ROUND(Source!AF25*Source!I25, 2)+ROUND(Source!AE25*Source!I25, 2))), 2) -> 1102.44 | V37: =Source!Y25 -> 7092.65
C38: ="Объем: "&Source!I25&"=131,79/"&"100" -> Объем: 1,3179=131,79/100
C39: Зарплата | F39: =Source!AO25 -> 1303.66 | G39: =Source!DG25 -> )*1,15 | H39: =ROUND(Source!AF25*Source!I25, 2) -> 1975.81 | J39: =IF(Source!BA25<> 0, Source!BA25, 1) -> 6.38 | K39: =Source!S25 -> 12605.66 | R39: =H39 -> 1975.81
C40: Эксплуатация машин | F40: =Source!AM25 -> 255.21 | G40: =Source!DE25 -> )*1,25 | H40: =ROUND(Source!AD25*Source!I25, 2) -> 420.42 | J40: =IF(Source!BB25<> 0, Source!BB25, 1) -> 6.38 | K40: =Source!Q25 -> 2682.3
C41: в т.ч. зарплата машинистов | F41: =Source!AN25 -> 50.32 | G41: =Source!DF25 -> )*1,25 | H41: =ROUND(Source!AE25*Source!I25, 2) -> 82.9 | J41: =IF(Source!BS25<> 0, Source!BS25, 1) -> 6.38 | K41: =Source!R25 -> 528.88 | R41: =H41 -> 82.9
C42: Материальные ресурсы | F42: =Source!AL25 -> 8549.02 | G42: =Source!DD25 | H42: =ROUND(Source!AC25*Source!I25, 2) -> 11266.75 | J42: =IF(Source!BC25<> 0, Source!BC25, 1) -> 6.38 | K42: =Source!P25 -> 71881.89
C43: НР от ФОТ | D43: % | E43: =Source!BZ25 -> 118 | F43: =CONCATENATE(" )", Source!DL25, Source!FT25, "=", Source!FX25) -> )*0,9=106,2 | H43: =SUM(S37:S46) -> 2186.35 | J43: =Source!AT25 -> 106 | K43: =SUM(T37:T46) -> 13922.61
C44: СП от ФОТ | D44: % | E44: =Source!CA25 -> 63 | F44: =CONCATENATE(" )", Source!DM25, Source!FU25, "=", Source!FY25) -> )*0,85=53,55 | H44: =SUM(U37:U46) -> 1102.44 | J44: =Source!AU25 -> 54 | K44: =SUM(V37:V46) -> 7092.65
C45: Затраты труда | D45: чел-ч | E45: =Source!AQ25 -> 149.16 | G45: =Source!DI25 -> )*1,15 | L45: =Source!U25 -> 226.06466
A46: =Source!E26 -> 2,1 | B46: =Source!F26 -> Средняя цена коммерческих предложений | C46: Оконный блок из ПВХ Базисная стоимость: 519,77 = [3 913 / 1,18 / 6,38] | D46: =Source!H26 -> м2 | E46: =Source!I26 -> 131.79 | F46: =Source!AL26+Source!AM26+Source!AO26 -> 519.77 | H46: =ROUND(Source!AC26*Source!I26, 2)+ROUND(Source!AD26*Source!I26, 2)+ROUND(Source!AF26*Source!I26, 2) -> 68500.49 | J46: =IF(Source!BC26<> 0, Source!BC26, 1) -> 6.38 | K46: =Source!O26 -> 437033.12 | S46: =ROUND((Source!FX26/100)*((ROUND(Source!AF26*Source!I26, 2)+ROUND(Source!AE26*Source!I26, 2))), 2) -> 0 | T46: =Source!X26 -> 0 | U46: =ROUND((Source!FY26/100)*((ROUND(Source!AF26*Source!I26, 2)+ROUND(Source!AE26*Source!I26, 2))), 2) -> 0 | V46: =Source!Y26 -> 0 | W46: =IF(Source!BI26<=1,H46, 0) -> 68500.49 | X46: =IF(Source!BI26=2,H46, 0) -> 0 | Y46: =IF(Source!BI26=3,H46, 0) -> 0 | Z46: =IF(Source!BI26=4,H46, 0) -> 0
G47: =H39+H40+H42+H43+H44+SUM(H46:H46) -> 85452.26 | J47: =K39+K40+K42+K43+K44+SUM(K46:K46) -> 545218.23 | L47: =Source!U25 -> 226.06466 | O47: =G47 -> 85452.26 | P47: =J47 -> 545218.23 | Q47: =L47 -> 226.06466 | W47: =IF(Source!BI25<=1,H39+H40+H42+H43+H44, 0) -> 16951.77 | X47: =IF(Source!BI25=2,H39+H40+H42+H43+H44, 0) -> 0 | Y47: =IF(Source!BI25=3,H39+H40+H42+H43+H44, 0) -> 0 | Z47: =IF(Source!BI25=4,H39+H40+H42+H43+H44, 0) -> 0
A48: =Source!E27 -> 3 | B48: =Source!F27 -> 12-01-010-01 | C48: =Source!G27 -> Устройство мелких покрытий (брандмауэры, парапеты, свесы и т.п.) из листовой оцинкованной стали | D48: =Source!H27 -> 100 м2 | E48: =Source!I27 -> 0.1196 | F48: =Source!AL27+Source!AM27+Source!AO27 -> 9874.22 | I48: =Source!BO27 | S48: =ROUND((Source!FX27/100)*((ROUND(Source!AF27*Source!I27, 2)+ROUND(Source!AE27*Source!I27, 2))), 2) -> 143.43 | T48: =Source!X27 -> 915.08 | U48: =ROUND((Source!FY27/100)*((ROUND(Source!AF27*Source!I27, 2)+ROUND(Source!AE27*Source!I27, 2))), 2) -> 73.38 | V48: =Source!Y27 -> 466.02
C49: ="Объем: "&Source!I27&"=11,96/"&"100" -> Объем: 0,1196=11,96/100
C50: Зарплата | F50: =Source!AO27 -> 961.76 | G50: =Source!DG27 -> )*1,15 | H50: =ROUND(Source!AF27*Source!I27, 2) -> 132.28 | J50: =IF(Source!BA27<> 0, Source!BA27, 1) -> 6.38 | K50: =Source!S27 -> 843.95 | R50: =H50 -> 132.28
C51: Эксплуатация машин | F51: =Source!AM27 -> 21.88 | G51: =Source!DE27 -> )*1,25 | H51: =ROUND(Source!AD27*Source!I27, 2) -> 3.27 | J51: =IF(Source!BB27<> 0, Source!BB27, 1) -> 6.38 | K51: =Source!Q27 -> 20.87
C52: в т.ч. зарплата машинистов | F52: =Source!AN27 -> 3.51 | G52: =Source!DF27 -> )*1,25 | H52: =ROUND(Source!AE27*Source!I27, 2) -> 0.53 | J52: =IF(Source!BS27<> 0, Source!BS27, 1) -> 6.38 | K52: =Source!R27 -> 3.35 | R52: =H52 -> 0.53
C53: Материальные ресурсы | F53: =Source!AL27 -> 8890.58 | G53: =Source!DD27 | H53: =ROUND(Source!AC27*Source!I27, 2) -> 1063.31 | J53: =IF(Source!BC27<> 0, Source!BC27, 1) -> 6.38 | K53: =Source!P27 -> 6783.94
C54: НР от ФОТ | D54: % | E54: =Source!BZ27 -> 120 | F54: =CONCATENATE(" )", Source!DL27, Source!FT27, "=", Source!FX27) -> )*0,9=108 | H54: =SUM(S48:S58) -> 143.43 | J54: =Source!AT27 -> 108 | K54: =SUM(T48:T58) -> 915.08
C55: СП от ФОТ | D55: % | E55: =Source!CA27 -> 65 | F55: =CONCATENATE(" )", Source!DM27, Source!FU27, "=", Source!FY27) -> )*0,85=55,25 | H55: =SUM(U48:U58) -> 73.38 | J55: =Source!AU27 -> 55 | K55: =SUM(V48:V58) -> 466.02
C56: Затраты труда | D56: чел-ч | E56: =Source!AQ27 -> 112.75 | G56: =Source!DI27 -> )*1,15 | L56: =Source!U27 -> 15.507635
A57: =Source!E28 -> 3,1 | B57: =Source!F28 -> Средняя цена коммерческих предложений | C57: Водоотлив оконный шириной до 250 мм из оцинкованной стали с полимерным покрытием Базисная стоимость: 19,84 = [149,33 / 1,18 / 6,38] | D57: =Source!H28 -> м | E57: =Source!I28 -> 59.8 | F57: =Source!AL28+Source!AM28+Source!AO28 -> 19.84 | H57: =ROUND(Source!AC28*Source!I28, 2)+ROUND(Source!AD28*Source!I28, 2)+ROUND(Source!AF28*Source!I28, 2) -> 1186.43 | J57: =IF(Source!BC28<> 0, Source!BC28, 1) -> 6.38 | K57: =Source!O28 -> 7569.44 | S57: =ROUND((Source!FX28/100)*((ROUND(Source!AF28*Source!I28, 2)+ROUND(Source!AE28*Source!I28, 2))), 2) -> 0 | T57: =Source!X28 -> 0 | U57: =ROUND((Source!FY28/100)*((ROUND(Source!AF28*Source!I28, 2)+ROUND(Source!AE28*Source!I28, 2))), 2) -> 0 | V57: =Source!Y28 -> 0 | W57: =IF(Source!BI28<=1,H57, 0) -> 1186.43 | X57: =IF(Source!BI28=2,H57, 0) -> 0 | Y57: =IF(Source!BI28=3,H57, 0) -> 0 | Z57: =IF(Source!BI28=4,H57, 0) -> 0
A58: =Source!E29 -> 3,2 | B58: =Source!F29 -> 08.3.05.05-0053 | C58: =Source!G29 -> Сталь листовая оцинкованная толщиной листа 0,7 мм | D58: =Source!H29 -> т | E58: =Source!I29 -> -0.093527 | F58: =Source!AL29+Source!AM29+Source!AO29 -> 11200 | H58: =ROUND(Source!AC29*Source!I29, 2)+ROUND(Source!AD29*Source!I29, 2)+ROUND(Source!AF29*Source!I29, 2) -> -1047.5 | J58: =IF(Source!BC29<> 0, Source!BC29, 1) -> 6.38 | K58: =Source!O29 -> -6683.07 | S58: =ROUND((Source!FX29/100)*((ROUND(Source!AF29*Source!I29, 2)+ROUND(Source!AE29*Source!I29, 2))), 2) -> 0 | T58: =Source!X29 -> 0 | U58: =ROUND((Source!FY29/100)*((ROUND(Source!AF29*Source!I29, 2)+ROUND(Source!AE29*Source!I29, 2))), 2) -> 0 | V58: =Source!Y29 -> 0 | W58: =IF(Source!BI29<=1,H58, 0) -> -1047.5 | X58: =IF(Source!BI29=2,H58, 0) -> 0 | Y58: =IF(Source!BI29=3,H58, 0) -> 0 | Z58: =IF(Source!BI29=4,H58, 0) -> 0
G59: =H50+H51+H53+H54+H55+SUM(H57:H58) -> 1554.6 | J59: =K50+K51+K53+K54+K55+SUM(K57:K58) -> 9916.23 | L59: =Source!U27 -> 15.507635 | O59: =G59 -> 1554.6 | P59: =J59 -> 9916.23 | Q59: =L59 -> 15.507635 | W59: =IF(Source!BI27<=1,H50+H51+H53+H54+H55, 0) -> 1415.67 | X59: =IF(Source!BI27=2,H50+H51+H53+H54+H55, 0) -> 0 | Y59: =IF(Source!BI27=3,H50+H51+H53+H54+H55, 0) -> 0 | Z59: =IF(Source!BI27=4,H50+H51+H53+H54+H55, 0) -> 0
A60: =Source!E30 -> 4 | B60: =Source!F30 -> 15-01-050-04 | C60: =Source!G30 -> Облицовка оконных и дверных откосов декоративным бумажно-слоистым пластиком или листами из синтетических материалов | D60: =Source!H30 -> 100 м2 | E60: =Source!I30 -> 0.6532 | F60: =Source!AL30+Source!AM30+Source!AO30 -> 1563.91 | I60: =Source!BO30 | S60: =ROUND((Source!FX30/100)*((ROUND(Source!AF30*Source!I30, 2)+ROUND(Source!AE30*Source!I30, 2))), 2) -> 1090.12 | T60: =Source!X30 -> 6991.75 | U60: =ROUND((Source!FY30/100)*((ROUND(Source!AF30*Source!I30, 2)+ROUND(Source!AE30*Source!I30, 2))), 2) -> 539.29 | V60: =Source!Y30 -> 3459.08
C61: ="Объем: "&Source!I30&"=65,32/"&"100" -> Объем: 0,6532=65,32/100
C62: Зарплата | F62: =Source!AO30 -> 1528.19 | G62: =Source!DG30 -> )*1,15 | H62: =ROUND(Source!AF30*Source!I30, 2) -> 1147.95 | J62: =IF(Source!BA30<> 0, Source!BA30, 1) -> 6.38 | K62: =Source!S30 -> 7323.9 | R62: =H62 -> 1147.95
C63: Эксплуатация машин | F63: =Source!AM30 -> 35.36 | G63: =Source!DE30 -> )*1,25 | H63: =ROUND(Source!AD30*Source!I30, 2) -> 28.87 | J63: =IF(Source!BB30<> 0, Source!BB30, 1) -> 6.38 | K63: =Source!Q30 -> 184.2
C64: в т.ч. зарплата машинистов | F64: =Source!AN30 -> 6.88 | G64: =Source!DF30 -> )*1,25 | H64: =ROUND(Source!AE30*Source!I30, 2) -> 5.62 | J64: =IF(Source!BS30<> 0, Source!BS30, 1) -> 6.38 | K64: =Source!R30 -> 35.84 | R64: =H64 -> 5.62
C65: Материальные ресурсы | F65: =Source!AL30 -> 0.36 | G65: =Source!DD30 | H65: =ROUND(Source!AC30*Source!I30, 2) -> 0.24 | J65: =IF(Source!BC30<> 0, Source!BC30, 1) -> 6.38 | K65: =Source!P30 -> 1.5
C66: НР от ФОТ | D66: % | E66: =Source!BZ30 -> 105 | F66: =CONCATENATE(" )", Source!DL30, Source!FT30, "=", Source!FX30) -> )*0,9=94,5 | H66: =SUM(S60:S72) -> 1090.12 | J66: =Source!AT30 -> 95 | K66: =SUM(T60:T72) -> 6991.75
C67: СП от ФОТ | D67: % | E67: =Source!CA30 -> 55 | F67: =CONCATENATE(" )", Source!DM30, Source!FU30, "=", Source!FY30) -> )*0,85=46,75 | H67: =SUM(U60:U72) -> 539.29 | J67: =Source!AU30 -> 47 | K67: =SUM(V60:V72) -> 3459.08
C68: Затраты труда | D68: чел-ч | E68: =Source!AQ30 -> 166.47 | G68: =Source!DI30 -> )*1,15 | L68: =Source!U30 -> 125.04893
A69: =Source!E31 -> 4,1 | B69: =Source!F31 -> Средняя цена коммерческих предложений | C69: Сэндвич панели для откосов из ПВХ размером 2700х250х10 мм Базисная стоимость: 79,43 = [598 / 1,18 / 6,38] | D69: =Source!H31 -> м | E69: =Source!I31 -> 163.3 | F69: =Source!AL31+Source!AM31+Source!AO31 -> 79.43 | H69: =ROUND(Source!AC31*Source!I31, 2)+ROUND(Source!AD31*Source!I31, 2)+ROUND(Source!AF31*Source!I31, 2) -> 12970.92 | J69: =IF(Source!BC31<> 0, Source!BC31, 1) -> 6.38 | K69: =Source!O31 -> 82754.46 | S69: =ROUND((Source!FX31/100)*((ROUND(Source!AF31*Source!I31, 2)+ROUND(Source!AE31*Source!I31, 2))), 2) -> 0 | T69: =Source!X31 -> 0 | U69: =ROUND((Source!FY31/100)*((ROUND(Source!AF31*Source!I31, 2)+ROUND(Source!AE31*Source!I31, 2))), 2) -> 0 | V69: =Source!Y31 -> 0 | W69: =IF(Source!BI31<=1,H69, 0) -> 12970.92 | X69: =IF(Source!BI31=2,H69, 0) -> 0 | Y69: =IF(Source!BI31=3,H69, 0) -> 0 | Z69: =IF(Source!BI31=4,H69, 0) -> 0
A70: =Source!E32 -> 4,2 | B70: =Source!F32 -> 14.2.02.01-0001 | C70: =Source!G32 -> Клей огнестойкий, марка "Conlit Glue" ROCKWOOL | D70: =Source!H32 -> кг | E70: =Source!I32 -> 19.596 | F70: =Source!AL32+Source!AM32+Source!AO32 -> 19.72 | H70: =ROUND(Source!AC32*Source!I32, 2)+ROUND(Source!AD32*Source!I32, 2)+ROUND(Source!AF32*Source!I32, 2) -> 386.43 | J70: =IF(Source!BC32<> 0, Source!BC32, 1) -> 6.38 | K70: =Source!O32 -> 2465.44 | S70: =ROUND((Source!FX32/100)*((ROUND(Source!AF32*Source!I32, 2)+ROUND(Source!AE32*Source!I32, 2))), 2) -> 0 | T70: =Source!X32 -> 0 | U70: =ROUND((Source!FY32/100)*((ROUND(Source!AF32*Source!I32, 2)+ROUND(Source!AE32*Source!I32, 2))), 2) -> 0 | V70: =Source!Y32 -> 0 | W70: =IF(Source!BI32<=1,H70, 0) -> 386.43 | X70: =IF(Source!BI32=2,H70, 0) -> 0 | Y70: =IF(Source!BI32=3,H70, 0) -> 0 | Z70: =IF(Source!BI32=4,H70, 0) -> 0
A71: =Source!E33 -> 4,3 | B71: =Source!F33 -> 14.3.01.01-0105 | C71: =Source!G33 -> Грунтовка: по бетону, марка "WG-Welestrong Sealer" | D71: =Source!H33 -> кг | E71: =Source!I33 -> 5.81348 | F71: =Source!AL33+Source!AM33+Source!AO33 -> 210.9 | H71: =ROUND(Source!AC33*Source!I33, 2)+ROUND(Source!AD33*Source!I33, 2)+ROUND(Source!AF33*Source!I33, 2) -> 1226.06 | J71: =IF(Source!BC33<> 0, Source!BC33, 1) -> 6.38 | K71: =Source!O33 -> 7822.28 | S71: =ROUND((Source!FX33/100)*((ROUND(Source!AF33*Source!I33, 2)+ROUND(Source!AE33*Source!I33, 2))), 2) -> 0 | T71: =Source!X33 -> 0 | U71: =ROUND((Source!FY33/100)*((ROUND(Source!AF33*Source!I33, 2)+ROUND(Source!AE33*Source!I33, 2))), 2) -> 0 | V71: =Source!Y33 -> 0 | W71: =IF(Source!BI33<=1,H71, 0) -> 1226.06 | X71: =IF(Source!BI33=2,H71, 0) -> 0 | Y71: =IF(Source!BI33=3,H71, 0) -> 0 | Z71: =IF(Source!BI33=4,H71, 0) -> 0
A72: =Source!E34 -> 4,4 | B72: =Source!F34 -> 14.1.06.05 | C72: =Source!G34 -> Клей | D72: =Source!H34 -> кг | E72: =Source!I34 -> 19.596 | F72: =Source!AL34+Source!AM34+Source!AO34 -> 0 | H72: =ROUND(Source!AC34*Source!I34, 2)+ROUND(Source!AD34*Source!I34, 2)+ROUND(Source!AF34*Source!I34, 2) -> 0 | J72: =IF(Source!BC34<> 0, Source!BC34, 1) -> 6.38 | K72: =Source!O34 -> 0 | S72: =ROUND((Source!FX34/100)*((ROUND(Source!AF34*Source!I34, 2)+ROUND(Source!AE34*Source!I34, 2))), 2) -> 0 | T72: =Source!X34 -> 0 | U72: =ROUND((Source!FY34/100)*((ROUND(Source!AF34*Source!I34, 2)+ROUND(Source!AE34*Source!I34, 2))), 2) -> 0 | V72: =Source!Y34 -> 0 | W72: =IF(Source!BI34<=1,H72, 0) -> 0 | X72: =IF(Source!BI34=2,H72, 0) -> 0 | Y72: =IF(Source!BI34=3,H72, 0) -> 0 | Z72: =IF(Source!BI34=4,H72, 0) -> 0
G73: =H62+H63+H65+H66+H67+SUM(H69:H72) -> 17389.88 | J73: =K62+K63+K65+K66+K67+SUM(K69:K72) -> 111002.61 | L73: =Source!U30 -> 125.04893 | O73: =G73 -> 17389.88 | P73: =J73 -> 111002.61 | Q73: =L73 -> 125.04893 | W73: =IF(Source!BI30<=1,H62+H63+H65+H66+H67, 0) -> 2806.47 | X73: =IF(Source!BI30=2,H62+H63+H65+H66+H67, 0) -> 0 | Y73: =IF(Source!BI30=3,H62+H63+H65+H66+H67, 0) -> 0 | Z73: =IF(Source!BI30=4,H62+H63+H65+H66+H67, 0) -> 0
A74: =Source!E35 -> 5 | B74: =Source!F35 -> 10-01-036-01 | C74: =Source!G35 -> Установка уголков ПВХ на клее | D74: =Source!H35 -> 100 м | E74: =Source!I35 -> 1.633 | F74: =Source!AL35+Source!AM35+Source!AO35 -> 93.15 | I74: =Source!BO35 | S74: =ROUND((Source!FX35/100)*((ROUND(Source!AF35*Source!I35, 2)+ROUND(Source!AE35*Source!I35, 2))), 2) -> 113.97 | T74: =Source!X35 -> 725.79 | U74: =ROUND((Source!FY35/100)*((ROUND(Source!AF35*Source!I35, 2)+ROUND(Source!AE35*Source!I35, 2))), 2) -> 57.47 | V74: =Source!Y35 -> 369.74
C75: ="Объем: "&Source!I35&"=163,3/"&"100" -> Объем: 1,633=163,3/100
C76: Зарплата | F76: =Source!AO35 -> 57.15 | G76: =Source!DG35 -> )*1,15 | H76: =ROUND(Source!AF35*Source!I35, 2) -> 107.32 | J76: =IF(Source!BA35<> 0, Source!BA35, 1) -> 6.38 | K76: =Source!S35 -> 684.71 | R76: =H76 -> 107.32
C77: Материальные ресурсы | F77: =Source!AL35 -> 36 | G77: =Source!DD35 | H77: =ROUND(Source!AC35*Source!I35, 2) -> 58.79 | J77: =IF(Source!BC35<> 0, Source!BC35, 1) -> 6.38 | K77: =Source!P35 -> 375.07
C78: НР от ФОТ | D78: % | E78: =Source!BZ35 -> 118 | F78: =CONCATENATE(" )", Source!DL35, Source!FT35, "=", Source!FX35) -> )*0,9=106,2 | H78: =SUM(S74:S82) -> 113.97 | J78: =Source!AT35 -> 106 | K78: =SUM(T74:T82) -> 725.79
C79: СП от ФОТ | D79: % | E79: =Source!CA35 -> 63 | F79: =CONCATENATE(" )", Source!DM35, Source!FU35, "=", Source!FY35) -> )*0,85=53,55 | H79: =SUM(U74:U82) -> 57.47 | J79: =Source!AU35 -> 54 | K79: =SUM(V74:V82) -> 369.74
C80: Затраты труда | D80: чел-ч | E80: =Source!AQ35 -> 6.7 | G80: =Source!DI35 -> )*1,15 | L80: =Source!U35 -> 12.582265
A81: =Source!E36 -> 5,1 | B81: =Source!F36 -> 11.3.03.13 | C81: =Source!G36 -> Уголок ПВХ | D81: =Source!H36 -> П.М | E81: =Source!I36 -> 163.3 | F81: =Source!AL36+Source!AM36+Source!AO36 -> 0 | H81: =ROUND(Source!AC36*Source!I36, 2)+ROUND(Source!AD36*Source!I36, 2)+ROUND(Source!AF36*Source!I36, 2) -> 0 | J81: =IF(Source!BC36<> 0, Source!BC36, 1) -> 6.38 | K81: =Source!O36 -> 0 | S81: =ROUND((Source!FX36/100)*((ROUND(Source!AF36*Source!I36, 2)+ROUND(Source!AE36*Source!I36, 2))), 2) -> 0 | T81: =Source!X36 -> 0 | U81: =ROUND((Source!FY36/100)*((ROUND(Source!AF36*Source!I36, 2)+ROUND(Source!AE36*Source!I36, 2))), 2) -> 0 | V81: =Source!Y36 -> 0 | W81: =IF(Source!BI36<=1,H81, 0) -> 0 | X81: =IF(Source!BI36=2,H81, 0) -> 0 | Y81: =IF(Source!BI36=3,H81, 0) -> 0 | Z81: =IF(Source!BI36=4,H81, 0) -> 0
A82: =Source!E37 -> 5,2 | B82: =Source!F37 -> 11.3.03.13-0043 | C82: =Source!G37 -> Уголок ПВХ, размером 20х20 мм | D82: =Source!H37 -> 10 м | E82: =Source!I37 -> 16.33 | F82: =Source!AL37+Source!AM37+Source!AO37 -> 25.6 | H82: =ROUND(Source!AC37*Source!I37, 2)+ROUND(Source!AD37*Source!I37, 2)+ROUND(Source!AF37*Source!I37, 2) -> 418.05 | J82: =IF(Source!BC37<> 0, Source!BC37, 1) -> 6.38 | K82: =Source!O37 -> 2667.15 | S82: =ROUND((Source!FX37/100)*((ROUND(Source!AF37*Source!I37, 2)+ROUND(Source!AE37*Source!I37, 2))), 2) -> 0 | T82: =Source!X37 -> 0 | U82: =ROUND((Source!FY37/100)*((ROUND(Source!AF37*Source!I37, 2)+ROUND(Source!AE37*Source!I37, 2))), 2) -> 0 | V82: =Source!Y37 -> 0 | W82: =IF(Source!BI37<=1,H82, 0) -> 418.05 | X82: =IF(Source!BI37=2,H82, 0) -> 0 | Y82: =IF(Source!BI37=3,H82, 0) -> 0 | Z82: =IF(Source!BI37=4,H82, 0) -> 0
G83: =H76+H77+H78+H79+SUM(H81:H82) -> 755.6 | J83: =K76+K77+K78+K79+SUM(K81:K82) -> 4822.46 | L83: =Source!U35 -> 12.582265 | O83: =G83 -> 755.6 | P83: =J83 -> 4822.46 | Q83: =L83 -> 12.582265 | W83: =IF(Source!BI35<=1,H76+H77+H78+H79, 0) -> 337.55 | X83: =IF(Source!BI35=2,H76+H77+H78+H79, 0) -> 0 | Y83: =IF(Source!BI35=3,H76+H77+H78+H79, 0) -> 0 | Z83: =IF(Source!BI35=4,H76+H77+H78+H79, 0) -> 0
A84: =Source!E38 -> 6 | B84: =Source!F38 -> 10-01-035-01 | C84: =Source!G38 -> Установка подоконных досок из ПВХ в каменных стенах толщиной до 0,51 м | D84: =Source!H38 -> 100 м | E84: =Source!I38 -> 0.598 | F84: =Source!AL38+Source!AM38+Source!AO38 -> 4184.06 | I84: =Source!BO38 | S84: =ROUND((Source!FX38/100)*((ROUND(Source!AF38*Source!I38, 2)+ROUND(Source!AE38*Source!I38, 2))), 2) -> 133.81 | T84: =Source!X38 -> 852.14 | U84: =ROUND((Source!FY38/100)*((ROUND(Source!AF38*Source!I38, 2)+ROUND(Source!AE38*Source!I38, 2))), 2) -> 67.47 | V84: =Source!Y38 -> 434.11
C85: ="Объем: "&Source!I38&"=59,8/"&"100" -> Объем: 0,598=59,8/100
C86: Зарплата | F86: =Source!AO38 -> 180.75 | G86: =Source!DG38 -> )*1,15 | H86: =ROUND(Source!AF38*Source!I38, 2) -> 124.3 | J86: =IF(Source!BA38<> 0, Source!BA38, 1) -> 6.38 | K86: =Source!S38 -> 793.04 | R86: =H86 -> 124.3
C87: Эксплуатация машин | F87: =Source!AM38 -> 11.11 | G87: =Source!DE38 -> )*1,25 | H87: =ROUND(Source!AD38*Source!I38, 2) -> 8.31 | J87: =IF(Source!BB38<> 0, Source!BB38, 1) -> 6.38 | K87: =Source!Q38 -> 52.99
C88: в т.ч. зарплата машинистов | F88: =Source!AN38 -> 2.28 | G88: =Source!DF38 -> )*1,25 | H88: =ROUND(Source!AE38*Source!I38, 2) -> 1.7 | J88: =IF(Source!BS38<> 0, Source!BS38, 1) -> 6.38 | K88: =Source!R38 -> 10.87 | R88: =H88 -> 1.7
C89: Материальные ресурсы | F89: =Source!AL38 -> 3992.2 | G89: =Source!DD38 | H89: =ROUND(Source!AC38*Source!I38, 2) -> 2387.34 | J89: =IF(Source!BC38<> 0, Source!BC38, 1) -> 6.38 | K89: =Source!P38 -> 15231.2
C90: НР от ФОТ | D90: % | E90: =Source!BZ38 -> 118 | F90: =CONCATENATE(" )", Source!DL38, Source!FT38, "=", Source!FX38) -> )*0,9=106,2 | H90: =SUM(S84:S93) -> 133.81 | J90: =Source!AT38 -> 106 | K90: =SUM(T84:T93) -> 852.14
C91: СП от ФОТ | D91: % | E91: =Source!CA38 -> 63 | F91: =CONCATENATE(" )", Source!DM38, Source!FU38, "=", Source!FY38) -> )*0,85=53,55 | H91: =SUM(U84:U93) -> 67.47 | J91: =Source!AU38 -> 54 | K91: =SUM(V84:V93) -> 434.11
C92: Затраты труда | D92: чел-ч | E92: =Source!AQ38 -> 21.19 | G92: =Source!DI38 -> )*1,15 | L92: =Source!U38 -> 14.572363
A93: =Source!E39 -> 6,1 | B93: =Source!F39 -> Средняя цена коммерческих предложений | C93: Доски подоконные ПВХ , шириной 400 мм Базисная стоимость: 197,08 = [1 483,67 / 1,18 / 6,38] | D93: =Source!H39 -> м | E93: =Source!I39 -> 59.8 | F93: =Source!AL39+Source!AM39+Source!AO39 -> 197.08 | H93: =ROUND(Source!AC39*Source!I39, 2)+ROUND(Source!AD39*Source!I39, 2)+ROUND(Source!AF39*Source!I39, 2) -> 11785.38 | J93: =IF(Source!BC39<> 0, Source!BC39, 1) -> 6.38 | K93: =Source!O39 -> 75190.75 | S93: =ROUND((Source!FX39/100)*((ROUND(Source!AF39*Source!I39, 2)+ROUND(Source!AE39*Source!I39, 2))), 2) -> 0 | T93: =Source!X39 -> 0 | U93: =ROUND((Source!FY39/100)*((ROUND(Source!AF39*Source!I39, 2)+ROUND(Source!AE39*Source!I39, 2))), 2) -> 0 | V93: =Source!Y39 -> 0 | W93: =IF(Source!BI39<=1,H93, 0) -> 11785.38 | X93: =IF(Source!BI39=2,H93, 0) -> 0 | Y93: =IF(Source!BI39=3,H93, 0) -> 0 | Z93: =IF(Source!BI39=4,H93, 0) -> 0
G94: =H86+H87+H89+H90+H91+SUM(H93:H93) -> 14506.61 | J94: =K86+K87+K89+K90+K91+SUM(K93:K93) -> 92554.23 | L94: =Source!U38 -> 14.572363 | O94: =G94 -> 14506.61 | P94: =J94 -> 92554.23 | Q94: =L94 -> 14.572363 | W94: =IF(Source!BI38<=1,H86+H87+H89+H90+H91, 0) -> 2721.23 | X94: =IF(Source!BI38=2,H86+H87+H89+H90+H91, 0) -> 0 | Y94: =IF(Source!BI38=3,H86+H87+H89+H90+H91, 0) -> 0 | Z94: =IF(Source!BI38=4,H86+H87+H89+H90+H91, 0) -> 0
A95: =Source!E40 -> 7 | B95: =Source!F40 -> т01-01-01-041 | C95: =Source!G40 -> Погрузочные работы при автомобильных перевозках мусора строительного с погрузкой вручную | D95: =Source!H40 -> 1 Т ГРУЗА | E95: =Source!I40 -> 6 | F95: =Source!AK40 -> 42.98 | G95: =Source!DC40 | H95: =ROUND(Source!AB40*Source!I40, 2) -> 257.88 | I95: =Source!BO40 | J95: =Source!AZ40 -> 6.38 | K95: =Source!GM40 -> 1645.27 | S95: =ROUND((Source!FX40/100)*((ROUND(0*Source!I40, 2)+ROUND(0*Source!I40, 2))), 2) -> 0 | T95: =Source!X40 -> 0 | U95: =ROUND((Source!FY40/100)*((ROUND(0*Source!I40, 2)+ROUND(0*Source!I40, 2))), 2) -> 0 | V95: =Source!Y40 -> 0
G96: =H95 -> 257.88 | J96: =K95 -> 1645.27 | L96: =Source!U40 -> 0 | O96: =G96 -> 257.88 | P96: =J96 -> 1645.27 | Q96: =L96 -> 0 | W96: =IF(Source!BI40<=1,H95, 0) -> 257.88 | X96: =IF(Source!BI40=2,H95, 0) -> 0 | Y96: =IF(Source!BI40=3,H95, 0) -> 0 | Z96: =IF(Source!BI40=4,H95, 0) -> 0
A97: =Source!E41 -> 8 | B97: =Source!F41 -> т03-01-01-015 | C97: =Source!G41 -> Перевозка грузов I класса автомобилями бортовыми грузоподъемностью до 15 т на расстояние до 15 км | D97: =Source!H41 -> 1 Т ГРУЗА | E97: =Source!I41 -> 6 | F97: =Source!AK41 -> 14.03 | G97: =Source!DC41 | H97: =ROUND(Source!AB41*Source!I41, 2) -> 84.18 | I97: =Source!BO41 | J97: =Source!AZ41 -> 6.38 | K97: =Source!GM41 -> 537.07 | S97: =ROUND((Source!FX41/100)*((ROUND(0*Source!I41, 2)+ROUND(0*Source!I41, 2))), 2) -> 0 | T97: =Source!X41 -> 0 | U97: =ROUND((Source!FY41/100)*((ROUND(0*Source!I41, 2)+ROUND(0*Source!I41, 2))), 2) -> 0 | V97: =Source!Y41 -> 0
G98: =H97 -> 84.18 | J98: =K97 -> 537.07 | L98: =Source!U41 -> 0 | O98: =G98 -> 84.18 | P98: =J98 -> 537.07 | Q98: =L98 -> 0 | W98: =IF(Source!BI41<=1,H97, 0) -> 84.18 | X98: =IF(Source!BI41=2,H97, 0) -> 0 | Y98: =IF(Source!BI41=3,H97, 0) -> 0 | Z98: =IF(Source!BI41=4,H97, 0) -> 0
A100: =CONCATENATE("Итого по локальной смете: ",IF(Source!G43<>"Новая локальная смета", Source!G43, "")) -> Итого по локальной смете: | G100: =SUM(O27:O99) -> 125734.46 | J100: =SUM(P27:P99) -> 802344 | L100: =SUM(Q27:Q99) -> 642.25272
C101: =Source!H71 -> Итого | J101: =IF(Source!F71=0, "", Source!F71) -> 802344
C102: =Source!H72 -> НДС 18% | J102: =IF(Source!F72=0, "", Source!F72) -> 144421.92
C103: =Source!H73 -> Всего | J103: =IF(Source!F73=0, "", Source!F73) -> 946765.92

Sheet Акт КС-2 c НР и СП
A1: =Source!B1 -> Smeta.RU (495) 974-1589
E2: Унифицированная форма № КС-2
E3: Утверждена постановлением Госкомстата России
E4: от 11.11.99. № 100
G6: Код
F7: Форма по ОКУД | G7: 0322005
G8: =IF(Source!AT15 <> "", Source!AT15, "")
A9: Инвестор | C9: =IF(Source!BA15 <> "", Source!BA15, IF(Source!AU15 <> "", Source!AU15, "")) | F9: по ОКПО
C10: организация, адрес, телефон, факс | G10: =IF(Source!AK15 <> "", Source!AK15, "")
A11: Заказчик | C11: =IF(Source!AX12<> "", Source!AX12, IF(Source!AJ12 <> "", Source!AJ12, "")) | F11: по ОКПО
C12: организация, адрес, телефон, факс | G12: =IF(Source!AO15 <> "", Source!AO15, "")
A13: Подрядчик | C13: =IF(Source!AY12<> "", Source!AY12, IF(Source!AN12 <> "", Source!AN12, "")) | F13: по ОКПО
C14: организация, адрес, телефон, факс | G14: =IF(Source!CO15 <> "", Source!CO15, "")
A15: Стройка | C15: Капитальный ремонт оконных проемов НВПК НИЯУ МИФИ учебный корпус( _счет поставщика) | AE15: Капитальный ремонт оконных проемов НВПК НИЯУ МИФИ учебный корпус( _счет поставщика)
C16: наименование, адрес | G16: =IF(Source!CP15 <> "", Source!CP15, "")
A17: Объект | C17: =IF(Source!G12<>"Новый объект", Source!G12, "") -> по капитальному ремонту оконных проемов с заменой деревянных оконных блоков на оконные блоки из ПВХ на лестничных клетках с второго по четвертый этажи,в кабинетах № 8, № 1, аудиториях № 7, № 6,№ 5,№ 3,№ 15,№ 16,№ 18, № 11, препараторских № 4,№ 17 четвертого этажа здания учебного корпуса Нововоронежского политехнического колледжа - филиала НИЯУ МИФИ (НВПК НИЯУ МИФИ) по адреcу: Воронежская обл., г. Нововоронеж, ул. Октябрьская, д.1 | AE17: =IF(Source!G12<>"Новый объект", Source!G12, "") -> по капитальному ремонту оконных проемов с заменой деревянных оконных блоков на оконные блоки из ПВХ на лестничных клетках с второго по четвертый этажи,в кабинетах № 8, № 1, аудиториях № 7, № 6,№ 5,№ 3,№ 15,№ 16,№ 18, № 11, препараторских № 4,№ 17 четвертого этажа здания учебного корпуса Нововоронежского политехнического колледжа - филиала НИЯУ МИФИ (НВПК НИЯУ МИФИ) по адреcу: Воронежская обл., г. Нововоронеж, ул. Октябрьская, д.1
C18: наименование
D19: Вид деятельности по ОКДП | G19: =IF(Source!CQ15 <> "", Source!CQ15, "")
D20: Договор подряда | F20: номер | G20: =IF(Source!CR15 <> "", Source!CR15, "")
F21: дата | G21: =IF(Source!CS15 <> 0, Source!CS15, "")
F22: Вид операции | G22: =IF(Source!CT15 <> "", Source!CT15, "")
D24: Номер документа | E24: Дата составления | F24: Отчетный период
F25: с | G25: по
D26: =IF(Source!CN15 <> "", Source!CN15, "") | E26: 43207.423
A28: AKT
A29: О ПРИЕМКЕ ВЫПОЛНЕННЫХ РАБОТ
A31: Сметная (договорная) стоимость в соответствии с договором подряда (субподряда) | F31: =(Source!F102/1000) -> 802.344 | H31: тыс.руб
A33: Номер | C33: Наименование работ | D33: Номер единичной расценки | E33: Единица измерения | F33: Выполнено работ
A34: по порядку | B34: поз. по смете | F34: Количество | G34: цена за единицу, руб | H34: стоимость, руб
A35: 1 | B35: 2 | C35: 3 | D35: 4 | E35: 5 | F35: 6 | G35: 7 | H35: 8
A37: =CONCATENATE("Локальная смета: ",IF(Source!G20<>"Новая локальная смета", Source!G20, "")) -> Локальная смета:
A38: 1 | B38: =Source!E24 -> 1 | C38: =Source!G24 -> Разборка деревянных заполнений проемов оконных с подоконными досками | D38: =Source!F24 -> 46-04-012-01 | E38: =Source!H24 -> 100 м2 | F38: =Source!I24 -> 1.3179 | G38: =Source!AB24 -> 1767.24 | H38: =Source!O24 -> 14859.31 | T38: =Source!O24+Source!X24+Source!Y24 -> 36647.9 | U38: =Source!P24 -> 0 | V38: =Source!S24 -> 12824.95 | W38: =Source!Q24 -> 2034.36 | X38: =Source!R24 -> 878.57 | Y38: =Source!U24 -> 248.47687 | Z38: =Source!V24 -> 10.200546 | AA38: =Source!X24 -> 13566.48 | AB38: =Source!Y24 -> 8222.11
C39: ="Объем: "&Source!I24&"=131,79/"&"100" -> Объем: 1,3179=131,79/100
C40: Коэфф. к ОЗП | D40: =Source!BA24 -> 6.38
C41: Коэфф. к эксплуатации машин | D41: =Source!BB24 -> 6.38
C42: Коэфф. к материалам | D42: =Source!BC24 -> 6.38
C43: Коэфф. к ЗПМ | D43: =Source!BS24 -> 6.38
C44: % НР | F44: =Source!BZ24 -> 110 | G44: =(Source!AF24+Source!AE24)*Source!FX24/100 -> 1613.4822 | H44: =Source!X24 -> 13566.48
C45: % НР с поправкой | G45: =CONCATENATE(Source!DL24,Source!FT24, "=", Source!FX24, "%") -> *0,9=99% | H45: =CONCATENATE(Source!AT24) -> 99
C46: % СП | F46: =Source!CA24 -> 70 | G46: =(Source!AF24+Source!AE24)*Source!FY24/100 -> 969.7191 | H46: =Source!Y24 -> 8222.11
C47: СП с поправкой | G47: =CONCATENATE(Source!DM24,Source!FU24, "=", Source!FY24, "%") -> *0,85=59,5% | H47: =CONCATENATE(Source!AU24) -> 60
C48: Итого с НР и СП | G48: =((Source!AF24+Source!AE24)*Source!FX24/100)+((Source!AF24+Source!AE24)*Source!FY24/100)+Source!AB24 -> 4350.4413 | H48: =Source!O24+Source!X24+Source!Y24 -> 36647.9
A49: 2 | B49: =Source!E25 -> 2 | C49: =Source!G25 -> Установка в жилых и общественных зданиях оконных блоков из ПВХ профилей поворотных (откидных, поворотно-откидных) с площадью проема более 2 м2 трехстворчатых, в том числе при наличии створок глухого остекления | D49: =Source!F25 -> 10-01-034-08 | E49: =Source!H25 -> 100 м2 | F49: =Source!I25 -> 1.3179 | G49: =Source!AB25 -> 10367.24 | H49: =Source!O25 -> 87169.85 | T49: =Source!O25+Source!X25+Source!Y25 -> 108185.11 | U49: =Source!P25 -> 71881.89 | V49: =Source!S25 -> 12605.66 | W49: =Source!Q25 -> 2682.3 | X49: =Source!R25 -> 528.88 | Y49: =Source!U25 -> 226.06466 | Z49: =Source!V25 -> 6.9683963 | AA49: =Source!X25 -> 13922.61 | AB49: =Source!Y25 -> 7092.65
C50: ="Объем: "&Source!I25&"=131,79/"&"100" -> Объем: 1,3179=131,79/100
C51: Коэфф. к ОЗП | D51: =Source!BA25 -> 6.38
C52: Коэфф. к эксплуатации машин | D52: =Source!BB25 -> 6.38
C53: Коэфф. к материалам | D53: =Source!BC25 -> 6.38
C54: Коэфф. к ЗПМ | D54: =Source!BS25 -> 6.38
C55: Эксплуатация машин | D55: )*1,25
C56: Оплата труда машинистов | D56: )*1,25
C57: Оплата труда рабочих | D57: )*1,15
C58: Затраты труда рабочих | D58: )*1,15
C59: Затраты труда машинистов | D59: )*1,25
C60: % НР | F60: =Source!BZ25 -> 118 | G60: =(Source!AF25+Source!AE25)*Source!FX25/100 -> 1658.9608 | H60: =Source!X25 -> 13922.61
C61: % НР с поправкой | G61: =CONCATENATE(Source!DL25,Source!FT25, "=", Source!FX25, "%") -> *0,9=106,2% | H61: =CONCATENATE(Source!AT25) -> 106
C62: % СП | F62: =Source!CA25 -> 63 | G62: =(Source!AF25+Source!AE25)*Source!FY25/100 -> 836.50991 | H62: =Source!Y25 -> 7092.65
C63: СП с поправкой | G63: =CONCATENATE(Source!DM25,Source!FU25, "=", Source!FY25, "%") -> *0,85=53,55% | H63: =CONCATENATE(Source!AU25) -> 54
C64: Итого с НР и СП | G64: =((Source!AF25+Source!AE25)*Source!FX25/100)+((Source!AF25+Source!AE25)*Source!FY25/100)+Source!AB25 -> 12862.711 | H64: =Source!O25+Source!X25+Source!Y25 -> 108185.11
A65: 3 | B65: =Source!E26 -> 2,1 | C65: Оконный блок из ПВХ Базисная стоимость: 519,77 = [3 913 / 1,18 / 6,38] | D65: =Source!F26 -> Средняя цена коммерческих предложений | E65: =Source!H26 -> м2 | F65: =Source!I26 -> 131.79 | G65: =Source!AB26 -> 519.77 | H65: =Source!O26 -> 437033.12 | T65: =Source!O26+Source!X26+Source!Y26 -> 437033.12 | U65: =Source!P26 -> 437033.12 | V65: =Source!S26 -> 0 | W65: =Source!Q26 -> 0 | X65: =Source!R26 -> 0 | Y65: =Source!U26 -> 0 | Z65: =Source!V26 -> 0 | AA65: =Source!X26 -> 0 | AB65: =Source!Y26 -> 0
C66: Коэфф. к материалам | D66: =Source!BC26 -> 6.38
A67: 4 | B67: =Source!E27 -> 3 | C67: =Source!G27 -> Устройство мелких покрытий (брандмауэры, парапеты, свесы и т.п.) из листовой оцинкованной стали | D67: =Source!F27 -> 12-01-010-01 | E67: =Source!H27 -> 100 м2 | F67: =Source!I27 -> 0.1196 | G67: =Source!AB27 -> 10023.95 | H67: =Source!O27 -> 7648.76 | T67: =Source!O27+Source!X27+Source!Y27 -> 9029.86 | U67: =Source!P27 -> 6783.94 | V67: =Source!S27 -> 843.95 | W67: =Source!Q27 -> 20.87 | X67: =Source!R27 -> 3.35 | Y67: =Source!U27 -> 15.507635 | Z67: =Source!V27 -> 0.040365 | AA67: =Source!X27 -> 915.08 | AB67: =Source!Y27 -> 466.02
C68: ="Объем: "&Source!I27&"=11,96/"&"100" -> Объем: 0,1196=11,96/100
C69: Коэфф. к ОЗП | D69: =Source!BA27 -> 6.38
C70: Коэфф. к эксплуатации машин | D70: =Source!BB27 -> 6.38
C71: Коэфф. к материалам | D71: =Source!BC27 -> 6.38
C72: Коэфф. к ЗПМ | D72: =Source!BS27 -> 6.38
C73: Эксплуатация машин | D73: )*1,25
C74: Оплата труда машинистов | D74: )*1,25
C75: Оплата труда рабочих | D75: )*1,15
C76: Затраты труда рабочих | D76: )*1,15
C77: Затраты труда машинистов | D77: )*1,25
C78: % НР | F78: =Source!BZ27 -> 120 | G78: =(Source!AF27+Source!AE27)*Source!FX27/100 -> 1199.2428 | H78: =Source!X27 -> 915.08
C79: % НР с поправкой | G79: =CONCATENATE(Source!DL27,Source!FT27, "=", Source!FX27, "%") -> *0,9=108% | H79: =CONCATENATE(Source!AT27) -> 108
C80: % СП | F80: =Source!CA27 -> 65 | G80: =(Source!AF27+Source!AE27)*Source!FY27/100 -> 613.50153 | H80: =Source!Y27 -> 466.02
C81: СП с поправкой | G81: =CONCATENATE(Source!DM27,Source!FU27, "=", Source!FY27, "%") -> *0,85=55,25% | H81: =CONCATENATE(Source!AU27) -> 55
C82: Итого с НР и СП | G82: =((Source!AF27+Source!AE27)*Source!FX27/100)+((Source!AF27+Source!AE27)*Source!FY27/100)+Source!AB27 -> 11836.694 | H82: =Source!O27+Source!X27+Source!Y27 -> 9029.86
A83: 5 | B83: =Source!E28 -> 3,1 | C83: Водоотлив оконный шириной до 250 мм из оцинкованной стали с полимерным покрытием Базисная стоимость: 19,84 = [149,33 / 1,18 / 6,38] | D83: =Source!F28 -> Средняя цена коммерческих предложений | E83: =Source!H28 -> м | F83: =Source!I28 -> 59.8 | G83: =Source!AB28 -> 19.84 | H83: =Source!O28 -> 7569.44 | T83: =Source!O28+Source!X28+Source!Y28 -> 7569.44 | U83: =Source!P28 -> 7569.44 | V83: =Source!S28 -> 0 | W83: =Source!Q28 -> 0 | X83: =Source!R28 -> 0 | Y83: =Source!U28 -> 0 | Z83: =Source!V28 -> 0 | AA83: =Source!X28 -> 0 | AB83: =Source!Y28 -> 0
C84: Коэфф. к материалам | D84: =Source!BC28 -> 6.38
A85: 6 | B85: =Source!E29 -> 3,2 | C85: Исключен Сталь листовая оцинкованная толщиной листа 0,7 мм | D85: =Source!F29 -> 08.3.05.05-0053 | E85: =Source!H29 -> т | F85: =Source!I29 -> -0.093527 | G85: =Source!AB29 -> 11200 | H85: =Source!O29 -> -6683.07 | T85: =Source!O29+Source!X29+Source!Y29 -> -6683.07 | U85: =Source!P29 -> -6683.07 | V85: =Source!S29 -> 0 | W85: =Source!Q29 -> 0 | X85: =Source!R29 -> 0 | Y85: =Source!U29 -> 0 | Z85: =Source!V29 -> 0 | AA85: =Source!X29 -> 0 | AB85: =Source!Y29 -> 0
C86: Коэфф. к материалам | D86: =Source!BC29 -> 6.38
A87: 7 | B87: =Source!E30 -> 4 | C87: =Source!G30 -> Облицовка оконных и дверных откосов декоративным бумажно-слоистым пластиком или листами из синтетических материалов | D87: =Source!F30 -> 15-01-050-04 | E87: =Source!H30 -> 100 м2 | F87: =Source!I30 -> 0.6532 | G87: =Source!AB30 -> 1801.98 | H87: =Source!O30 -> 7509.6 | T87: =Source!O30+Source!X30+Source!Y30 -> 17960.43 | U87: =Source!P30 -> 1.5 | V87: =Source!S30 -> 7323.9 | W87: =Source!Q30 -> 184.2 | X87: =Source!R30 -> 35.84 | Y87: =Source!U30 -> 125.04893 | Z87: =Source!V30 -> 0.47357 | AA87: =Source!X30 -> 6991.75 | AB87: =Source!Y30 -> 3459.08
C88: ="Объем: "&Source!I30&"=65,32/"&"100" -> Объем: 0,6532=65,32/100
C89: Коэфф. к ОЗП | D89: =Source!BA30 -> 6.38
C90: Коэфф. к эксплуатации машин | D90: =Source!BB30 -> 6.38
C91: Коэфф. к материалам | D91: =Source!BC30 -> 6.38
C92: Коэфф. к ЗПМ | D92: =Source!BS30 -> 6.38
C93: Эксплуатация машин | D93: )*1,25
C94: Оплата труда машинистов | D94: )*1,25
C95: Оплата труда рабочих | D95: )*1,15
C96: Затраты труда рабочих | D96: )*1,15
C97: Затраты труда машинистов | D97: )*1,25
C98: % НР | F98: =Source!BZ30 -> 105 | G98: =(Source!AF30+Source!AE30)*Source!FX30/100 -> 1668.8889 | H98: =Source!X30 -> 6991.75
C99: % НР с поправкой | G99: =CONCATENATE(Source!DL30,Source!FT30, "=", Source!FX30, "%") -> *0,9=94,5% | H99: =CONCATENATE(Source!AT30) -> 95
C100: % СП | F100: =Source!CA30 -> 55 | G100: =(Source!AF30+Source!AE30)*Source!FY30/100 -> 825.61435 | H100: =Source!Y30 -> 3459.08
C101: СП с поправкой | G101: =CONCATENATE(Source!DM30,Source!FU30, "=", Source!FY30, "%") -> *0,85=46,75% | H101: =CONCATENATE(Source!AU30) -> 47
C102: Итого с НР и СП | G102: =((Source!AF30+Source!AE30)*Source!FX30/100)+((Source!AF30+Source!AE30)*Source!FY30/100)+Source!AB30 -> 4296.4832 | H102: =Source!O30+Source!X30+Source!Y30 -> 17960.43
A103: 8 | B103: =Source!E31 -> 4,1 | C103: Сэндвич панели для откосов из ПВХ размером 2700х250х10 мм Базисная стоимость: 79,43 = [598 / 1,18 / 6,38] | D103: =Source!F31 -> Средняя цена коммерческих предложений | E103: =Source!H31 -> м | F103: =Source!I31 -> 163.3 | G103: =Source!AB31 -> 79.43 | H103: =Source!O31 -> 82754.46 | T103: =Source!O31+Source!X31+Source!Y31 -> 82754.46 | U103: =Source!P31 -> 82754.46 | V103: =Source!S31 -> 0 | W103: =Source!Q31 -> 0 | X103: =Source!R31 -> 0 | Y103: =Source!U31 -> 0 | Z103: =Source!V31 -> 0 | AA103: =Source!X31 -> 0 | AB103: =Source!Y31 -> 0
C104: Коэфф. к материалам | D104: =Source!BC31 -> 6.38
A105: 9 | B105: =Source!E32 -> 4,2 | C105: =Source!G32 -> Клей огнестойкий, марка "Conlit Glue" ROCKWOOL | D105: =Source!F32 -> 14.2.02.01-0001 | E105: =Source!H32 -> кг | F105: =Source!I32 -> 19.596 | G105: =Source!AB32 -> 19.72 | H105: =Source!O32 -> 2465.44 | T105: =Source!O32+Source!X32+Source!Y32 -> 2465.44 | U105: =Source!P32 -> 2465.44 | V105: =Source!S32 -> 0 | W105: =Source!Q32 -> 0 | X105: =Source!R32 -> 0 | Y105: =Source!U32 -> 0 | Z105: =Source!V32 -> 0 | AA105: =Source!X32 -> 0 | AB105: =Source!Y32 -> 0
C106: Коэфф. к материалам | D106: =Source!BC32 -> 6.38
...

Sheet Source
A1: 0 | B1: Smeta.RU (495) 974-1589 | D1: _PS_ | F1: 0 | G1: 0 | H1: 0 | I1: Smeta.RU | J1: НИЯУ МИФИ Доп. раб. место MCCS-0027251 | K1: 0 | L1: 27251 | M1: 10
A12: 1 | B12: 133 | C12: 0 | D12: =ROW(A75) -> 75 | E12: 0 | F12: Новый объект_(Копия)_(Копия)_(Копия) | G12: по капитальному ремонту оконных проемов с заменой деревянных оконных блоков на оконные блоки из ПВХ на лестничных клетках с второго по четвертый этажи,в кабинетах № 8, № 1, аудиториях № 7, № 6,№ 5,№ 3,№ 15,№ 16,№ 18, № 11, препараторских № 4,№ 17 четвертого этажа здания учебного корпуса Нововоронежского политехнического колледжа - филиала НИЯУ МИФИ (НВПК НИЯУ МИФИ) по адреcу: Воронежская обл., г. Нововоронеж, ул. Октябрьская, д.1 | I12: 0 | K12: 0 | O12: 0 | P12: 0 | Q12: 0 | R12: 0 | V12: 0 | BH12: Сметные нормы списания | BI12: Коды ценников | BJ12: 1 | BK12: 1 | BL12: 0 | BM12: 0 | BN12: 1 | BO12: 0 | BP12: 2 | BQ12: 2 | BR12: 1 | BS12: 1 | BT12: 0 | BU12: 0 | BV12: 0 | BW12: 0 | BX12: 0 | BY12: ФЕР-2017 | BZ12: ТР для Версии 10: Центральные регионы (с учетом п-ма 2536-ИП/12/ГС от 22.03.2017 г | CA12: ФЕР-2017 | CB12: ФЕР-2017 | CC12: ФЕР-2017 | CD12: ФЕР-2017 | CE12: Поправки для ГСН 2017 от 31.03.2017 г | CF12: 0 | CG12: 0 | CH12: 524296 | CK12: 4 | EC12: 0
A15: 15 | B15: 1
A18: 52 | B18: =B75 -> 133 | C18: =C75 -> 1 | D18: =D75 -> 12 | E18: =E75 -> 0 | F18: =F75 -> Новый объект_(Копия)_(Копия)_(Копия) | G18: =G75 -> по капитальному ремонту оконных проемов с заменой деревянных оконных блоков на оконные блоки из ПВХ на лестничных клетках с второго по четвертый этажи,в кабинетах № 8, № 1, аудиториях № 7, № 6,№ 5,№ 3,№ 15,№ 16,№ 18, № 11, препараторских № 4,№ 17 четвертого этажа здания учебного корпуса Нововоронежского политехнического колледжа - филиала НИЯУ МИФИ (НВПК НИЯУ МИФИ) по адреcу: Воронежская обл., г. Нововоронеж, ул. Октябрьская, д.1 | O18: =O75 -> 743144.1 | P18: =P75 -> 703093.17 | Q18: =Q75 -> 4974.72 | R18: =R75 -> 1457.51 | S18: =S75 -> 35076.21 | T18: =T75 -> 0 | U18: =U75 -> 642.25272 | V18: =V75 -> 17.824902 | ... GX18: =GX75 -> 0
A20: 3 | B20: 1 | D20: =ROW(A43) -> 43 | F20: Новая локальная смета | G20: Новая локальная смета | I20: 0 | K20: 0 | V20: 0 | BX20: 0 | CF20: 0 | CG20: 0
A22: 52 | B22: =B43 -> 1 | C22: =C43 -> 3 | D22: =D43 -> 20 | E22: =E43 -> 0 | F22: =F43 -> Новая локальная смета | G22: =G43 -> Новая локальная смета | O22: =O43 -> 743144.1 | P22: =P43 -> 703093.17 | Q22: =Q43 -> 4974.72 | R22: =R43 -> 1457.51 | S22: =S43 -> 35076.21 | T22: =T43 -> 0 | U22: =U43 -> 642.25272 | V22: =V43 -> 17.824902 | ... GX22: =GX43 -> 0
A24: 17 | B24: 1 | C24: =ROW(SmtRes!A3) -> 3 | D24: =ROW(EtalonRes!A3) -> 3 | E24: 1 | F24: 46-04-012-01 | G24: Разборка деревянных заполнений проемов оконных с подоконными досками | H24: 100 м2 | I24: =ROUND(131.79/100,9) -> 1.3179 | J24: 0 | O24: =ROUND(CP24,2) -> 14859.31 | P24: =ROUND(CQ24*I24,2) -> 0 | Q24: =ROUND(CR24*I24,2) -> 2034.36 | R24: =ROUND(CS24*I24,2) -> 878.57 | S24: =ROUND(CT24*I24,2) -> 12824.95 | T24: =ROUND(CU24*I24,2) -> 0 | U24: =CV24*I24 -> 248.47687 | V24: =CW24*I24 -> 10.200546 | W24: =ROUND(CX24*I24,2) -> 0 | X24: =ROUND(CY24,2) -> 13566.48 | Y24: =ROUND(CZ24,2) -> 8222.11 | AA24: 16628881 | AB24: =ROUND((AC24+AD24+AF24),2) -> 1767.24 | AC24: =ROUND((ES24),2) -> 0 | AD24: =ROUND((((ET24)-(EU24))+AE24),2) -> 241.95 | AE24: =ROUND((EU24),2) -> 104.49 | AF24: =ROUND((EV24),2) -> 1525.29 | AG24: =ROUND((AP24),2) -> 0 | AH24: =(EW24) -> 188.54 | AI24: =(EX24) -> 7.74 | AJ24: =ROUND((AS24),2) -> 0 | AK24: 1767.24 | AL24: 0 | AM24: 241.95 | AN24: 104.49 | AO24: 1525.29 | AP24: 0 | AQ24: 188.54 | AR24: 7.74 | AS24: 0 | AT24: 99 | AU24: 60 | AV24: 1 | AW24: 1 | AZ24: 6.38 | BA24: 6.38 | BB24: 6.38 | BC24: 6.38 | BH24: 0 | BI24: 1 | BJ24: ФЕР-2001, 46-04-012-01, приказ Минстроя России №1039/пр от 30.12.2016г. | BM24: 46001 | BN24: 0 | BP24: 0 | BQ24: 2 | BR24: 0 | BS24: 6.38 | BT24: 1 | BU24: 1 | BV24: 1 | BW24: 1 | BX24: 1 | BZ24: 110 | CA24: 70 | CF24: 0 | CG24: 0 | CM24: 0 | CO24: 0 | CP24: =(P24+Q24+S24) -> 14859.31 | CQ24: =AC24*BC24 -> 0 | CR24: =AD24*BB24 -> 1543.641 | CS24: =AE24*BS24 -> 666.6462 | CT24: =AF24*BA24 -> 9731.3502 | CU24: =AG24 -> 0 | CV24: =AH24 -> 188.54 | CW24: =AI24 -> 7.74 | CX24: =AJ24 -> 0 | CY24: =(((S24+R24)*AT24)/100) -> 13566.485 | CZ24: =(((S24+R24)*AU24)/100) -> 8222.112 | DN24: 0 | DO24: 0 | DP24: 1 | DQ24: 1 | DU24: 1005 | DV24: 100 м2 | DW24: 100 м2 | DX24: 100 | EE24: 16510555 | EF24: 2 | EG24: Общестроительные работы | EH24: 0 | EJ24: 1 | EK24: 46001 | EL24: Реконструкция зданий и сооружений | EM24: ФЕР-46 | EQ24: 0 | ER24: 1767.24 | ES24: 0 | ET24: 241.95 | EU24: 104.49 | EV24: 1525.29 | EW24: 188.54 | EX24: 7.74 | EY24: 0 | FQ24: 0 | FR24: =ROUND(IF(AND(BH24=3,BI24=3),P24,0),2) -> 0 | FS24: 0 | FT24: *0,9 | FU24: *0,85 | FX24: 99 | FY24: 59.5 | GD24: 0 | GF24: 1630687704 | GG24: 1 | GH24: 1 | GI24: 4 | GJ24: 0 | GK24: =ROUND(R24*(R12)/100,2) -> 0 | GL24: =ROUND(IF(AND(BH24=3,BI24=3,FS24<>0),P24,0),2) -> 0 | GM24: =ROUND(O24+X24+Y24+GK24,2)+GX24 -> 36647.9 | GN24: =IF(OR(BI24=0,BI24=1),ROUND(O24+X24+Y24+GK24,2),0) -> 36647.9 | GO24: =IF(BI24=2,ROUND(O24+X24+Y24+GK24,2),0) -> 0 | GP24: =IF(BI24=4,ROUND(O24+X24+Y24+GK24,2)+GX24,0) -> 0 | GR24: 0 | GS24: 3 | GT24: 0 | GV24: =ROUND(GT24,2) -> 0 | GW24: 1 | GX24: =ROUND(GV24*GW24*I24,2) -> 0 | HA24: 0 | HB24: 0 | IK24: 0
A25: 17 | B25: 1 | C25: =ROW(SmtRes!A14) -> 14 | D25: =ROW(EtalonRes!A14) -> 14 | E25: 2 | F25: 10-01-034-08 | G25: Установка в жилых и общественных зданиях оконных блоков из ПВХ профилей поворотных (откидных, поворотно-откидных) с площадью проема более 2 м2 трехстворчатых, в том числе при наличии створок глухого остекления | H25: 100 м2 | I25: =ROUND(131.79/100,9) -> 1.3179 | J25: 0 | O25: =ROUND(CP25,2) -> 87169.85 | P25: =ROUND(CQ25*I25,2) -> 71881.89 | Q25: =ROUND(CR25*I25,2) -> 2682.3 | R25: =ROUND(CS25*I25,2) -> 528.88 | S25: =ROUND(CT25*I25,2) -> 12605.66 | T25: =ROUND(CU25*I25,2) -> 0 | U25: =CV25*I25 -> 226.06466 | V25: =CW25*I25 -> 6.9683963 | W25: =ROUND(CX25*I25,2) -> 0 | X25: =ROUND(CY25,2) -> 13922.61 | Y25: =ROUND(CZ25,2) -> 7092.65 | AA25: 16628881 | AB25: =ROUND((AC25+AD25+AF25),2) -> 10367.24 | AC25: =ROUND((ES25),2) -> 8549.02 | AD25: =ROUND(((((ET25*1.25))-((EU25*1.25)))+AE25),2) -> 319.01 | AE25: =ROUND(((EU25*1.25)),2) -> 62.9 | AF25: =ROUND(((EV25*1.15)),2) -> 1499.21 | AG25: =ROUND((AP25),2) -> 0 | AH25: =((EW25*1.15)) -> 171.534 | AI25: =((EX25*1.25)) -> 5.2875 | AJ25: =ROUND((AS25),2) -> 0 | AK25: 10107.89 | AL25: 8549.02 | AM25: 255.21 | AN25: 50.32 | AO25: 1303.66 | AP25: 0 | AQ25: 149.16 | AR25: 4.23 | AS25: 0 | AT25: 106 | AU25: 54 | AV25: 1 | AW25: 1 | AZ25: 6.38 | BA25: 6.38 | BB25: 6.38 | BC25: 6.38 | BH25: 0 | BI25: 1 | BJ25: ФЕР-2001, 10-01-034-08, приказ Минстроя России №1039/пр от 30.12.2016г. | BM25: 10001 | BN25: 0 | BP25: 0 | BQ25: 2 | BR25: 0 | BS25: 6.38 | BT25: 1 | BU25: 1 | BV25: 1 | BW25: 1 | BX25: 1 | BZ25: 118 | CA25: 63 | CF25: 0 | CG25: 0 | CM25: 0 | CN25: Поправка: МДС 81-35.2004, п.4.7 Наименование: Работы, выполняемые при реконструкции зданий и сооружений работы, аналогичные технологическим процессам в новом строительстве (в том числе возведение новых конструктивных элементов) стоимость которых определена по соответствующим сборникам ФЕР, кроме сборника № 46 «Работы при реконструкции зданий и сооружений» Поправка: МДС 81-35.2004, п.4.7 Наименование: Работы, выполняемые при реконструкции зданий и сооружений работы, аналогичные технологическим процессам в новом строительстве (в том числе возведение новых конструктивных элементов) стоимость которых определена по соответствующим сборникам ФЕР, кроме сборника № 46 «Работы при реконструкции зданий и сооружений» | CO25: 0 | CP25: =(P25+Q25+S25) -> 87169.85 | CQ25: =AC25*BC25 -> 54542.748 | CR25: =AD25*BB25 -> 2035.2838 | CS25: =AE25*BS25 -> 401.302 | CT25: =AF25*BA25 -> 9564.9598 | CU25: =AG25 -> 0 | CV25: =AH25 -> 171.534 | CW25: =AI25 -> 5.2875 | CX25: =AJ25 -> 0 | CY25: =(((S25+R25)*AT25)/100) -> 13922.612 | CZ25: =(((S25+R25)*AU25)/100) -> 7092.6516 | DE25: )*1,25 | DF25: )*1,25 | DG25: )*1,15 | DI25: )*1,15 | DJ25: )*1,25 | DN25: 0 | DO25: 0 | DP25: 1 | DQ25: 1 | DU25: 1005 | DV25: 100 м2 | DW25: 100 м2 | DX25: 100 | EE25: 16510487 | EF25: 2 | EG25: Общестроительные работы | EH25: 0 | EJ25: 1 | EK25: 10001 | EL25: Деревянные конструкции | EM25: ФЕР-10 | EO25: Поправка: МДС 81-35.2004, п.4.7 Поправка: МДС 81-35.2004, п.4.7 | EQ25: 131072 | ER25: 10107.89 | ES25: 8549.02 | ET25: 255.21 | EU25: 50.32 | EV25: 1303.66 | EW25: 149.16 | EX25: 4.23 | EY25: 0 | FQ25: 0 | FR25: =ROUND(IF(AND(BH25=3,BI25=3),P25,0),2) -> 0 | FS25: 0 | FT25: *0,9 | FU25: *0,85 | FX25: 106.2 | FY25: 53.55 | GD25: 0 | GF25: -330529066 | GG25: 1 | GH25: 1 | GI25: 4 | GJ25: 0 | GK25: =ROUND(R25*(R12)/100,2) -> 0 | GL25: =ROUND(IF(AND(BH25=3,BI25=3,FS25<>0),P25,0),2) -> 0 | GM25: =ROUND(O25+X25+Y25+GK25,2)+GX25 -> 108185.11 | GN25: =IF(OR(BI25=0,BI25=1),ROUND(O25+X25+Y25+GK25,2),0) -> 108185.11 | GO25: =IF(BI25=2,ROUND(O25+X25+Y25+GK25,2),0) -> 0 | GP25: =IF(BI25=4,ROUND(O25+X25+Y25+GK25,2)+GX25,0) -> 0 | GR25: 0 | GS25: 3 | GT25: 0 | GV25: =ROUND(GT25,2) -> 0 | GW25: 1 | GX25: =ROUND(GV25*GW25*I25,2) -> 0 | HA25: 0 | HB25: 0 | IK25: 0
A26: 18 | B26: 1 | C26: 14 | E26: 2,1 | F26: Средняя цена коммерческих предложений | G26: Оконный блок из ПВХ | H26: м2 | I26: =I25*J26 -> 131.79 | J26: 100 | O26: =ROUND(CP26,2) -> 437033.12 | P26: =ROUND(CQ26*I26,2) -> 437033.12 | Q26: =ROUND(CR26*I26,2) -> 0 | R26: =ROUND(CS26*I26,2) -> 0 | S26: =ROUND(CT26*I26,2) -> 0 | T26: =ROUND(CU26*I26,2) -> 0 | U26: =CV26*I26 -> 0 | V26: =CW26*I26 -> 0 | W26: =ROUND(CX26*I26,2) -> 0 | X26: =ROUND(CY26,2) -> 0 | Y26: =ROUND(CZ26,2) -> 0 | AA26: 16628881 | AB26: =ROUND((AC26+AD26+AF26),2) -> 519.77 | AC26: =ROUND((ES26),2) -> 519.77 | AD26: =ROUND((((ET26)-(EU26))+AE26),2) -> 0 | AE26: =ROUND((EU26),2) -> 0 | AF26: =ROUND((EV26),2) -> 0 | AG26: =ROUND((AP26),2) -> 0 | AH26: =(EW26) -> 0 | AI26: =(EX26) -> 0 | AJ26: =ROUND((AS26),2) -> 0 | AK26: 519.77 | AL26: 519.77 | AM26: 0 | AN26: 0 | AO26: 0 | AP26: 0 | AQ26: 0 | AR26: 0 | AS26: 0 | AT26: 106 | AU26: 54 | AV26: 1 | AW26: 1 | AZ26: 6.38 | BA26: 1 | BB26: 1 | BC26: 6.38 | BH26: 3 | BI26: 1 | BM26: 10001 | BN26: 0 | BP26: 0 | BQ26: 2 | BR26: 0 | BS26: 1 | BT26: 1 | BU26: 1 | BV26: 1 | BW26: 1 | BX26: 1 | BZ26: 118 | CA26: 63 | CF26: 0 | CG26: 0 | CM26: 0 | CO26: 0 | CP26: =(P26+Q26+S26) -> 437033.12 | CQ26: =AC26*BC26 -> 3316.1326 | CR26: =AD26*BB26 -> 0 | CS26: =AE26*BS26 -> 0 | CT26: =AF26*BA26 -> 0 | CU26: =AG26 -> 0 | CV26: =AH26 -> 0 | CW26: =AI26 -> 0 | CX26: =AJ26 -> 0 | CY26: =(((S26+R26)*AT26)/100) -> 0 | CZ26: =(((S26+R26)*AU26)/100) -> 0 | DN26: 0 | DO26: 0 | DP26: 1 | DQ26: 1 | DU26: 1005 | DV26: м2 | DW26: м2 | DX26: 1 | EE26: 16510487 | EF26: 2 | EG26: Общестроительные работы | EH26: 0 | EJ26: 1 | EK26: 10001 | EL26: Деревянные конструкции | EM26: ФЕР-10 | EQ26: 0 | ER26: 519.77 | ES26: 519.77 | ET26: 0 | EU26: 0 | EV26: 0 | EW26: 0 | EX26: 0 | EZ26: 5 | FC26: 1 | FD26: 18 | FF26: 3913 | FQ26: 0 | FR26: =ROUND(IF(AND(BH26=3,BI26=3),P26,0),2) -> 0 | FS26: 0 | FT26: *0,9 | FU26: *0,85 | FX26: 106.2 | FY26: 53.55 | GA26: [3 913 / 1,18 / 6,38] | GD26: 0 | GF26: 1285733230 | GG26: 1 | GH26: 3 | GI26: 4 | GJ26: 0 | GK26: =ROUND(R26*(R12)/100,2) -> 0 | GL26: =ROUND(IF(AND(BH26=3,BI26=3,FS26<>0),P26,0),2) -> 0 | GM26: =ROUND(O26+X26+Y26+GK26,2)+GX26 -> 437033.12 | GN26: =IF(OR(BI26=0,BI26=1),ROUND(O26+X26+Y26+GK26,2),0) -> 437033.12 | GO26: =IF(BI26=2,ROUND(O26+X26+Y26+GK26,2),0) -> 0 | GP26: =IF(BI26=4,ROUND(O26+X26+Y26+GK26,2)+GX26,0) -> 0 | GR26: 1 | GS26: 1 | GT26: 0 | GV26: =ROUND(GT26,2) -> 0 | GW26: 1 | GX26: =ROUND(GV26*GW26*I26,2) -> 0 | HA26: 0 | HB26: 0 | IK26: 0
A27: 17 | B27: 1 | C27: =ROW(SmtRes!A22) -> 22 | D27: =ROW(EtalonRes!A21) -> 21 | E27: 3 | F27: 12-01-010-01 | G27: Устройство мелких покрытий (брандмауэры, парапеты, свесы и т.п.) из листовой оцинкованной стали | H27: 100 м2 | I27: =ROUND(11.96/100,9) -> 0.1196 | J27: 0 | O27: =ROUND(CP27,2) -> 7648.76 | P27: =ROUND(CQ27*I27,2) -> 6783.94 | Q27: =ROUND(CR27*I27,2) -> 20.87 | R27: =ROUND(CS27*I27,2) -> 3.35 | S27: =ROUND(CT27*I27,2) -> 843.95 | T27: =ROUND(CU27*I27,2) -> 0 | U27: =CV27*I27 -> 15.507635 | V27: =CW27*I27 -> 0.040365 | W27: =ROUND(CX27*I27,2) -> 0 | X27: =ROUND(CY27,2) -> 915.08 | Y27: =ROUND(CZ27,2) -> 466.02 | AA27: 16628881 | AB27: =ROUND((AC27+AD27+AF27),2) -> 10023.95 | AC27: =ROUND((ES27),2) -> 8890.58 | AD27: =ROUND(((((ET27*1.25))-((EU27*1.25)))+AE27),2) -> 27.35 | AE27: =ROUND(((EU27*1.25)),2) -> 4.39 | AF27: =ROUND(((EV27*1.15)),2) -> 1106.02 | AG27: =ROUND((AP27),2) -> 0 | AH27: =((EW27*1.15)) -> 129.6625 | AI27: =((EX27*1.25)) -> 0.3375 | AJ27: =ROUND((AS27),2) -> 0 | AK27: 9874.22 | AL27: 8890.58 | AM27: 21.88 | AN27: 3.51 | AO27: 961.76 | AP27: 0 | AQ27: 112.75 | AR27: 0.27 | AS27: 0 | AT27: 108 | AU27: 55 | AV27: 1 | AW27: 1 | AZ27: 6.38 | BA27: 6.38 | BB27: 6.38 | BC27: 6.38 | BH27: 0 | BI27: 1 | BJ27: ФЕР-2001, 12-01-010-01, приказ Минстроя России №1039/пр от 30.12.2016г. | BM27: 12001 | BN27: 0 | BP27: 0 | BQ27: 2 | BR27: 0 | BS27: 6.38 | BT27: 1 | BU27: 1 | BV27: 1 | BW27: 1 | BX27: 1 | BZ27: 120 | CA27: 65 | CF27: 0 | CG27: 0 | CM27: 0 | CN27: Поправка: МДС 81-35.2004, п.4.7 Наименование: Работы, выполняемые при реконструкции зданий и сооружений работы, аналогичные технологическим процессам в новом строительстве (в том числе возведение новых конструктивных элементов) стоимость которых определена по соответствующим сборникам ФЕР, кроме сборника № 46 «Работы при реконструкции зданий и сооружений» Поправка: МДС 81-35.2004, п.4.7 Наименование: Работы, выполняемые при реконструкции зданий и сооружений работы, аналогичные технологическим процессам в новом строительстве (в том числе возведение новых конструктивных элементов) стоимость которых определена по соответствующим сборникам ФЕР, кроме сборника № 46 «Работы при реконструкции зданий и сооружений» | CO27: 0 | CP27: =(P27+Q27+S27) -> 7648.76 | CQ27: =AC27*BC27 -> 56721.9 | CR27: =AD27*BB27 -> 174.493 | CS27: =AE27*BS27 -> 28.0082 | CT27: =AF27*BA27 -> 7056.4076 | CU27: =AG27 -> 0 | CV27: =AH27 -> 129.6625 | CW27: =AI27 -> 0.3375 | CX27: =AJ27 -> 0 | CY27: =(((S27+R27)*AT27)/100) -> 915.084 | CZ27: =(((S27+R27)*AU27)/100) -> 466.015 | DE27: )*1,25 | DF27: )*1,25 | DG27: )*1,15 | DI27: )*1,15 | DJ27: )*1,25 | DN27: 0 | DO27: 0 | DP27: 1 | DQ27: 1 | DU27: 1005 | DV27: 100 м2 | DW27: 100 м2 | DX27: 100 | EE27: 16510489 | EF27: 2 | EG27: Общестроительные работы | EH27: 0 | EJ27: 1 | EK27: 12001 | EL27: Кровли | EM27: ФЕР-12 | EO27: Поправка: МДС 81-35.2004, п.4.7 Поправка: МДС 81-35.2004, п.4.7 | EQ27: 131072 | ER27: 9874.22 | ES27: 8890.58 | ET27: 21.88 | EU27: 3.51 | EV27: 961.76 | EW27: 112.75 | EX27: 0.27 | EY27: 0 | FQ27: 0 | FR27: =ROUND(IF(AND(BH27=3,BI27=3),P27,0),2) -> 0 | FS27: 0 | FT27: *0,9 | FU27: *0,85 | FX27: 108 | FY27: 55.25 | GD27: 0 | GF27: -1197977700 | GG27: 1 | GH27: 1 | GI27: 4 | GJ27: 0 | GK27: =ROUND(R27*(R12)/100,2) -> 0 | GL27: =ROUND(IF(AND(BH27=3,BI27=3,FS27<>0),P27,0),2) -> 0 | GM27: =ROUND(O27+X27+Y27+GK27,2)+GX27 -> 9029.86 | GN27: =IF(OR(BI27=0,BI27=1),ROUND(O27+X27+Y27+GK27,2),0) -> 9029.86 | GO27: =IF(BI27=2,ROUND(O27+X27+Y27+GK27,2),0) -> 0 | GP27: =IF(BI27=4,ROUND(O27+X27+Y27+GK27,2)+GX27,0) -> 0 | GR27: 0 | GS27: 3 | GT27: 0 | GV27: =ROUND(GT27,2) -> 0 | GW27: 1 | GX27: =ROUND(GV27*GW27*I27,2) -> 0 | HA27: 0 | HB27: 0 | IK27: 0
A28: 18 | B28: 1 | C28: 22 | E28: 3,1 | F28: Средняя цена коммерческих предложений | G28: Водоотлив оконный шириной до 250 мм из оцинкованной стали с полимерным покрытием | H28: м | I28: =I27*J28 -> 59.8 | J28: 500 | O28: =ROUND(CP28,2) -> 7569.44 | P28: =ROUND(CQ28*I28,2) -> 7569.44 | Q28: =ROUND(CR28*I28,2) -> 0 | R28: =ROUND(CS28*I28,2) -> 0 | S28: =ROUND(CT28*I28,2) -> 0 | T28: =ROUND(CU28*I28,2) -> 0 | U28: =CV28*I28 -> 0 | V28: =CW28*I28 -> 0 | W28: =ROUND(CX28*I28,2) -> 0 | X28: =ROUND(CY28,2) -> 0 | Y28: =ROUND(CZ28,2) -> 0 | AA28: 16628881 | AB28: =ROUND((AC28+AD28+AF28),2) -> 19.84 | AC28: =ROUND((ES28),2) -> 19.84 | AD28: =ROUND((((ET28)-(EU28))+AE28),2) -> 0 | AE28: =ROUND((EU28),2) -> 0 | AF28: =ROUND((EV28),2) -> 0 | AG28: =ROUND((AP28),2) -> 0 | AH28: =(EW28) -> 0 | AI28: =(EX28) -> 0 | AJ28: =ROUND((AS28),2) -> 0 | AK28: 19.84 | AL28: 19.84 | AM28: 0 | AN28: 0 | AO28: 0 | AP28: 0 | AQ28: 0 | AR28: 0 | AS28: 0 | AT28: 108 | AU28: 55 | AV28: 1 | AW28: 1 | AZ28: 6.38 | BA28: 1 | BB28: 1 | BC28: 6.38 | BH28: 3 | BI28: 1 | BM28: 12001 | BN28: 0 | BP28: 0 | BQ28: 2 | BR28: 0 | BS28: 1 | BT28: 1 | BU28: 1 | BV28: 1 | BW28: 1 | BX28: 1 | BZ28: 120 | CA28: 65 | CF28: 0 | CG28: 0 | CM28: 0 | CO28: 0 | CP28: =(P28+Q28+S28) -> 7569.44 | CQ28: =AC28*BC28 -> 126.5792 | CR28: =AD28*BB28 -> 0 | CS28: =AE28*BS28 -> 0 | CT28: =AF28*BA28 -> 0 | CU28: =AG28 -> 0 | CV28: =AH28 -> 0 | CW28: =AI28 -> 0 | CX28: =AJ28 -> 0 | CY28: =(((S28+R28)*AT28)/100) -> 0 | CZ28: =(((S28+R28)*AU28)/100) -> 0 | DN28: 0 | DO28: 0 | DP28: 1 | DQ28: 1 | DU28: 1003 | DV28: м | DW28: м | DX28: 1 | EE28: 16510489 | EF28: 2 | EG28: Общестроительные работы | EH28: 0 | EJ28: 1 | EK28: 12001 | EL28: Кровли | EM28: ФЕР-12 | EQ28: 0 | ER28: 19.84 | ES28: 19.84 | ET28: 0 | EU28: 0 | EV28: 0 | EW28: 0 | EX28: 0 | EZ28: 5 | FC28: 1 | FD28: 18 | FF28: 149.33 | FQ28: 0 | FR28: =ROUND(IF(AND(BH28=3,BI28=3),P28,0),2) -> 0 | FS28: 0 | FT28: *0,9 | FU28: *0,85 | FX28: 108 | FY28: 55.25 | GA28: [149,33 / 1,18 / 6,38] | GD28: 0 | GF28: -589723811 | GG28: 1 | GH28: 3 | GI28: 4 | GJ28: 0 | GK28: =ROUND(R28*(R12)/100,2) -> 0 | GL28: =ROUND(IF(AND(BH28=3,BI28=3,FS28<>0),P28,0),2) -> 0 | GM28: =ROUND(O28+X28+Y28+GK28,2)+GX28 -> 7569.44 | GN28: =IF(OR(BI28=0,BI28=1),ROUND(O28+X28+Y28+GK28,2),0) -> 7569.44 | GO28: =IF(BI28=2,ROUND(O28+X28+Y28+GK28,2),0) -> 0 | GP28: =IF(BI28=4,ROUND(O28+X28+Y28+GK28,2)+GX28,0) -> 0 | GR28: 1 | GS28: 1 | GT28: 0 | GV28: =ROUND(GT28,2) -> 0 | GW28: 1 | GX28: =ROUND(GV28*GW28*I28,2) -> 0 | HA28: 0 | HB28: 0 | IK28: 0
A29: 18 | B29: 1 | C29: 21 | E29: 3,2 | F29: 08.3.05.05-0053 | G29: Сталь листовая оцинкованная толщиной листа 0,7 мм | H29: т | I29: =I27*J29 -> -0.093527 | J29: -0.78199833 | O29: =ROUND(CP29,2) -> -6683.07 | P29: =ROUND(CQ29*I29,2) -> -6683.07 | Q29: =ROUND(CR29*I29,2) -> 0 | R29: =ROUND(CS29*I29,2) -> 0 | S29: =ROUND(CT29*I29,2) -> 0 | T29: =ROUND(CU29*I29,2) -> 0 | U29: =CV29*I29 -> 0 | V29: =CW29*I29 -> 0 | W29: =ROUND(CX29*I29,2) -> 0 | X29: =ROUND(CY29,2) -> 0 | Y29: =ROUND(CZ29,2) -> 0 | AA29: 16628881 | AB29: =ROUND((AC29+AD29+AF29),2) -> 11200 | AC29: =ROUND((ES29),2) -> 11200 | AD29: =ROUND((((ET29)-(EU29))+AE29),2) -> 0 | AE29: =ROUND((EU29),2) -> 0 | AF29: =ROUND((EV29),2) -> 0 | AG29: =ROUND((AP29),2) -> 0 | AH29: =(EW29) -> 0 | AI29: =(EX29) -> 0 | AJ29: =ROUND((AS29),2) -> 0 | AK29: 11200 | AL29: 11200 | AM29: 0 | AN29: 0 | AO29: 0 | AP29: 0 | AQ29: 0 | AR29: 0 | AS29: 0 | AT29: 108 | AU29: 55 | AV29: 1 | AW29: 1 | AZ29: 6.38 | BA29: 1 | BB29: 1 | BC29: 6.38 | BH29: 3 | BI29: 1 | BJ29: ФССЦ-2001, 08.3.05.05-0053, приказ Минстроя России №1039/пр от 30.12.2016г. | BM29: 12001 | BN29: 0 | BP29: 0 | BQ29: 2 | BR29: 1 | BS29: 1 | BT29: 1 | BU29: 1 | BV29: 1 | BW29: 1 | BX29: 1 | BZ29: 120 | CA29: 65 | CF29: 0 | CG29: 0 | CM29: 0 | CO29: 0 | CP29: =(P29+Q29+S29) -> -6683.07 | CQ29: =AC29*BC29 -> 71456 | CR29: =AD29*BB29 -> 0 | CS29: =AE29*BS29 -> 0 | CT29: =AF29*BA29 -> 0 | CU29: =AG29 -> 0 | CV29: =AH29 -> 0 | CW29: =AI29 -> 0 | CX29: =AJ29 -> 0 | CY29: =(((S29+R29)*AT29)/100) -> 0 | CZ29: =(((S29+R29)*AU29)/100) -> 0 | DN29: 0 | DO29: 0 | DP29: 1 | DQ29: 1 | DU29: 1009 | DV29: т | DW29: т | DX29: 1000 | EE29: 16510489 | EF29: 2 | EG29: Общестроительные работы | EH29: 0 | EJ29: 1 | EK29: 12001 | EL29: Кровли | EM29: ФЕР-12 | EQ29: 0 | ER29: 11200 | ES29: 11200 | ET29: 0 | EU29: 0 | EV29: 0 | EW29: 0 | EX29: 0 | FQ29: 0 | FR29: =ROUND(IF(AND(BH29=3,BI29=3),P29,0),2) -> 0 | FS29: 0 | FT29: *0,9 | FU29: *0,85 | FX29: 108 | FY29: 55.25 | GA29: занесена вручную | GD29: 0 | GF29: -272931147 | GG29: 1 | GH29: 1 | GI29: 4 | GJ29: 0 | GK29: =ROUND(R29*(R12)/100,2) -> 0 | GL29: =ROUND(IF(AND(BH29=3,BI29=3,FS29<>0),P29,0),2) -> 0 | GM29: =ROUND(O29+X29+Y29+GK29,2)+GX29 -> -6683.07 | GN29: =IF(OR(BI29=0,BI29=1),ROUND(O29+X29+Y29+GK29,2),0) -> -6683.07 | GO29: =IF(BI29=2,ROUND(O29+X29+Y29+GK29,2),0) -> 0 | GP29: =IF(BI29=4,ROUND(O29+X29+Y29+GK29,2)+GX29,0) -> 0 | GR29: 0 | GS29: 4 | GT29: 0 | GV29: =ROUND(GT29,2) -> 0 | GW29: 1 | GX29: =ROUND(GV29*GW29*I29,2) -> 0 | HA29: 0 | HB29: 0 | IK29: 0
A30: 17 | B30: 1 | C30: =ROW(SmtRes!A31) -> 31 | D30: =ROW(EtalonRes!A29) -> 29 | E30: 4 | F30: 15-01-050-04 | G30: Облицовка оконных и дверных откосов декоративным бумажно-слоистым пластиком или листами из синтетических материалов | H30: 100 м2 | I30: =ROUND(65.32/100,9) -> 0.6532 | J30: 0 | O30: =ROUND(CP30,2) -> 7509.6 | P30: =ROUND(CQ30*I30,2) -> 1.5 | Q30: =ROUND(CR30*I30,2) -> 184.2 | R30: =ROUND(CS30*I30,2) -> 35.84 | S30: =ROUND(CT30*I30,2) -> 7323.9 | T30: =ROUND(CU30*I30,2) -> 0 | U30: =CV30*I30 -> 125.04893 | V30: =CW30*I30 -> 0.47357 | W30: =ROUND(CX30*I30,2) -> 0 | X30: =ROUND(CY30,2) -> 6991.75 | Y30: =ROUND(CZ30,2) -> 3459.08 | AA30: 16628881 | AB30: =ROUND((AC30+AD30+AF30),2) -> 1801.98 | AC30: =ROUND((ES30),2) -> 0.36 | AD30: =ROUND(((((ET30*1.25))-((EU30*1.25)))+AE30),2) -> 44.2 | AE30: =ROUND(((EU30*1.25)),2) -> 8.6 | AF30: =ROUND(((EV30*1.15)),2) -> 1757.42 | AG30: =ROUND((AP30),2) -> 0 | AH30: =((EW30*1.15)) -> 191.4405 | AI30: =((EX30*1.25)) -> 0.725 | AJ30: =ROUND((AS30),2) -> 0 | AK30: 1563.91 | AL30: 0.36 | AM30: 35.36 | AN30: 6.88 | AO30: 1528.19 | AP30: 0 | AQ30: 166.47 | AR30: 0.58 | AS30: 0 | AT30: 95 | AU30: 47 | AV30: 1 | AW30: 1 | AZ30: 6.38 | BA30: 6.38 | BB30: 6.38 | BC30: 6.38 | BH30: 0 | BI30: 1 | BJ30: ФЕР-2001, 15-01-050-04, приказ Минстроя России №1039/пр от 30.12.2016г. | BM30: 15001 | BN30: 0 | BP30: 0 | BQ30: 2 | BR30: 0 | BS30: 6.38 | BT30: 1 | BU30: 1 | BV30: 1 | BW30: 1 | BX30: 1 | BZ30: 105 | CA30: 55 | CF30: 0 | CG30: 0 | CM30: 0 | CN30: Поправка: МДС 81-35.2004, п.4.7 Наименование: Работы, выполняемые при реконструкции зданий и сооружений работы, аналогичные технологическим процессам в новом строительстве (в том числе возведение новых конструктивных элементов) стоимость которых определена по соответствующим сборникам ФЕР, кроме сборника № 46 «Работы при реконструкции зданий и сооружений» Поправка: МДС 81-35.2004, п.4.7 Наименование: Работы, выполняемые при реконструкции зданий и сооружений работы, аналогичные технологическим процессам в новом строительстве (в том числе возведение новых конструктивных элементов) стоимость которых определена по соответствующим сборникам ФЕР, кроме сборника № 46 «Работы при реконструкции зданий и сооружений» | CO30: 0 | CP30: =(P30+Q30+S30) -> 7509.6 | CQ30: =AC30*BC30 -> 2.2968 | CR30: =AD30*BB30 -> 281.996 | CS30: =AE30*BS30 -> 54.868 | CT30: =AF30*BA30 -> 11212.34 | CU30: =AG30 -> 0 | CV30: =AH30 -> 191.4405 | CW30: =AI30 -> 0.725 | CX30: =AJ30 -> 0 | CY30: =(((S30+R30)*AT30)/100) -> 6991.753 | CZ30: =(((S30+R30)*AU30)/100) -> 3459.0778 | DE30: )*1,25 | DF30: )*1,25 | DG30: )*1,15 | DI30: )*1,15 | DJ30: )*1,25 | DN30: 0 | DO30: 0 | DP30: 1 | DQ30: 1 | DU30: 1005 | DV30: 100 м2 | DW30: 100 м2 | DX30: 100 | EE30: 16510513 | EF30: 2 | EG30: Общестроительные работы | EH30: 0 | EJ30: 1 | EK30: 15001 | EL30: Отделочные работы | EM30: ФЕР-15 | EO30: Поправка: МДС 81-35.2004, п.4.7 Поправка: МДС 81-35.2004, п.4.7 | EQ30: 131072 | ER30: 1563.91 | ES30: 0.36 | ET30: 35.36 | EU30: 6.88 | EV30: 1528.19 | EW30: 166.47 | EX30: 0.58 | EY30: 0 | FQ30: 0 | FR30: =ROUND(IF(AND(BH30=3,BI30=3),P30,0),2) -> 0 | FS30: 0 | FT30: *0,9 | FU30: *0,85 | FX30: 94.5 | FY30: 46.75 | GD30: 0 | GF30: 802970418 | GG30: 1 | GH30: 1 | GI30: 4 | GJ30: 0 | GK30: =ROUND(R30*(R12)/100,2) -> 0 | GL30: =ROUND(IF(AND(BH30=3,BI30=3,FS30<>0),P30,0),2) -> 0 | GM30: =ROUND(O30+X30+Y30+GK30,2)+GX30 -> 17960.43 | GN30: =IF(OR(BI30=0,BI30=1),ROUND(O30+X30+Y30+GK30,2),0) -> 17960.43 | GO30: =IF(BI30=2,ROUND(O30+X30+Y30+GK30,2),0) -> 0 | GP30: =IF(BI30=4,ROUND(O30+X30+Y30+GK30,2)+GX30,0) -> 0 | GR30: 0 | GS30: 3 | GT30: 0 | GV30: =ROUND(GT30,2) -> 0 | GW30: 1 | GX30: =ROUND(GV30*GW30*I30,2) -> 0 | HA30: 0 | HB30: 0 | IK30: 0
A31: 18 | B31: 1 | C31: 31 | E31: 4,1 | F31: Средняя цена коммерческих предложений | G31: Сэндвич панели для откосов из ПВХ размером 2700х250х10 мм | H31: м | I31: =I30*J31 -> 163.3 | J31: 250 | O31: =ROUND(CP31,2) -> 82754.46 | P31: =ROUND(CQ31*I31,2) -> 82754.46 | Q31: =ROUND(CR31*I31,2) -> 0 | R31: =ROUND(CS31*I31,2) -> 0 | S31: =ROUND(CT31*I31,2) -> 0 | T31: =ROUND(CU31*I31,2) -> 0 | U31: =CV31*I31 -> 0 | V31: =CW31*I31 -> 0 | W31: =ROUND(CX31*I31,2) -> 0 | X31: =ROUND(CY31,2) -> 0 | Y31: =ROUND(CZ31,2) -> 0 | AA31: 16628881 | AB31: =ROUND((AC31+AD31+AF31),2) -> 79.43 | AC31: =ROUND((ES31),2) -> 79.43 | AD31: =ROUND((((ET31)-(EU31))+AE31),2) -> 0 | AE31: =ROUND((EU31),2) -> 0 | AF31: =ROUND((EV31),2) -> 0 | AG31: =ROUND((AP31),2) -> 0 | AH31: =(EW31) -> 0 | AI31: =(EX31) -> 0 | AJ31: =ROUND((AS31),2) -> 0 | AK31: 79.43 | AL31: 79.43 | AM31: 0 | AN31: 0 | AO31: 0 | AP31: 0 | AQ31: 0 | AR31: 0 | AS31: 0 | AT31: 95 | AU31: 47 | AV31: 1 | AW31: 1 | AZ31: 6.38 | BA31: 1 | BB31: 1 | BC31: 6.38 | BH31: 3 | BI31: 1 | BM31: 15001 | BN31: 0 | BP31: 0 | BQ31: 2 | BR31: 0 | BS31: 1 | BT31: 1 | BU31: 1 | BV31: 1 | BW31: 1 | BX31: 1 | BZ31: 105 | CA31: 55 | CF31: 0 | CG31: 0 | CM31: 0 | CO31: 0 | CP31: =(P31+Q31+S31) -> 82754.46 | CQ31: =AC31*BC31 -> 506.7634 | CR31: =AD31*BB31 -> 0 | CS31: =AE31*BS31 -> 0 | CT31: =AF31*BA31 -> 0 | CU31: =AG31 -> 0 | CV31: =AH31 -> 0 | CW31: =AI31 -> 0 | CX31: =AJ31 -> 0 | CY31: =(((S31+R31)*AT31)/100) -> 0 | CZ31: =(((S31+R31)*AU31)/100) -> 0 | DN31: 0 | DO31: 0 | DP31: 1 | DQ31: 1 | DU31: 1003 | DV31: м | DW31: м | DX31: 1 | EE31: 16510513 | EF31: 2 | EG31: Общестроительные работы | EH31: 0 | EJ31: 1 | EK31: 15001 | EL31: Отделочные работы | EM31: ФЕР-15 | EQ31: 0 | ER31: 79.43 | ES31: 79.43 | ET31: 0 | EU31: 0 | EV31: 0 | EW31: 0 | EX31: 0 | EZ31: 5 | FC31: 1 | FD31: 18 | FF31: 598 | FQ31: 0 | FR31: =ROUND(IF(AND(BH31=3,BI31=3),P31,0),2) -> 0 | FS31: 0 | FT31: *0,9 | FU31: *0,85 | FX31: 94.5 | FY31: 46.75 | GA31: [598 / 1,18 / 6,38] | GD31: 0 | GF31: 199748778 | GG31: 1 | GH31: 3 | GI31: 4 | GJ31: 0 | GK31: =ROUND(R31*(R12)/100,2) -> 0 | GL31: =ROUND(IF(AND(BH31=3,BI31=3,FS31<>0),P31,0),2) -> 0 | GM31: =ROUND(O31+X31+Y31+GK31,2)+GX31 -> 82754.46 | GN31: =IF(OR(BI31=0,BI31=1),ROUND(O31+X31+Y31+GK31,2),0) -> 82754.46 | GO31: =IF(BI31=2,ROUND(O31+X31+Y31+GK31,2),0) -> 0 | GP31: =IF(BI31=4,ROUND(O31+X31+Y31+GK31,2)+GX31,0) -> 0 | GR31: 1 | GS31: 1 | GT31: 0 | GV31: =ROUND(GT31,2) -> 0 | GW31: 1 | GX31: =ROUND(GV31*GW31*I31,2) -> 0 | HA31: 0 | HB31: 0 | IK31: 0
A32: 18 | B32: 1 | C32: 29 | E32: 4,2 | F32: 14.2.02.01-0001 | G32: Клей огнестойкий, марка "Conlit Glue" ROCKWOOL | H32: кг | I32: =I30*J32 -> 19.596 | J32: 30 | O32: =ROUND(CP32,2) -> 2465.44 | P32: =ROUND(CQ32*I32,2) -> 2465.44 | Q32: =ROUND(CR32*I32,2) -> 0 | R32: =ROUND(CS32*I32,2) -> 0 | S32: =ROUND(CT32*I32,2) -> 0 | T32: =ROUND(CU32*I32,2) -> 0 | U32: =CV32*I32 -> 0 | V32: =CW32*I32 -> 0 | W32: =ROUND(CX32*I32,2) -> 0 | X32: =ROUND(CY32,2) -> 0 | Y32: =ROUND(CZ32,2) -> 0 | AA32: 16628881 | AB32: =ROUND((AC32+AD32+AF32),2) -> 19.72 | AC32: =ROUND((ES32),2) -> 19.72 | AD32: =ROUND((((ET32)-(EU32))+AE32),2) -> 0 | AE32: =ROUND((EU32),2) -> 0 | AF32: =ROUND((EV32),2) -> 0 | AG32: =ROUND((AP32),2) -> 0 | AH32: =(EW32) -> 0 | AI32: =(EX32) -> 0 | AJ32: =ROUND((AS32),2) -> 0 | AK32: 19.72 | AL32: 19.72 | AM32: 0 | AN32: 0 | AO32: 0 | AP32: 0 | AQ32: 0 | AR32: 0 | AS32: 0 | AT32: 95 | AU32: 47 | AV32: 1 | AW32: 1 | AZ32: 6.38 | BA32: 1 | BB32: 1 | BC32: 6.38 | BH32: 3 | BI32: 1 | BJ32: ФССЦ-2001, 14.2.02.01-0001, приказ Минстроя России №1039/пр от 30.12.2016г. | BM32: 15001 | BN32: 0 | BP32: 0 | BQ32: 2 | BR32: 0 | BS32: 1 | BT32: 1 | BU32: 1 | BV32: 1 | BW32: 1 | BX32: 1 | BZ32: 105 | CA32: 55 | CF32: 0 | CG32: 0 | CM32: 0 | CO32: 0 | CP32: =(P32+Q32+S32) -> 2465.44 | CQ32: =AC32*BC32 -> 125.8136 | CR32: =AD32*BB32 -> 0 | CS32: =AE32*BS32 -> 0 | CT32: =AF32*BA32 -> 0 | CU32: =AG32 -> 0 | CV32: =AH32 -> 0 | CW32: =AI32 -> 0 | CX32: =AJ32 -> 0 | CY32: =(((S32+R32)*AT32)/100) -> 0 | CZ32: =(((S32+R32)*AU32)/100) -> 0 | DN32: 0 | DO32: 0 | DP32: 1 | DQ32: 1 | DU32: 1009 | DV32: кг | DW32: кг | DX32: 1 | EE32: 16510513 | EF32: 2 | EG32: Общестроительные работы | EH32: 0 | EJ32: 1 | EK32: 15001 | EL32: Отделочные работы | EM32: ФЕР-15 | EQ32: 0 | ER32: 19.72 | ES32: 19.72 | ET32: 0 | EU32: 0 | EV32: 0 | EW32: 0 | EX32: 0 | FQ32: 0 | FR32: =ROUND(IF(AND(BH32=3,BI32=3),P32,0),2) -> 0 | FS32: 0 | FT32: *0,9 | FU32: *0,85 | FX32: 94.5 | FY32: 46.75 | GD32: 0 | GF32: 1227292258 | GG32: 1 | GH32: 1 | GI32: 4 | GJ32: 0 | GK32: =ROUND(R32*(R12)/100,2) -> 0 | GL32: =ROUND(IF(AND(BH32=3,BI32=3,FS32<>0),P32,0),2) -> 0 | GM32: =ROUND(O32+X32+Y32+GK32,2)+GX32 -> 2465.44 | GN32: =IF(OR(BI32=0,BI32=1),ROUND(O32+X32+Y32+GK32,2),0) -> 2465.44 | GO32: =IF(BI32=2,ROUND(O32+X32+Y32+GK32,2),0) -> 0 | GP32: =IF(BI32=4,ROUND(O32+X32+Y32+GK32,2)+GX32,0) -> 0 | GR32: 0 | GS32: 3 | GT32: 0 | GV32: =ROUND(GT32,2) -> 0 | GW32: 1 | GX32: =ROUND(GV32*GW32*I32,2) -> 0 | HA32: 0 | HB32: 0 | IK32: 0
A33: 18 | B33: 1 | C33: 30 | E33: 4,3 | F33: 14.3.01.01-0105 | G33: Грунтовка: по бетону, марка "WG-Welestrong Sealer" | H33: кг | I33: =I30*J33 -> 5.81348 | J33: 8.9 | O33: =ROUND(CP33,2) -> 7822.28 | P33: =ROUND(CQ33*I33,2) -> 7822.28 | Q33: =ROUND(CR33*I33,2) -> 0 | R33: =ROUND(CS33*I33,2) -> 0 | S33: =ROUND(CT33*I33,2) -> 0 | T33: =ROUND(CU33*I33,2) -> 0 | U33: =CV33*I33 -> 0 | V33: =CW33*I33 -> 0 | W33: =ROUND(CX33*I33,2) -> 0 | X33: =ROUND(CY33,2) -> 0 | Y33: =ROUND(CZ33,2) -> 0 | AA33: 16628881 | AB33: =ROUND((AC33+AD33+AF33),2) -> 210.9 | AC33: =ROUND((ES33),2) -> 210.9 | AD33: =ROUND((((ET33)-(EU33))+AE33),2) -> 0 | AE33: =ROUND((EU33),2) -> 0 | AF33: =ROUND((EV33),2) -> 0 | AG33: =ROUND((AP33),2) -> 0 | AH33: =(EW33) -> 0 | AI33: =(EX33) -> 0 | AJ33: =ROUND((AS33),2) -> 0 | AK33: 210.9 | AL33: 210.9 | AM33: 0 | AN33: 0 | AO33: 0 | AP33: 0 | AQ33: 0 | AR33: 0 | AS33: 0 | AT33: 95 | AU33: 47 | AV33: 1 | AW33: 1 | AZ33: 6.38 | BA33: 1 | BB33: 1 | BC33: 6.38 | BH33: 3 | BI33: 1 | BJ33: ФССЦ-2001, 14.3.01.01-0105, приказ Минстроя России №1039/пр от 30.12.2016г. | BM33: 15001 | BN33: 0 | BP33: 0 | BQ33: 2 | BR33: 0 | BS33: 1 | BT33: 1 | BU33: 1 | BV33: 1 | BW33: 1 | BX33: 1 | BZ33: 105 | CA33: 55 | CF33: 0 | CG33: 0 | CM33: 0 | CO33: 0 | CP33: =(P33+Q33+S33) -> 7822.28 | CQ33: =AC33*BC33 -> 1345.542 | CR33: =AD33*BB33 -> 0 | CS33: =AE33*BS33 -> 0 | CT33: =AF33*BA33 -> 0 | CU33: =AG33 -> 0 | CV33: =AH33 -> 0 | CW33: =AI33 -> 0 | CX33: =AJ33 -> 0 | CY33: =(((S33+R33)*AT33)/100) -> 0 | CZ33: =(((S33+R33)*AU33)/100) -> 0 | DN33: 0 | DO33: 0 | DP33: 1 | DQ33: 1 | DU33: 1009 | DV33: кг | DW33: кг | DX33: 1 | EE33: 16510513 | EF33: 2 | EG33: Общестроительные работы | EH33: 0 | EJ33: 1 | EK33: 15001 | EL33: Отделочные работы | EM33: ФЕР-15 | EQ33: 0 | ER33: 210.9 | ES33: 210.9 | ET33: 0 | EU33: 0 | EV33: 0 | EW33: 0 | EX33: 0 | FQ33: 0 | FR33: =ROUND(IF(AND(BH33=3,BI33=3),P33,0),2) -> 0 | FS33: 0 | FT33: *0,9 | FU33: *0,85 | FX33: 94.5 | FY33: 46.75 | GD33: 0 | GF33: 1092481488 | GG33: 1 | GH33: 1 | GI33: 4 | GJ33: 0 | GK33: =ROUND(R33*(R12)/100,2) -> 0 | GL33: =ROUND(IF(AND(BH33=3,BI33=3,FS33<>0),P33,0),2) -> 0 | GM33: =ROUND(O33+X33+Y33+GK33,2)+GX33 -> 7822.28 | GN33: =IF(OR(BI33=0,BI33=1),ROUND(O33+X33+Y33+GK33,2),0) -> 7822.28 | GO33: =IF(BI33=2,ROUND(O33+X33+Y33+GK33,2),0) -> 0 | GP33: =IF(BI33=4,ROUND(O33+X33+Y33+GK33,2)+GX33,0) -> 0 | GR33: 0 | GS33: 3 | GT33: 0 | GV33: =ROUND(GT33,2) -> 0 | GW33: 1 | GX33: =ROUND(GV33*GW33*I33,2) -> 0 | HA33: 0 | HB33: 0 | IK33: 0
A34: 18 | B34: 1 | C34: 28 | E34: 4,4 | F34: 14.1.06.05 | G34: Клей | H34: кг | I34: =I30*J34 -> 19.596 | J34: 30 | O34: =ROUND(CP34,2) -> 0 | P34: =ROUND(CQ34*I34,2) -> 0 | Q34: =ROUND(CR34*I34,2) -> 0 | R34: =ROUND(CS34*I34,2) -> 0 | S34: =ROUND(CT34*I34,2) -> 0 | T34: =ROUND(CU34*I34,2) -> 0 | U34: =CV34*I34 -> 0 | V34: =CW34*I34 -> 0 | W34: =ROUND(CX34*I34,2) -> 0 | X34: =ROUND(CY34,2) -> 0 | Y34: =ROUND(CZ34,2) -> 0 | AA34: 16628881 | AB34: =ROUND((AC34+AD34+AF34),2) -> 0 | AC34: =ROUND((ES34),2) -> 0 | AD34: =ROUND((((ET34)-(EU34))+AE34),2) -> 0 | AE34: =ROUND((EU34),2) -> 0 | AF34: =ROUND((EV34),2) -> 0 | AG34: =ROUND((AP34),2) -> 0 | AH34: =(EW34) -> 0 | AI34: =(EX34) -> 0 | AJ34: =ROUND((AS34),2) -> 0 | AK34: 0 | AL34: 0 | AM34: 0 | AN34: 0 | AO34: 0 | AP34: 0 | AQ34: 0 | AR34: 0 | AS34: 0 | AT34: 95 | AU34: 47 | AV34: 1 | AW34: 1 | AZ34: 6.38 | BA34: 1 | BB34: 1 | BC34: 6.38 | BH34: 3 | BI34: 1 | BM34: 15001 | BN34: 0 | BP34: 0 | BQ34: 2 | BR34: 0 | BS34: 1 | BT34: 1 | BU34: 1 | BV34: 1 | BW34: 1 | BX34: 1 | BZ34: 105 | CA34: 55 | CF34: 0 | CG34: 0 | CM34: 0 | CO34: 0 | CP34: =(P34+Q34+S34) -> 0 | CQ34: =AC34*BC34 -> 0 | CR34: =AD34*BB34 -> 0 | CS34: =AE34*BS34 -> 0 | CT34: =AF34*BA34 -> 0 | CU34: =AG34 -> 0 | CV34: =AH34 -> 0 | CW34: =AI34 -> 0 | CX34: =AJ34 -> 0 | CY34: =(((S34+R34)*AT34)/100) -> 0 | CZ34: =(((S34+R34)*AU34)/100) -> 0 | DN34: 0 | DO34: 0 | DP34: 1 | DQ34: 1 | DU34: 1009 | DV34: кг | DW34: кг | DX34: 1 | EE34: 16510513 | EF34: 2 | EG34: Общестроительные работы | EH34: 0 | EJ34: 1 | EK34: 15001 | EL34: Отделочные работы | EM34: ФЕР-15 | EQ34: 0 | ER34: 0 | ES34: 0 | ET34: 0 | EU34: 0 | EV34: 0 | EW34: 0 | EX34: 0 | FQ34: 0 | FR34: =ROUND(IF(AND(BH34=3,BI34=3),P34,0),2) -> 0 | FS34: 0 | FT34: *0,9 | FU34: *0,85 | FX34: 94.5 | FY34: 46.75 | GA34: занесена вручную | GD34: 0 | GF34: -1516100259 | GG34: 1 | GH34: 1 | GI34: 4 | GJ34: 0 | GK34: =ROUND(R34*(R12)/100,2) -> 0 | GL34: =ROUND(IF(AND(BH34=3,BI34=3,FS34<>0),P34,0),2) -> 0 | GM34: =ROUND(O34+X34+Y34+GK34,2)+GX34 -> 0 | GN34: =IF(OR(BI34=0,BI34=1),ROUND(O34+X34+Y34+GK34,2),0) -> 0 | GO34: =IF(BI34=2,ROUND(O34+X34+Y34+GK34,2),0) -> 0 | GP34: =IF(BI34=4,ROUND(O34+X34+Y34+GK34,2)+GX34,0) -> 0 | GR34: 0 | GS34: 4 | GT34: 0 | GV34: =ROUND(GT34,2) -> 0 | GW34: 1 | GX34: =ROUND(GV34*GW34*I34,2) -> 0 | HA34: 0 | HB34: 0 | IK34: 0
A35: 17 | B35: 1 | C35: =ROW(SmtRes!A35) -> 35 | D35: =ROW(EtalonRes!A32) -> 32 | E35: 5 | F35: 10-01-036-01 | G35: Установка уголков ПВХ на клее | H35: 100 м | I35: =ROUND(163.3/100,9) -> 1.633 | J35: 0 | O35: =ROUND(CP35,2) -> 1059.78 | P35: =ROUND(CQ35*I35,2) -> 375.07 | Q35: =ROUND(CR35*I35,2) -> 0 | R35: =ROUND(CS35*I35,2) -> 0 | S35: =ROUND(CT35*I35,2) -> 684.71 | T35: =ROUND(CU35*I35,2) -> 0 | U35: =CV35*I35 -> 12.582265 | V35: =CW35*I35 -> 0 | W35: =ROUND(CX35*I35,2) -> 0 | X35: =ROUND(CY35,2) -> 725.79 | Y35: =ROUND(CZ35,2) -> 369.74 | AA35: 16628881 | AB35: =ROUND((AC35+AD35+AF35),2) -> 101.72 | AC35: =ROUND((ES35),2) -> 36 | AD35: =ROUND(((((ET35*1.25))-((EU35*1.25)))+AE35),2) -> 0 | AE35: =ROUND(((EU35*1.25)),2) -> 0 | AF35: =ROUND(((EV35*1.15)),2) -> 65.72 | AG35: =ROUND((AP35),2) -> 0 | AH35: =((EW35*1.15)) -> 7.705 | AI35: =((EX35*1.25)) -> 0 | AJ35: =ROUND((AS35),2) -> 0 | AK35: 93.15 | AL35: 36 | AM35: 0 | AN35: 0 | AO35: 57.15 | AP35: 0 | AQ35: 6.7 | AR35: 0 | AS35: 0 | AT35: 106 | AU35: 54 | AV35: 1 | AW35: 1 | AZ35: 6.38 | BA35: 6.38 | BB35: 6.38 | BC35: 6.38 | BH35: 0 | BI35: 1 | BJ35: ФЕР-2001, 10-01-036-01, приказ Минстроя России №1039/пр от 30.12.2016г. | BM35: 10001 | BN35: 0 | BP35: 0 | BQ35: 2 | BR35: 0 | BS35: 6.38 | BT35: 1 | BU35: 1 | BV35: 1 | BW35: 1 | BX35: 1 | BZ35: 118 | CA35: 63 | CF35: 0 | CG35: 0 | CM35: 0 | CN35: Поправка: МДС 81-35.2004, п.4.7 Наименование: Работы, выполняемые при реконструкции зданий и сооружений работы, аналогичные технологическим процессам в новом строительстве (в том числе возведение новых конструктивных элементов) стоимость которых определена по соответствующим сборникам ФЕР, кроме сборника № 46 «Работы при реконструкции зданий и сооружений» Поправка: МДС 81-35.2004, п.4.7 Наименование: Работы, выполняемые при реконструкции зданий и сооружений работы, аналогичные технологическим процессам в новом строительстве (в том числе возведение новых конструктивных элементов) стоимость которых определена по соответствующим сборникам ФЕР, кроме сборника № 46 «Работы при реконструкции зданий и сооружений» | CO35: 0 | CP35: =(P35+Q35+S35) -> 1059.78 | CQ35: =AC35*BC35 -> 229.68 | CR35: =AD35*BB35 -> 0 | CS35: =AE35*BS35 -> 0 | CT35: =AF35*BA35 -> 419.2936 | CU35: =AG35 -> 0 | CV35: =AH35 -> 7.705 | CW35: =AI35 -> 0 | CX35: =AJ35 -> 0 | CY35: =(((S35+R35)*AT35)/100) -> 725.7926 | CZ35: =(((S35+R35)*AU35)/100) -> 369.7434 | DE35: )*1,25 | DF35: )*1,25 | DG35: )*1,15 | DI35: )*1,15 | DJ35: )*1,25 | DN35: 0 | DO35: 0 | DP35: 1 | DQ35: 1 | DU35: 1003 | DV35: 100 м | DW35: 100 м | DX35: 100 | EE35: 16510487 | EF35: 2 | EG35: Общестроительные работы | EH35: 0 | EJ35: 1 | EK35: 10001 | EL35: Деревянные конструкции | EM35: ФЕР-10 | EO35: Поправка: МДС 81-35.2004, п.4.7 Поправка: МДС 81-35.2004, п.4.7 | EQ35: 0 | ER35: 93.15 | ES35: 36 | ET35: 0 | EU35: 0 | EV35: 57.15 | EW35: 6.7 | EX35: 0 | EY35: 0 | FQ35: 0 | FR35: =ROUND(IF(AND(BH35=3,BI35=3),P35,0),2) -> 0 | FS35: 0 | FT35: *0,9 | FU35: *0,85 | FX35: 106.2 | FY35: 53.55 | GD35: 0 | GF35: -1862938563 | GG35: 1 | GH35: 1 | GI35: 4 | GJ35: 0 | GK35: =ROUND(R35*(R12)/100,2) -> 0 | GL35: =ROUND(IF(AND(BH35=3,BI35=3,FS35<>0),P35,0),2) -> 0 | GM35: =ROUND(O35+X35+Y35+GK35,2)+GX35 -> 2155.31 | GN35: =IF(OR(BI35=0,BI35=1),ROUND(O35+X35+Y35+GK35,2),0) -> 2155.31 | GO35: =IF(BI35=2,ROUND(O35+X35+Y35+GK35,2),0) -> 0 | GP35: =IF(BI35=4,ROUND(O35+X35+Y35+GK35,2)+GX35,0) -> 0 | GR35: 0 | GS35: 3 | GT35: 0 | GV35: =ROUND(GT35,2) -> 0 | GW35: 1 | GX35: =ROUND(GV35*GW35*I35,2) -> 0 | HA35: 0 | HB35: 0 | IK35: 0
A36: 18 | B36: 1 | C36: 33 | E36: 5,1 | F36: 11.3.03.13 | G36: Уголок ПВХ | H36: П.М | I36: =I35*J36 -> 163.3 | J36: 100 | O36: =ROUND(CP36,2) -> 0 | P36: =ROUND(CQ36*I36,2) -> 0 | Q36: =ROUND(CR36*I36,2) -> 0 | R36: =ROUND(CS36*I36,2) -> 0 | S36: =ROUND(CT36*I36,2) -> 0 | T36: =ROUND(CU36*I36,2) -> 0 | U36: =CV36*I36 -> 0 | V36: =CW36*I36 -> 0 | W36: =ROUND(CX36*I36,2) -> 0 | X36: =ROUND(CY36,2) -> 0 | Y36: =ROUND(CZ36,2) -> 0 | AA36: 16628881 | AB36: =ROUND((AC36+AD36+AF36),2) -> 0 | AC36: =ROUND((ES36),2) -> 0 | AD36: =ROUND((((ET36)-(EU36))+AE36),2) -> 0 | AE36: =ROUND((EU36),2) -> 0 | AF36: =ROUND((EV36),2) -> 0 | AG36: =ROUND((AP36),2) -> 0 | AH36: =(EW36) -> 0 | AI36: =(EX36) -> 0 | AJ36: =ROUND((AS36),2) -> 0 | AK36: 0 | AL36: 0 | AM36: 0 | AN36: 0 | AO36: 0 | AP36: 0 | AQ36: 0 | AR36: 0 | AS36: 0 | AT36: 106 | AU36: 54 | AV36: 1 | AW36: 1 | AZ36: 6.38 | BA36: 1 | BB36: 1 | BC36: 6.38 | BH36: 3 | BI36: 1 | BM36: 10001 | BN36: 0 | BP36: 0 | BQ36: 2 | BR36: 0 | BS36: 1 | BT36: 1 | BU36: 1 | BV36: 1 | BW36: 1 | BX36: 1 | BZ36: 118 | CA36: 63 | CF36: 0 | CG36: 0 | CM36: 0 | CO36: 0 | CP36: =(P36+Q36+S36) -> 0 | CQ36: =AC36*BC36 -> 0 | CR36: =AD36*BB36 -> 0 | CS36: =AE36*BS36 -> 0 | CT36: =AF36*BA36 -> 0 | CU36: =AG36 -> 0 | CV36: =AH36 -> 0 | CW36: =AI36 -> 0 | CX36: =AJ36 -> 0 | CY36: =(((S36+R36)*AT36)/100) -> 0 | CZ36: =(((S36+R36)*AU36)/100) -> 0 | DN36: 0 | DO36: 0 | DP36: 1 | DQ36: 1 | DU36: 1013 | DV36: П.М | DW36: П.М | DX36: 1 | EE36: 16510487 | EF36: 2 | EG36: Общестроительные работы | EH36: 0 | EJ36: 1 | EK36: 10001 | EL36: Деревянные конструкции | EM36: ФЕР-10 | EQ36: 0 | ER36: 0 | ES36: 0 | ET36: 0 | EU36: 0 | EV36: 0 | EW36: 0 | EX36: 0 | FQ36: 0 | FR36: =ROUND(IF(AND(BH36=3,BI36=3),P36,0),2) -> 0 | FS36: 0 | FT36: *0,9 | FU36: *0,85 | FX36: 106.2 | FY36: 53.55 | GD36: 0 | GF36: -1710570218 | GG36: 1 | GH36: 1 | GI36: 4 | GJ36: 0 | GK36: =ROUND(R36*(R12)/100,2) -> 0 | GL36: =ROUND(IF(AND(BH36=3,BI36=3,FS36<>0),P36,0),2) -> 0 | GM36: =ROUND(O36+X36+Y36+GK36,2)+GX36 -> 0 | GN36: =IF(OR(BI36=0,BI36=1),ROUND(O36+X36+Y36+GK36,2),0) -> 0 | GO36: =IF(BI36=2,ROUND(O36+X36+Y36+GK36,2),0) -> 0 | GP36: =IF(BI36=4,ROUND(O36+X36+Y36+GK36,2)+GX36,0) -> 0 | GR36: 0 | GS36: 3 | GT36: 0 | GV36: =ROUND(GT36,2) -> 0 | GW36: 1 | GX36: =ROUND(GV36*GW36*I36,2) -> 0 | HA36: 0 | HB36: 0 | IK36: 0
A37: 18 | B37: 1 | C37: 34 | E37: 5,2 | F37: 11.3.03.13-0043 | G37: Уголок ПВХ, размером 20х20 мм | H37: 10 м | I37: =I35*J37 -> 16.33 | J37: 10 | O37: =ROUND(CP37,2) -> 2667.15 | P37: =ROUND(CQ37*I37,2) -> 2667.15 | Q37: =ROUND(CR37*I37,2) -> 0 | R37: =ROUND(CS37*I37,2) -> 0 | S37: =ROUND(CT37*I37,2) -> 0 | T37: =ROUND(CU37*I37,2) -> 0 | U37: =CV37*I37 -> 0 | V37: =CW37*I37 -> 0 | W37: =ROUND(CX37*I37,2) -> 0 | X37: =ROUND(CY37,2) -> 0 | Y37: =ROUND(CZ37,2) -> 0 | AA37: 16628881 | AB37: =ROUND((AC37+AD37+AF37),2) -> 25.6 | AC37: =ROUND((ES37),2) -> 25.6 | AD37: =ROUND((((ET37)-(EU37))+AE37),2) -> 0 | AE37: =ROUND((EU37),2) -> 0 | AF37: =ROUND((EV37),2) -> 0 | AG37: =ROUND((AP37),2) -> 0 | AH37: =(EW37) -> 0 | AI37: =(EX37) -> 0 | AJ37: =ROUND((AS37),2) -> 0 | AK37: 25.6 | AL37: 25.6 | AM37: 0 | AN37: 0 | AO37: 0 | AP37: 0 | AQ37: 0 | AR37: 0 | AS37: 0 | AT37: 106 | AU37: 54 | AV37: 1 | AW37: 1 | AZ37: 6.38 | BA37: 1 | BB37: 1 | BC37: 6.38 | BH37: 3 | BI37: 1 | BJ37: ФССЦ-2001, 11.3.03.13-0043, приказ Минстроя России №1039/пр от 30.12.2016г. | BM37: 10001 | BN37: 0 | BP37: 0 | BQ37: 2 | BR37: 0 | BS37: 1 | BT37: 1 | BU37: 1 | BV37: 1 | BW37: 1 | BX37: 1 | BZ37: 118 | CA37: 63 | CF37: 0 | CG37: 0 | CM37: 0 | CO37: 0 | CP37: =(P37+Q37+S37) -> 2667.15 | CQ37: =AC37*BC37 -> 163.328 | CR37: =AD37*BB37 -> 0 | CS37: =AE37*BS37 -> 0 | CT37: =AF37*BA37 -> 0 | CU37: =AG37 -> 0 | CV37: =AH37 -> 0 | CW37: =AI37 -> 0 | CX37: =AJ37 -> 0 | CY37: =(((S37+R37)*AT37)/100) -> 0 | CZ37: =(((S37+R37)*AU37)/100) -> 0 | DN37: 0 | DO37: 0 | DP37: 1 | DQ37: 1 | DU37: 1003 | DV37: 10 м | DW37: 10 м | DX37: 10 | EE37: 16510487 | EF37: 2 | EG37: Общестроительные работы | EH37: 0 | EJ37: 1 | EK37: 10001 | EL37: Деревянные конструкции | EM37: ФЕР-10 | EQ37: 0 | ER37: 25.6 | ES37: 25.6 | ET37: 0 | EU37: 0 | EV37: 0 | EW37: 0 | EX37: 0 | FQ37: 0 | FR37: =ROUND(IF(AND(BH37=3,BI37=3),P37,0),2) -> 0 | FS37: 0 | FT37: *0,9 | FU37: *0,85 | FX37: 106.2 | FY37: 53.55 | GD37: 0 | GF37: 189188006 | GG37: 1 | GH37: 1 | GI37: 4 | GJ37: 0 | GK37: =ROUND(R37*(R12)/100,2) -> 0 | GL37: =ROUND(IF(AND(BH37=3,BI37=3,FS37<>0),P37,0),2) -> 0 | GM37: =ROUND(O37+X37+Y37+GK37,2)+GX37 -> 2667.15 | GN37: =IF(OR(BI37=0,BI37=1),ROUND(O37+X37+Y37+GK37,2),0) -> 2667.15 | GO37: =IF(BI37=2,ROUND(O37+X37+Y37+GK37,2),0) -> 0 | GP37: =IF(BI37=4,ROUND(O37+X37+Y37+GK37,2)+GX37,0) -> 0 | GR37: 0 | GS37: 3 | GT37: 0 | GV37: =ROUND(GT37,2) -> 0 | GW37: 1 | GX37: =ROUND(GV37*GW37*I37,2) -> 0 | HA37: 0 | HB37: 0 | IK37: 0
A38: 17 | B38: 1 | C38: =ROW(SmtRes!A42) -> 42 | D38: =ROW(EtalonRes!A39) -> 39 | E38: 6 | F38: 10-01-035-01 | G38: Установка подоконных досок из ПВХ в каменных стенах толщиной до 0,51 м | H38: 100 м | I38: =ROUND(59.8/100,9) -> 0.598 | J38: 0 | O38: =ROUND(CP38,2) -> 16077.23 | P38: =ROUND(CQ38*I38,2) -> 15231.2 | Q38: =ROUND(CR38*I38,2) -> 52.99 | R38: =ROUND(CS38*I38,2) -> 10.87 | S38: =ROUND(CT38*I38,2) -> 793.04 | T38: =ROUND(CU38*I38,2) -> 0 | U38: =CV38*I38 -> 14.572363 | V38: =CW38*I38 -> 0.142025 | W38: =ROUND(CX38*I38,2) -> 0 | X38: =ROUND(CY38,2) -> 852.14 | Y38: =ROUND(CZ38,2) -> 434.11 | AA38: 16628881 | AB38: =ROUND((AC38+AD38+AF38),2) -> 4213.95 | AC38: =ROUND((ES38),2) -> 3992.2 | AD38: =ROUND(((((ET38*1.25))-((EU38*1.25)))+AE38),2) -> 13.89 | AE38: =ROUND(((EU38*1.25)),2) -> 2.85 | AF38: =ROUND(((EV38*1.15)),2) -> 207.86 | AG38: =ROUND((AP38),2) -> 0 | AH38: =((EW38*1.15)) -> 24.3685 | AI38: =((EX38*1.25)) -> 0.2375 | AJ38: =ROUND((AS38),2) -> 0 | AK38: 4184.06 | AL38: 3992.2 | AM38: 11.11 | AN38: 2.28 | AO38: 180.75 | AP38: 0 | AQ38: 21.19 | AR38: 0.19 | AS38: 0 | AT38: 106 | AU38: 54 | AV38: 1 | AW38: 1 | AZ38: 6.38 | BA38: 6.38 | BB38: 6.38 | BC38: 6.38 | BH38: 0 | BI38: 1 | BJ38: ФЕР-2001, 10-01-035-01, приказ Минстроя России №1039/пр от 30.12.2016г. | BM38: 10001 | BN38: 0 | BP38: 0 | BQ38: 2 | BR38: 0 | BS38: 6.38 | BT38: 1 | BU38: 1 | BV38: 1 | BW38: 1 | BX38: 1 | BZ38: 118 | CA38: 63 | CF38: 0 | CG38: 0 | CM38: 0 | CN38: Поправка: МДС 81-35.2004, п.4.7 Наименование: Работы, выполняемые при реконструкции зданий и сооружений работы, аналогичные технологическим процессам в новом строительстве (в том числе возведение новых конструктивных элементов) стоимость которых определена по соответствующим сборникам ФЕР, кроме сборника № 46 «Работы при реконструкции зданий и сооружений» Поправка: МДС 81-35.2004, п.4.7 Наименование: Работы, выполняемые при реконструкции зданий и сооружений работы, аналогичные технологическим процессам в новом строительстве (в том числе возведение новых конструктивных элементов) стоимость которых определена по соответствующим сборникам ФЕР, кроме сборника № 46 «Работы при реконструкции зданий и сооружений» | CO38: 0 | CP38: =(P38+Q38+S38) -> 16077.23 | CQ38: =AC38*BC38 -> 25470.236 | CR38: =AD38*BB38 -> 88.6182 | CS38: =AE38*BS38 -> 18.183 | CT38: =AF38*BA38 -> 1326.1468 | CU38: =AG38 -> 0 | CV38: =AH38 -> 24.3685 | CW38: =AI38 -> 0.2375 | CX38: =AJ38 -> 0 | CY38: =(((S38+R38)*AT38)/100) -> 852.1446 | CZ38: =(((S38+R38)*AU38)/100) -> 434.1114 | DE38: )*1,25 | DF38: )*1,25 | DG38: )*1,15 | DI38: )*1,15 | DJ38: )*1,25 | DN38: 0 | DO38: 0 | DP38: 1 | DQ38: 1 | DU38: 1003 | DV38: 100 м | DW38: 100 м | DX38: 100 | EE38: 16510487 | EF38: 2 | EG38: Общестроительные работы | EH38: 0 | EJ38: 1 | EK38: 10001 | EL38: Деревянные конструкции | EM38: ФЕР-10 | EO38: Поправка: МДС 81-35.2004, п.4.7 Поправка: МДС 81-35.2004, п.4.7 | EQ38: 131072 | ER38: 4184.06 | ES38: 3992.2 | ET38: 11.11 | EU38: 2.28 | EV38: 180.75 | EW38: 21.19 | EX38: 0.19 | EY38: 0 | FQ38: 0 | FR38: =ROUND(IF(AND(BH38=3,BI38=3),P38,0),2) -> 0 | FS38: 0 | FT38: *0,9 | FU38: *0,85 | FX38: 106.2 | FY38: 53.55 | GD38: 0 | GF38: 756108961 | GG38: 1 | GH38: 1 | GI38: 4 | GJ38: 0 | GK38: =ROUND(R38*(R12)/100,2) -> 0 | GL38: =ROUND(IF(AND(BH38=3,BI38=3,FS38<>0),P38,0),2) -> 0 | GM38: =ROUND(O38+X38+Y38+GK38,2)+GX38 -> 17363.48 | GN38: =IF(OR(BI38=0,BI38=1),ROUND(O38+X38+Y38+GK38,2),0) -> 17363.48 | GO38: =IF(BI38=2,ROUND(O38+X38+Y38+GK38,2),0) -> 0 | GP38: =IF(BI38=4,ROUND(O38+X38+Y38+GK38,2)+GX38,0) -> 0 | GR38: 0 | GS38: 3 | GT38: 0 | GV38: =ROUND(GT38,2) -> 0 | GW38: 1 | GX38: =ROUND(GV38*GW38*I38,2) -> 0 | HA38: 0 | HB38: 0 | IK38: 0
A39: 18 | B39: 1 | C39: 42 | E39: 6,1 | F39: Средняя цена коммерческих предложений | G39: Доски подоконные ПВХ , шириной 400 мм | H39: м | I39: =I38*J39 -> 59.8 | J39: 100 | O39: =ROUND(CP39,2) -> 75190.75 | P39: =ROUND(CQ39*I39,2) -> 75190.75 | Q39: =ROUND(CR39*I39,2) -> 0 | R39: =ROUND(CS39*I39,2) -> 0 | S39: =ROUND(CT39*I39,2) -> 0 | T39: =ROUND(CU39*I39,2) -> 0 | U39: =CV39*I39 -> 0 | V39: =CW39*I39 -> 0 | W39: =ROUND(CX39*I39,2) -> 0 | X39: =ROUND(CY39,2) -> 0 | Y39: =ROUND(CZ39,2) -> 0 | AA39: 16628881 | AB39: =ROUND((AC39+AD39+AF39),2) -> 197.08 | AC39: =ROUND((ES39),2) -> 197.08 | AD39: =ROUND((((ET39)-(EU39))+AE39),2) -> 0 | AE39: =ROUND((EU39),2) -> 0 | AF39: =ROUND((EV39),2) -> 0 | AG39: =ROUND((AP39),2) -> 0 | AH39: =(EW39) -> 0 | AI39: =(EX39) -> 0 | AJ39: =ROUND((AS39),2) -> 0 | AK39: 197.08 | AL39: 197.08 | AM39: 0 | AN39: 0 | AO39: 0 | AP39: 0 | AQ39: 0 | AR39: 0 | AS39: 0 | AT39: 106 | AU39: 54 | AV39: 1 | AW39: 1 | AZ39: 6.38 | BA39: 1 | BB39: 1 | BC39: 6.38 | BH39: 3 | BI39: 1 | BM39: 10001 | BN39: 0 | BP39: 0 | BQ39: 2 | BR39: 0 | BS39: 1 | BT39: 1 | BU39: 1 | BV39: 1 | BW39: 1 | BX39: 1 | BZ39: 118 | CA39: 63 | CF39: 0 | CG39: 0 | CM39: 0 | CO39: 0 | CP39: =(P39+Q39+S39) -> 75190.75 | CQ39: =AC39*BC39 -> 1257.3704 | CR39: =AD39*BB39 -> 0 | CS39: =AE39*BS39 -> 0 | CT39: =AF39*BA39 -> 0 | CU39: =AG39 -> 0 | CV39: =AH39 -> 0 | CW39: =AI39 -> 0 | CX39: =AJ39 -> 0 | CY39: =(((S39+R39)*AT39)/100) -> 0 | CZ39: =(((S39+R39)*AU39)/100) -> 0 | DN39: 0 | DO39: 0 | DP39: 1 | DQ39: 1 | DU39: 1003 | DV39: м | DW39: м | DX39: 1 | EE39: 16510487 | EF39: 2 | EG39: Общестроительные работы | EH39: 0 | EJ39: 1 | EK39: 10001 | EL39: Деревянные конструкции | EM39: ФЕР-10 | EQ39: 0 | ER39: 197.08 | ES39: 197.08 | ET39: 0 | EU39: 0 | EV39: 0 | EW39: 0 | EX39: 0 | EZ39: 5 | FC39: 1 | FD39: 18 | FF39: 1483.67 | FQ39: 0 | FR39: =ROUND(IF(AND(BH39=3,BI39=3),P39,0),2) -> 0 | FS39: 0 | FT39: *0,9 | FU39: *0,85 | FX39: 106.2 | FY39: 53.55 | GA39: [1 483,67 / 1,18 / 6,38] | GD39: 0 | GF39: -961144730 | GG39: 1 | GH39: 3 | GI39: 4 | GJ39: 0 | GK39: =ROUND(R39*(R12)/100,2) -> 0 | GL39: =ROUND(IF(AND(BH39=3,BI39=3,FS39<>0),P39,0),2) -> 0 | GM39: =ROUND(O39+X39+Y39+GK39,2)+GX39 -> 75190.75 | GN39: =IF(OR(BI39=0,BI39=1),ROUND(O39+X39+Y39+GK39,2),0) -> 75190.75 | GO39: =IF(BI39=2,ROUND(O39+X39+Y39+GK39,2),0) -> 0 | GP39: =IF(BI39=4,ROUND(O39+X39+Y39+GK39,2)+GX39,0) -> 0 | GR39: 1 | GS39: 1 | GT39: 0 | GV39: =ROUND(GT39,2) -> 0 | GW39: 1 | GX39: =ROUND(GV39*GW39*I39,2) -> 0 | HA39: 0 | HB39: 0 | IK39: 0
A40: 17 | B40: 1 | E40: 7 | F40: т01-01-01-041 | G40: Погрузочные работы при автомобильных перевозках мусора строительного с погрузкой вручную | H40: 1 Т ГРУЗА | I40: 6 | J40: 0 | O40: =0 -> 0 | P40: =0 -> 0 | Q40: =0 -> 0 | R40: =0 -> 0 | S40: =0 -> 0 | T40: =0 -> 0 | U40: =0 -> 0 | V40: =0 -> 0 | ... Y40: =0 -> 0 | AA40: 16628881 | AB40: =ROUND((AK40),2) -> 42.98 | AC40: =0 -> 0 | AD40: =0 -> 0 | AE40: =0 -> 0 | AF40: =0 -> 0 | AG40: =0 -> 0 | AH40: =0 -> 0 | AI40: =0 -> 0 | AJ40: =0 -> 0 | AK40: 42.98 | AL40: 0 | AM40: 0 | AN40: 0 | AO40: 0 | AP40: 0 | AQ40: 0 | AR40: 0 | AS40: 0 | AT40: 0 | AU40: 0 | AV40: 1 | AW40: 1 | AZ40: 6.38 | BA40: 1 | BB40: 1 | BC40: 1 | BH40: 0 | BI40: 1 | BJ40: ФССЦпг-2001, т01-01-01-041, приказ Минстроя России №1039/пр от 30.12.2016г. | BM40: 700004 | BN40: 0 | BP40: 0 | BQ40: 19 | BR40: 0 | BS40: 1 | BT40: 1 | BU40: 1 | BV40: 1 | BW40: 1 | BX40: 1 | BZ40: 0 | CA40: 0 | CF40: 0 | CG40: 0 | CM40: 0 | CO40: 0 | CP40: =AB40*AZ40 -> 274.2124 | CQ40: 0 | CR40: 0 | CS40: 0 | CT40: 0 | CU40: 0 | CV40: 0 | CW40: 0 | CX40: 0 | CY40: 0 | CZ40: 0 | DN40: 0 | DO40: 0 | DP40: 1 | DQ40: 1 | DU40: 1013 | DV40: 1 Т ГРУЗА | DW40: 1 Т ГРУЗА | DX40: 1 | EE40: 16510675 | EF40: 19 | EG40: Погрузочно-разгрузочные работы | EH40: 0 | EJ40: 1 | EK40: 700004 | EL40: Перевозка грузов , (ФССЦпр 2011-изм. № 4-6, раздел 1): погрузочно-разгрузочные работы (НР и СП в прям. затратах ) | EM40: ФССЦпр пог. а/п (2011,изм. 4-6) | EQ40: 131072 | ER40: 0 | ES40: 0 | ET40: 0 | EU40: 0 | EV40: 0 | EW40: 0 | EX40: 0 | EY40: 0 | FQ40: 0 | FR40: =ROUND(IF(AND(BH40=3,BI40=3),P40,0),2) -> 0 | FS40: 0 | FX40: 0 | FY40: 0 | GD40: 0 | GF40: 811861299 | GG40: 1 | GH40: 1 | GI40: 4 | GJ40: 2 | GK40: =ROUND(R40*(R12)/100,2) -> 0 | GL40: =ROUND(IF(AND(BH40=3,BI40=3,FS40<>0),P40,0),2) -> 0 | GM40: =ROUND(CP40*I40,2) -> 1645.27 | GN40: =IF(OR(BI40=0,BI40=1),ROUND(CP40*I40,2),0) -> 1645.27 | GO40: =IF(BI40=2,ROUND(CP40*I40,2),0) -> 0 | GP40: =IF(BI40=4,ROUND(CP40*I40,2)+GX40,0) -> 0 | GR40: 0 | GS40: 3 | GV40: =0 -> 0 | GW40: 1 | GX40: =ROUND(GV40*GW40*I40,2) -> 0 | GY40: 0 | GZ40: 0 | HA40: 0 | HB40: 0 | IK40: 0
A41: 17 | B41: 1 | E41: 8 | F41: т03-01-01-015 | G41: Перевозка грузов I класса автомобилями бортовыми грузоподъемностью до 15 т на расстояние до 15 км | H41: 1 Т ГРУЗА | I41: 6 | J41: 0 | O41: =0 -> 0 | P41: =0 -> 0 | Q41: =0 -> 0 | R41: =0 -> 0 | S41: =0 -> 0 | T41: =0 -> 0 | U41: =0 -> 0 | V41: =0 -> 0 | ... Y41: =0 -> 0 | AA41: 16628881 | AB41: =ROUND((AK41),2) -> 14.03 | AC41: =0 -> 0 | AD41: =0 -> 0 | AE41: =0 -> 0 | AF41: =0 -> 0 | AG41: =0 -> 0 | AH41: =0 -> 0 | AI41: =0 -> 0 | AJ41: =0 -> 0 | AK41: 14.03 | AL41: 0 | AM41: 0 | AN41: 0 | AO41: 0 | AP41: 0 | AQ41: 0 | AR41: 0 | AS41: 0 | AT41: 0 | AU41: 0 | AV41: 1 | AW41: 1 | AZ41: 6.38 | BA41: 1 | BB41: 1 | BC41: 1 | BH41: 0 | BI41: 1 | BJ41: ФССЦпг-2001, т03-01-01-015, приказ Минстроя России №1039/пр от 30.12.2016г. | BM41: 700005 | BN41: 0 | BP41: 0 | BQ41: 10 | BR41: 0 | BS41: 1 | BT41: 1 | BU41: 1 | BV41: 1 | BW41: 1 | BX41: 1 | BZ41: 0 | CA41: 0 | CF41: 0 | CG41: 0 | CM41: 0 | CO41: 0 | CP41: =AB41*AZ41 -> 89.5114 | CQ41: 0 | CR41: 0 | CS41: 0 | CT41: 0 | CU41: 0 | CV41: 0 | CW41: 0 | CX41: 0 | CY41: 0 | CZ41: 0 | DN41: 0 | DO41: 0 | DP41: 1 | DQ41: 1 | DU41: 1013 | DV41: 1 Т ГРУЗА | DW41: 1 Т ГРУЗА | DX41: 1 | EE41: 16510679 | EF41: 10 | EG41: Перевозка грузов авто/транспортом | EH41: 0 | EJ41: 1 | EK41: 700005 | EL41: Перевозкуа грузов (ФССЦпр-2011 - изм. 7, разделы 1-4) - по сметной стоимости | EM41: ФССЦпр , изм. 7 | EQ41: 0 | ER41: 0 | ES41: 0 | ET41: 0 | EU41: 0 | EV41: 0 | EW41: 0 | EX41: 0 | EY41: 0 | FQ41: 0 | FR41: =ROUND(IF(AND(BH41=3,BI41=3),P41,0),2) -> 0 | FS41: 0 | FX41: 0 | FY41: 0 | GD41: 0 | GF41: 2022151242 | GG41: 1 | GH41: 1 | GI41: 4 | GJ41: 2 | GK41: =ROUND(R41*(R12)/100,2) -> 0 | GL41: =ROUND(IF(AND(BH41=3,BI41=3,FS41<>0),P41,0),2) -> 0 | GM41: =ROUND(CP41*I41,2) -> 537.07 | GN41: =IF(OR(BI41=0,BI41=1),ROUND(CP41*I41,2),0) -> 537.07 | GO41: =IF(BI41=2,ROUND(CP41*I41,2),0) -> 0 | GP41: =IF(BI41=4,ROUND(CP41*I41,2)+GX41,0) -> 0 | GR41: 0 | GS41: 3 | GV41: =0 -> 0 | GW41: 1 | GX41: =ROUND(GV41*GW41*I41,2) -> 0 | GY41: 0 | GZ41: 0 | HA41: 0 | HB41: 0 | IK41: 0
A43: 51 | B43: =B20 -> 1 | C43: =A20 -> 3 | D43: =ROW(A20) -> 20 | F43: =IF(F20<>"",F20,"") -> Новая локальная смета | G43: =IF(G20<>"",G20,"") -> Новая локальная смета | H43: 0 | O43: =ROUND(AB43,2) -> 743144.1 | P43: =ROUND(AC43,2) -> 703093.17 | Q43: =ROUND(AD43,2) -> 4974.72 | R43: =ROUND(AE43,2) -> 1457.51 | S43: =ROUND(AF43,2) -> 35076.21 | T43: =ROUND(AG43,2) -> 0 | U43: =AH43 -> 642.25272 | V43: =AI43 -> 17.824902 | W43: =ROUND(AJ43,2) -> 0 | X43: =ROUND(AK43,2) -> 36973.85 | Y43: =ROUND(AL43,2) -> 20043.71 | AB43: =ROUND(SUMIF(AA24:AA41,"=16628881",O24:O41),2) -> 743144.1 | AC43: =ROUND(SUMIF(AA24:AA41,"=16628881",P24:P41),2) -> 703093.17 | AD43: =ROUND(SUMIF(AA24:AA41,"=16628881",Q24:Q41),2) -> 4974.72 | AE43: =ROUND(SUMIF(AA24:AA41,"=16628881",R24:R41),2) -> 1457.51 | AF43: =ROUND(SUMIF(AA24:AA41,"=16628881",S24:S41),2) -> 35076.21 | AG43: =ROUND(SUMIF(AA24:AA41,"=16628881",T24:T41),2) -> 0 | AH43: =SUMIF(AA24:AA41,"=16628881",U24:U41) -> 642.25272 | AI43: =SUMIF(AA24:AA41,"=16628881",V24:V41) -> 17.824902 | AJ43: =ROUND(SUMIF(AA24:AA41,"=16628881",W24:W41),2) -> 0 | AK43: =ROUND(SUMIF(AA24:AA41,"=16628881",X24:X41),2) -> 36973.85 | AL43: =ROUND(SUMIF(AA24:AA41,"=16628881",Y24:Y41),2) -> 20043.71 | AO43: =ROUND(BX43,2) -> 0 | AP43: =ROUND(BY43,2) -> 0 | AQ43: =ROUND(BZ43,2) -> 0 | AR43: =ROUND(CA43,2) -> 802344 | AS43: =ROUND(CB43,2) -> 802344 | AT43: =ROUND(CC43,2) -> 0 | AU43: =ROUND(CD43,2) -> 0 | AV43: =ROUND(CE43,2) -> 703093.17 | ... BC43: =ROUND(CL43,2) -> 0 | BX43: =ROUND(SUMIF(AA24:AA41,"=16628881",FQ24:FQ41),2) -> 0 | BY43: =ROUND(SUMIF(AA24:AA41,"=16628881",FR24:FR41),2) -> 0 | BZ43: =ROUND(SUMIF(AA24:AA41,"=16628881",GL24:GL41),2) -> 0 | CA43: =ROUND(SUMIF(AA24:AA41,"=16628881",GM24:GM41),2) -> 802344 | CB43: =ROUND(SUMIF(AA24:AA41,"=16628881",GN24:GN41),2) -> 802344 | CC43: =ROUND(SUMIF(AA24:AA41,"=16628881",GO24:GO41),2) -> 0 | CD43: =ROUND(SUMIF(AA24:AA41,"=16628881",GP24:GP41),2) -> 0 | CE43: =AC43-BX43 -> 703093.17 | CF43: =AC43-BY43 -> 703093.17 | CG43: =BX43-BZ43 -> 0 | CH43: =AC43-BX43-BY43+BZ43 -> 703093.17 | CI43: =BY43-BZ43 -> 0 | CJ43: =ROUND(SUMIF(AA24:AA41,"=16628881",GX24:GX41),2) -> 0 | CK43: =ROUND(SUMIF(AA24:AA41,"=16628881",GY24:GY41),2) -> 0 | CL43: =ROUND(SUMIF(AA24:AA41,"=16628881",GZ24:GZ41),2) -> 0 | GX43: 0
A45: 50 | B45: 0 | C45: 0 | D45: 1 | E45: 201 | F45: =ROUND(Source!O43,O45) -> 743144.1 | G45: ПЗ | H45: Прямые затраты | K45: 201 | L45: 1 | M45: 3 | O45: 2
A46: 50 | B46: 0 | C46: 0 | D46: 1 | E46: 202 | F46: =ROUND(Source!P43,O46) -> 703093.17 | G46: СтМатОб | H46: Стоимость материальных ресурсов (всего) | K46: 202 | L46: 2 | M46: 3 | O46: 2
A47: 50 | B47: 0 | C47: 0 | D47: 1 | E47: 222 | F47: =ROUND(Source!AO43,O47) -> 0 | G47: СтМатОбЗак | H47: Стоимость материалов и оборудования заказчика | K47: 222 | L47: 3 | M47: 3 | O47: 2
A48: 50 | B48: 0 | C48: 0 | D48: 1 | E48: 225 | F48: =ROUND(Source!AV43,O48) -> 703093.17 | G48: СтМатОбПод | H48: Стоимость материалов и оборудования подрядчика | K48: 225 | L48: 4 | M48: 3 | O48: 2
A49: 50 | B49: 0 | C49: 0 | D49: 1 | E49: 226 | F49: =ROUND(Source!AW43,O49) -> 703093.17 | G49: СтМат | H49: Стоимость материалов (всего) | K49: 226 | L49: 5 | M49: 3 | O49: 2
A50: 50 | B50: 0 | C50: 0 | D50: 1 | E50: 227 | F50: =ROUND(Source!AX43,O50) -> 0 | G50: СтМатЗак | H50: Стоимость материалов заказчика | K50: 227 | L50: 6 | M50: 3 | O50: 2
A51: 50 | B51: 0 | C51: 0 | D51: 1 | E51: 228 | F51: =ROUND(Source!AY43,O51) -> 703093.17 | G51: СтМатПод | H51: Стоимость материалов подрядчика | K51: 228 | L51: 7 | M51: 3 | O51: 2
A52: 50 | B52: 0 | C52: 0 | D52: 1 | E52: 216 | F52: =ROUND(Source!AP43,O52) -> 0 | G52: Оборуд | H52: Стоимость оборудования (всего) | K52: 216 | L52: 8 | M52: 3 | O52: 2
A53: 50 | B53: 0 | C53: 0 | D53: 1 | E53: 223 | F53: =ROUND(Source!AQ43,O53) -> 0 | G53: ОборудЗак | H53: Стоимость оборудования заказчика | K53: 223 | L53: 9 | M53: 3 | O53: 2
A54: 50 | B54: 0 | C54: 0 | D54: 1 | E54: 229 | F54: =ROUND(Source!AZ43,O54) -> 0 | G54: ОборудПод | H54: Стоимость оборудования подрядчика | K54: 229 | L54: 10 | M54: 3 | O54: 2
A55: 50 | B55: 0 | C55: 0 | D55: 1 | E55: 203 | F55: =ROUND(Source!Q43,O55) -> 4974.72 | G55: ЭММ | H55: Эксплуатация машин | K55: 203 | L55: 11 | M55: 3 | O55: 2
A56: 50 | B56: 0 | C56: 0 | D56: 1 | E56: 231 | F56: =ROUND(Source!BB43,O56) -> 0 | G56: ЭММсНРиСП | H56: Эксплуатация машин по ТСН-2001.16 | K56: 231 | L56: 12 | M56: 3 | O56: 2
A57: 50 | B57: 0 | C57: 0 | D57: 1 | E57: 204 | F57: =ROUND(Source!R43,O57) -> 1457.51 | G57: ЗПМ | H57: ЗП машинистов | K57: 204 | L57: 13 | M57: 3 | O57: 2
A58: 50 | B58: 0 | C58: 0 | D58: 1 | E58: 205 | F58: =ROUND(Source!S43,O58) -> 35076.21 | G58: ОЗП | H58: Основная ЗП рабочих | K58: 205 | L58: 14 | M58: 3 | O58: 2
A59: 50 | B59: 0 | C59: 0 | D59: 1 | E59: 232 | F59: =ROUND(Source!BC43,O59) -> 0 | G59: ОЗПсНРиСП | H59: Основная ЗП рабочих по ТСН-2001.16 | K59: 232 | L59: 15 | M59: 3 | O59: 2
A60: 50 | B60: 0 | C60: 0 | D60: 1 | E60: 214 | F60: =ROUND(Source!AS43,O60) -> 802344 | G60: Строит | H60: Строительные работы с НР и СП | K60: 214 | L60: 16 | M60: 3 | O60: 2
A61: 50 | B61: 0 | C61: 0 | D61: 1 | E61: 215 | F61: =ROUND(Source!AT43,O61) -> 0 | G61: Монтаж | H61: Монтажные работы с НР и СП | K61: 215 | L61: 17 | M61: 3 | O61: 2
A62: 50 | B62: 0 | C62: 0 | D62: 1 | E62: 217 | F62: =ROUND(Source!AU43,O62) -> 0 | G62: Прочие | H62: Прочие работы с НР и СП | K62: 217 | L62: 18 | M62: 3 | O62: 2
A63: 50 | B63: 0 | C63: 0 | D63: 1 | E63: 230 | F63: =ROUND(Source!BA43,O63) -> 0 | G63: ПрочиеЗатр | H63: Прочие затраты по ТСН-2001.16 | K63: 230 | L63: 19 | M63: 3 | O63: 2
A64: 50 | B64: 0 | C64: 0 | D64: 1 | E64: 206 | F64: =ROUND(Source!T43,O64) -> 0 | G64: ВозврМат | H64: Возврат материалов | K64: 206 | L64: 20 | M64: 3 | O64: 2
A65: 50 | B65: 0 | C65: 0 | D65: 1 | E65: 207 | F65: =Source!U43 -> 642.25272 | G65: ТрудСтр | H65: Трудозатраты строителей | K65: 207 | L65: 21 | M65: 3 | O65: -1
A66: 50 | B66: 0 | C66: 0 | D66: 1 | E66: 208 | F66: =Source!V43 -> 17.824902 | G66: ТрудМаш | H66: Трудозатраты машинистов | K66: 208 | L66: 22 | M66: 3 | O66: -1
A67: 50 | B67: 0 | C67: 0 | D67: 1 | E67: 209 | F67: =ROUND(Source!W43,O67) -> 0 | G67: ТранспМат | H67: Транспорт материалов | K67: 209 | L67: 23 | M67: 3 | O67: 2
A68: 50 | B68: 0 | C68: 0 | D68: 1 | E68: 210 | F68: =ROUND(Source!X43,O68) -> 36973.85 | G68: НР | H68: Накладные расходы | K68: 210 | L68: 24 | M68: 3 | O68: 2
A69: 50 | B69: 0 | C69: 0 | D69: 1 | E69: 211 | F69: =ROUND(Source!Y43,O69) -> 20043.71 | G69: СмПриб | H69: Сметная прибыль | K69: 211 | L69: 25 | M69: 3 | O69: 2
A70: 50 | B70: 0 | C70: 0 | D70: 1 | E70: 224 | F70: =ROUND(Source!AR43,O70) -> 802344 | G70: Всего | H70: Всего с НР и СП | K70: 224 | L70: 26 | M70: 3 | O70: 2
A71: 50 | B71: 1 | C71: 0 | D71: 2 | E71: 0 | F71: =ROUND(F70,O71) -> 802344 | G71: и1 | H71: Итого | K71: 212 | L71: 27 | M71: 0 | O71: 2
A72: 50 | B72: 1 | C72: 0 | D72: 2 | E72: 0 | F72: =ROUND(F71*0.18,O72) -> 144421.92 | G72: и2 | H72: НДС 18% | K72: 212 | L72: 28 | M72: 0 | O72: 2
A73: 50 | B73: 1 | C73: 0 | D73: 2 | E73: 213 | F73: =ROUND(F71+F72,O73) -> 946765.92 | G73: и3 | H73: Всего | K73: 212 | L73: 29 | M73: 0 | O73: 2
A75: 51 | B75: =B12 -> 133 | C75: =A12 -> 1 | D75: =ROW(A12) -> 12 | F75: =IF(F12<>"",F12,"") -> Новый объект_(Копия)_(Копия)_(Копия) | G75: =IF(G12<>"",G12,"") -> по капитальному ремонту оконных проемов с заменой деревянных оконных блоков на оконные блоки из ПВХ на лестничных клетках с второго по четвертый этажи,в кабинетах № 8, № 1, аудиториях № 7, № 6,№ 5,№ 3,№ 15,№ 16,№ 18, № 11, препараторских № 4,№ 17 четвертого этажа здания учебного корпуса Нововоронежского политехнического колледжа - филиала НИЯУ МИФИ (НВПК НИЯУ МИФИ) по адреcу: Воронежская обл., г. Нововоронеж, ул. Октябрьская, д.1 | H75: 0 | O75: =ROUND(O43,2) -> 743144.1 | P75: =ROUND(P43,2) -> 703093.17 | Q75: =ROUND(Q43,2) -> 4974.72 | R75: =ROUND(R43,2) -> 1457.51 | S75: =ROUND(S43,2) -> 35076.21 | T75: =ROUND(T43,2) -> 0 | U75: =U43 -> 642.25272 | V75: =V43 -> 17.824902 | W75: =ROUND(W43,2) -> 0 | X75: =ROUND(X43,2) -> 36973.85 | Y75: =ROUND(Y43,2) -> 20043.71 | AO75: =ROUND(AO43,2) -> 0 | AP75: =ROUND(AP43,2) -> 0 | AQ75: =ROUND(AQ43,2) -> 0 | AR75: =ROUND(AR43,2) -> 802344 | AS75: =ROUND(AS43,2) -> 802344 | AT75: =ROUND(AT43,2) -> 0 | AU75: =ROUND(AU43,2) -> 0 | AV75: =ROUND(AV43,2) -> 703093.17 | ... BC75: =ROUND(BC43,2) -> 0 | GX75: 0
A77: 50 | B77: 0 | C77: 0 | D77: 1 | E77: 201 | F77: =ROUND(Source!O75,O77) -> 743144.1 | G77: ПЗ | H77: Прямые затраты | K77: 201 | L77: 1 | M77: 3 | O77: 2
A78: 50 | B78: 0 | C78: 0 | D78: 1 | E78: 202 | F78: =ROUND(Source!P75,O78) -> 703093.17 | G78: СтМатОб | H78: Стоимость материальных ресурсов (всего) | K78: 202 | L78: 2 | M78: 3 | O78: 2
A79: 50 | B79: 0 | C79: 0 | D79: 1 | E79: 222 | F79: =ROUND(Source!AO75,O79) -> 0 | G79: СтМатОбЗак | H79: Стоимость материалов и оборудования заказчика | K79: 222 | L79: 3 | M79: 3 | O79: 2
A80: 50 | B80: 0 | C80: 0 | D80: 1 | E80: 225 | F80: =ROUND(Source!AV75,O80) -> 703093.17 | G80: СтМатОбПод | H80: Стоимость материалов и оборудования подрядчика | K80: 225 | L80: 4 | M80: 3 | O80: 2
A81: 50 | B81: 0 | C81: 0 | D81: 1 | E81: 226 | F81: =ROUND(Source!AW75,O81) -> 703093.17 | G81: СтМат | H81: Стоимость материалов (всего) | K81: 226 | L81: 5 | M81: 3 | O81: 2
A82: 50 | B82: 0 | C82: 0 | D82: 1 | E82: 227 | F82: =ROUND(Source!AX75,O82) -> 0 | G82: СтМатЗак | H82: Стоимость материалов заказчика | K82: 227 | L82: 6 | M82: 3 | O82: 2
A83: 50 | B83: 0 | C83: 0 | D83: 1 | E83: 228 | F83: =ROUND(Source!AY75,O83) -> 703093.17 | G83: СтМатПод | H83: Стоимость материалов подрядчика | K83: 228 | L83: 7 | M83: 3 | O83: 2
A84: 50 | B84: 0 | C84: 0 | D84: 1 | E84: 216 | F84: =ROUND(Source!AP75,O84) -> 0 | G84: Оборуд | H84: Стоимость оборудования (всего) | K84: 216 | L84: 8 | M84: 3 | O84: 2
A85: 50 | B85: 0 | C85: 0 | D85: 1 | E85: 223 | F85: =ROUND(Source!AQ75,O85) -> 0 | G85: ОборудЗак | H85: Стоимость оборудования заказчика | K85: 223 | L85: 9 | M85: 3 | O85: 2
A86: 50 | B86: 0 | C86: 0 | D86: 1 | E86: 229 | F86: =ROUND(Source!AZ75,O86) -> 0 | G86: ОборудПод | H86: Стоимость оборудования подрядчика | K86: 229 | L86: 10 | M86: 3 | O86: 2
A87: 50 | B87: 0 | C87: 0 | D87: 1 | E87: 203 | F87: =ROUND(Source!Q75,O87) -> 4974.72 | G87: ЭММ | H87: Эксплуатация машин | K87: 203 | L87: 11 | M87: 3 | O87: 2
A88: 50 | B88: 0 | C88: 0 | D88: 1 | E88: 231 | F88: =ROUND(Source!BB75,O88) -> 0 | G88: ЭММсНРиСП | H88: Эксплуатация машин по ТСН-2001.16 | K88: 231 | L88: 12 | M88: 3 | O88: 2
A89: 50 | B89: 0 | C89: 0 | D89: 1 | E89: 204 | F89: =ROUND(Source!R75,O89) -> 1457.51 | G89: ЗПМ | H89: ЗП машинистов | K89: 204 | L89: 13 | M89: 3 | O89: 2
A90: 50 | B90: 0 | C90: 0 | D90: 1 | E90: 205 | F90: =ROUND(Source!S75,O90) -> 35076.21 | G90: ОЗП | H90: Основная ЗП рабочих | K90: 205 | L90: 14 | M90: 3 | O90: 2
A91: 50 | B91: 0 | C91: 0 | D91: 1 | E91: 232 | F91: =ROUND(Source!BC75,O91) -> 0 | G91: ОЗПсНРиСП | H91: Основная ЗП рабочих по ТСН-2001.16 | K91: 232 | L91: 15 | M91: 3 | O91: 2
A92: 50 | B92: 0 | C92: 0 | D92: 1 | E92: 214 | F92: =ROUND(Source!AS75,O92) -> 802344 | G92: Строит | H92: Строительные работы с НР и СП | K92: 214 | L92: 16 | M92: 3 | O92: 2
A93: 50 | B93: 0 | C93: 0 | D93: 1 | E93: 215 | F93: =ROUND(Source!AT75,O93) -> 0 | G93: Монтаж | H93: Монтажные работы с НР и СП | K93: 215 | L93: 17 | M93: 3 | O93: 2
A94: 50 | B94: 0 | C94: 0 | D94: 1 | E94: 217 | F94: =ROUND(Source!AU75,O94) -> 0 | G94: Прочие | H94: Прочие работы с НР и СП | K94: 217 | L94: 18 | M94: 3 | O94: 2
A95: 50 | B95: 0 | C95: 0 | D95: 1 | E95: 230 | F95: =ROUND(Source!BA75,O95) -> 0 | G95: ПрочиеЗатр | H95: Прочие затраты по ТСН-2001.16 | K95: 230 | L95: 19 | M95: 3 | O95: 2
A96: 50 | B96: 0 | C96: 0 | D96: 1 | E96: 206 | F96: =ROUND(Source!T75,O96) -> 0 | G96: ВозврМат | H96: Возврат материалов | K96: 206 | L96: 20 | M96: 3 | O96: 2
A97: 50 | B97: 0 | C97: 0 | D97: 1 | E97: 207 | F97: =Source!U75 -> 642.25272 | G97: ТрудСтр | H97: Трудозатраты строителей | K97: 207 | L97: 21 | M97: 3 | O97: -1
A98: 50 | B98: 0 | C98: 0 | D98: 1 | E98: 208 | F98: =Source!V75 -> 17.824902 | G98: ТрудМаш | H98: Трудозатраты машинистов | K98: 208 | L98: 22 | M98: 3 | O98: -1
A99: 50 | B99: 0 | C99: 0 | D99: 1 | E99: 209 | F99: =ROUND(Source!W75,O99) -> 0 | G99: ТранспМат | H99: Транспорт материалов | K99: 209 | L99: 23 | M99: 3 | O99: 2
A100: 50 | B100: 0 | C100: 0 | D100: 1 | E100: 210 | F100: =ROUND(Source!X75,O100) -> 36973.85 | G100: НР | H100: Накладные расходы | K100: 210 | L100: 24 | M100: 3 | O100: 2
A101: 50 | B101: 0 | C101: 0 | D101: 1 | E101: 211 | F101: =ROUND(Source!Y75,O101) -> 20043.71 | G101: СмПриб | H101: Сметная прибыль | K101: 211 | L101: 25 | M101: 3 | O101: 2
A102: 50 | B102: 0 | C102: 0 | D102: 1 | E102: 224 | F102: =ROUND(Source!AR75,O102) -> 802344 | G102: Всего | H102: Всего с НР и СП | K102: 224 | L102: 26 | M102: 3 | O102: 2
A105: 70 | B105: 1 | D105: 1 | E105: СТР_РЕК | F105: СТРОИТЕЛЬСТВО и РЕКОНСТРУКЦИЯ зданий и сооружений всех назначений | G105: 0 | H105: 0 | J105: 1 | K105: 0 | N105: 0
A106: 70 | B106: 1 | D106: 2 | E106: РЕМ_ЖИЛ | F106: КАП. РЕМ. ЖИЛЫХ И ОБЩЕСТВЕННЫХ ЗДАНИЙ | G106: 1 | H106: 0 | J106: 1 | K106: 0 | N106: 0
A107: 70 | B107: 1 | D107: 3 | E107: РЕМ_ПР | F107: КАП. РЕМ. ПРОИЗВОДСТВЕННЫХ ЗД, и СООРУЖЕНИЙ, НАРУЖНЫХ ИНЖЕНЕРНЫХ СЕТЕЙ, УЛИЦ И ДОРОГ МЕСТНОГО ЗНАЧЕНИЯ, МОСТОВ И ПУТЕПРОВОДОВ | G107: 0 | H107: 0 | J107: 1 | K107: 0 | N107: 0
A108: 70 | B108: 1 | D108: 4 | E108: УПР | F108: {вкл} - УПРОЩЕННОЕ НАЛОГООБЛОЖЕНИЕ | G108: 0 | H108: 0 | I108: Для всех расценок. ( при применении упрощенной системы налогообложения) · {УПР} - ( вкл.) - при упрощенной системе ; к = 0,9 к СП ( к= 0,7 к НР отменен с 1.01.11) · {УПР} - ( выкл.) - при обычной системе налогообложения | J108: 0 | K108: 0 | N108: 0
A109: 70 | B109: 1 | D109: 5 | E109: ХОЗ | F109: {вкл} - ХОЗЯЙСТВЕННЫЙ СПОСОБ | G109: 0 | H109: 0 | I109: Для всех расценок. ( при хозяйственном способе производства работ): · {ХОЗ} - ( вкл.) - при хоз. способе (к=0,6 к НР ) · {ХОЗ} - ( выкл.) - при обычном способе производства работ | J109: 0 | K109: 0 | N109: 0
A110: 70 | B110: 1 | D110: 6 | E110: СЛЖ | F110: {вкл} - При РЕКОНСТРУКЦИИ сложных объектов, РЕКОНСТРУКЦИИ и КАП. РЕМОНТЕ объектов с дейст. яд. реакторами | G110: 0 | H110: 0 | I110: Для сборников ФЕР ( при производстве работ на технически сложных объектах ): · { СЛЖ } - (вкл.) - работа на сложных объектах (к=1,2 к НР) · { СЛЖ } - (выкл.) - работа на обычных объектах | J110: 0 | K110: 0 | N110: 0
A111: 70 | B111: 1 | D111: 7 | E111: М/Т/Я | F111: Работы по строительству мостов, тоннелей, метрополитенов, атомных станций, объектов с ядерным топливом и радиокативными отходами ( письмо Госстроя РФ № 2536-ИП/12/ГС от 27.11.12), коэффициенты к НР =0,85 и к СП-0,8 не назначаются | G111: 0 | H111: 0 | J111: 0 | K111: 0 | N111: 0
A112: 70 | B112: 1 | D112: 8 | E112: ОПТ/В | F112: {вкл} - Прокладка МЕЖДУГОРОДНИХ ВОЛОКОННО-ОПТИЧЕСКИХ ЛИНИЙ (для ФЕРм10, отд. 6 разд.3) {выкл} - Прокладка ГОРОДСКИХ ВОЛОКОННО-ОПТИТЕСКИХ ЛИНИЙ (для ФЕРм10, отд. 6 разд.3) | G112: 0 | H112: 0 | I112: Для сборников ФЕРм-10 ( волоконно-оптические линии связи ): · {М_ГОР_опт} - ( вкл.) - междугородные сети связи ( НР=120% , СП=70% ) · {М_ГОР_опт} - ( выкл.) - городские сети связи ( НР=100%; СП=65%) | J112: 0 | K112: 0 | N112: 0
A113: 70 | B113: 1 | D113: 9 | E113: ЗАКР | F113: {вкл} - Обслуживающие и сопутстующие работы в тоннелях при производве работ ЗАКРЫТЫМ СПОСОБОМ {выкл} - Обслуживающие и сопутстующие работы в тоннелях при производве работ ОТКРЫТЫМ (ФЕР-29, разд.04 ) | G113: 0 | H113: 0 | I113: Для сборника ФЕР -29 ( сопутствующие работы в тоннелях и метро. ): · {ЗАКР} - (вкл.) - при выполнении работ в тоннелях и метро закрытым способом (НР=145% , СП=75%); · {ЗАКР} - (выкл.) - при выполнении работ в тоннелях и метро отк | J113: 0 | K113: 0 | N113: 0
A114: 70 | B114: 1 | D114: 10 | E114: АВИ | F114: (вкл) - При работах по ДИСПЕТЧЕРЕЗАЦИИ управления движением АВИАТРАНСПОРТОМ {вкл} (монтажные работы ) | G114: 0 | H114: 0 | I114: Для сборников ФЕРм 08;10;11 : · {мАВИА} - (вкл.) - производство монтажных работы по диспетчеризации управления движением авиатранспортном (НР=95%, СП=55%) ; · {мАВИА} - (выкл. ) - при производстве работ на прочих объектах , кром | J114: 0 | K114: 0 | N114: 0
A115: 70 | B115: 1 | D115: 11 | E115: АЭС | F115: (вкл) - Производство эл./монт. работ на АЭС ( ФЕРм -08 , отдел 01-03 ), и контроль свар. швов на АЭС {вкл} (ФЕРм-39, отд. 02 и 03 ) (вык) - Произовдство эл./монт. работ и и контроль свар. швов на ОБЫЧНЫХ СООРУЖ, | G115: 0 | H115: 0 | I115: Для сборника ФЕРм -39 и ФЕРМ-08 ( при работах по контролю сварных соединений) : {мАЭС} - ( вкл.) - при выполнении работ по на АЭС (HР=101%; СП= 68%; {мАЭС} - (выкл.) - при выполнении работ на обычных объектах | J115: 0 | K115: 0 | N115: 0
A116: 70 | B116: 1 | D116: 12 | E116: Инд_исп.Сводный | F116: Используется Индекс "по сводному" | G116: 0 | H116: 0 | J116: 0 | K116: 0 | N116: 0
A117: 70 | B117: 1 | D117: 1 | E117: К_НР_РЕМ | F117: при ремонте жилых и общественных зданий если ( если {РЕМ_ЖИЛ}= [вкл.] | G117: 0.9 | H117: 1 | I117: Для сборников ФЕР и ФЕРмр : · Значение {_МДСрем_НР}= 0,90 - при ремонте зданий жилого и гражданского назначений ( 0,90 к НР) ; · Значение {_МДСрем_НР}= 1,00 - при строительстве и реконструкции объектов всех назначений | J117: 0 | K117: 0 | N117: 0
A118: 70 | B118: 1 | D118: 2 | E118: К_СП_РЕМ | F118: к нормам СП при капитальном ремонте зданий и сооружений всех назначений ( если или {РЕМ_ЖИЛ}=[вкл] , или (РЕМ_ПР}=[вкл] ) | G118: 0.85 | H118: 1 | I118: Для сборников ФЕР и ФЕРмр : · Значение {_МДСрем_СП} = 0.85 - при ремонте зданий всех назначений ( 0,85 к СП); · Значение {_МДСрем_СП} = 1,00 - при строительстве и реконструкции объектов всех назначений | J118: 0 | K118: 0 | N118: 0
A119: 70 | B119: 1 | D119: 3 | E119: К_НР_05 | F119: К нормам НР с 1.01.2005 по 1.01.2011 | G119: 1 | H119: 0.85 | I119: Для норм НР с 1.01.2011 года: · {_ТЕК_НР} = 0.85 - Коэффициент учитывающий изменение нормы страховых взносов с 1.01.1 - (при расчете в текущем уровне цен индексами по статьям затрат ) · {_ТЕК_НР} = 1,00 - при расчет в текущем уровне цен и при уп | J119: 0 | K119: 0 | N119: 0
A120: 70 | B120: 1 | D120: 4 | E120: К_НР_11 | F120: Коэфф. к НР для текущего уровня цен с 01.01.2011 при обычном и упрощенном налогообложении при постатейной индексации | G120: 1 | H120: 0 | J120: 0 | K120: 0 | N120: 0
A121: 70 | B121: 1 | D121: 5 | E121: К_СП_11 | F121: Коэф. к СП в текущем уровне цен с 01.01.2011 | G121: 1 | H121: 0.8 | I121: Для норм СП с 1.01.2011 года: · {_ТЕК_СП} = 0.80 - Коэффициент учитывающий изменение нормы страховых взносов с 1.01.11 - (при расчете в текущем уровне цен индексами по статьям затрат ) · {_ТЕК_СП} = 1,00 - без учета | J121: 0 | K121: 0 | N121: 0
A122: 70 | B122: 1 | D122: 6 | E122: К_НР_12 | F122: Корректировка НР с 03.12.12 если (М/Т/Я) = {выкл.} | G122: 0.85 | H122: 0 | J122: 0 | K122: 0 | N122: 0
A123: 70 | B123: 1 | D123: 7 | E123: К_СП_12 | F123: Корректировка СП с 03.12.12 в текущем уровне цен по письму 2536-ИП/12/ГС от 27.11.12 ( если (М/Т/Я) = {выкл.} ) | G123: 0.8 | H123: 0 | J123: 0 | K123: 0 | N123: 0
...

Sheet SourceObSm
A1: 0 | B1: Smeta.RU (495) 974-1589 | D1: _OBSM_ | F1: 0 | G1: 0 | H1: 0 | I1: Smeta.RU | J1: НИЯУ МИФИ Доп. раб. место MCCS-0027251 | K1: 0 | L1: 27251 | M1: 10
A12: 1 | B12: 50 | C12: 0 | E12: 0 | F12: Новый объект_(Копия)_(Копия)_(Копия) | G12: Капитальный ремонт оконных проемов НВПК НИЯУ МИФИ учебный корпус( _счет поставщика) | I12: 0 | K12: 0 | O12: 0 | P12: 0 | Q12: 0 | R12: 0 | V12: 0 | BH12: Сметные нормы списания | BI12: Коды ценников | BJ12: 1 | BK12: 1 | BL12: 0 | BM12: 0 | BN12: 1 | BO12: 0 | BP12: 2 | BQ12: 2 | BR12: 1 | BS12: 1 | BT12: 0 | BU12: 0 | BV12: 0 | BW12: 0 | BX12: 0 | BY12: ФЕР-2017 | BZ12: ТР для Версии 10: Центральные регионы (с учетом п-ма 2536-ИП/12/ГС от 22.03.2017 г | CA12: ФЕР-2017 | CB12: ФЕР-2017 | CC12: ФЕР-2017 | CD12: ФЕР-2017 | CE12: Поправки для ГСН 2017 от 31.03.2017 г | CF12: 0 | CG12: 0 | CH12: 524296 | CK12: 4 | EC12: 0
A14: 22 | B14: 0 | C14: 0 | D14: 16628881 | E14: 0 | F14: 3
A16: 3 | B16: 1 | C16: Новая локальная смета | D16: Новая локальная смета | E16: =(Source!F60)/1000 -> 802.344 | F16: =(Source!F61)/1000 -> 0 | G16: =(Source!F52)/1000 -> 0 | H16: =(Source!F62)/1000+(Source!F63)/1000 -> 0 | I16: =E16+F16+G16+H16 -> 802.344 | J16: =(Source!F58)/1000 -> 35.07621 | AI16: 0 | AJ16: 0 | AN16: 0 | AT16: 743144.1 | AU16: 703093.17 | AV16: 0 | AW16: 0 | AX16: 0 | AY16: 4974.72 | AZ16: 1457.51 | BA16: 35076.21 | BB16: 802344 | BC16: 0 | BD16: 0 | BE16: 0 | BF16: 642.25272 | BG16: 17.824902 | BH16: 0 | BI16: 36973.85 | BJ16: 20043.71 | BK16: 802344
A18: 51 | E18: =SUMIF(A16:A17,3,E16:E17) -> 802.344 | F18: =SUMIF(A16:A17,3,F16:F17) -> 0 | G18: =SUMIF(A16:A17,3,G16:G17) -> 0 | H18: =SUMIF(A16:A17,3,H16:H17) -> 0 | I18: =SUMIF(A16:A17,3,I16:I17) -> 802.344 | J18: =SUMIF(A16:A17,3,J16:J17) -> 35.07621
A20: 50 | B20: 0 | C20: 0 | D20: 1 | E20: 201 | F20: 743144.1 | G20: ПЗ | H20: Прямые затраты | K20: 201 | L20: 1 | M20: 3 | O20: 2
A21: 50 | B21: 0 | C21: 0 | D21: 1 | E21: 202 | F21: 703093.17 | G21: СтМатОб | H21: Стоимость материальных ресурсов (всего) | K21: 202 | L21: 2 | M21: 3 | O21: 2
A22: 50 | B22: 0 | C22: 0 | D22: 1 | E22: 222 | F22: 0 | G22: СтМатОбЗак | H22: Стоимость материалов и оборудования заказчика | K22: 222 | L22: 3 | M22: 3 | O22: 2
A23: 50 | B23: 0 | C23: 0 | D23: 1 | E23: 225 | F23: 703093.17 | G23: СтМатОбПод | H23: Стоимость материалов и оборудования подрядчика | K23: 225 | L23: 4 | M23: 3 | O23: 2
A24: 50 | B24: 0 | C24: 0 | D24: 1 | E24: 226 | F24: 703093.17 | G24: СтМат | H24: Стоимость материалов (всего) | K24: 226 | L24: 5 | M24: 3 | O24: 2
A25: 50 | B25: 0 | C25: 0 | D25: 1 | E25: 227 | F25: 0 | G25: СтМатЗак | H25: Стоимость материалов заказчика | K25: 227 | L25: 6 | M25: 3 | O25: 2
A26: 50 | B26: 0 | C26: 0 | D26: 1 | E26: 228 | F26: 703093.17 | G26: СтМатПод | H26: Стоимость материалов подрядчика | K26: 228 | L26: 7 | M26: 3 | O26: 2
A27: 50 | B27: 0 | C27: 0 | D27: 1 | E27: 216 | F27: 0 | G27: Оборуд | H27: Стоимость оборудования (всего) | K27: 216 | L27: 8 | M27: 3 | O27: 2
A28: 50 | B28: 0 | C28: 0 | D28: 1 | E28: 223 | F28: 0 | G28: ОборудЗак | H28: Стоимость оборудования заказчика | K28: 223 | L28: 9 | M28: 3 | O28: 2
A29: 50 | B29: 0 | C29: 0 | D29: 1 | E29: 229 | F29: 0 | G29: ОборудПод | H29: Стоимость оборудования подрядчика | K29: 229 | L29: 10 | M29: 3 | O29: 2
A30: 50 | B30: 0 | C30: 0 | D30: 1 | E30: 203 | F30: 4974.72 | G30: ЭММ | H30: Эксплуатация машин | K30: 203 | L30: 11 | M30: 3 | O30: 2
A31: 50 | B31: 0 | C31: 0 | D31: 1 | E31: 231 | F31: 0 | G31: ЭММсНРиСП | H31: Эксплуатация машин по ТСН-2001.16 | K31: 231 | L31: 12 | M31: 3 | O31: 2
... A45: 50 | B45: 0 | C45: 0 | D45: 1 | E45: 224 | F45: 802344 | G45: Всего | H45: Всего с НР и СП | K45: 224 | L45: 26 | M45: 3 | O45: 2
A47: -1
A50: 75 | B50: Уровень цен | C50: 2017 | D50: 4 | E50: 0 | F50: 0 | G50: 0 | H50: 1 | I50: 0 | J50: 1 | K50: 0 | L50: 0 | M50: 0 | N50: 16628881 | O50: 1
A51: 3 | B51: Индексы за итогом | C51: 6.38 | D51: 1 | E51: 1 | F51: 1 | G51: 1 | H51: 1 | I51: 1 | J51: 1 | K51: 1 | L51: 1 | M51: 6.38 | N51: 1 | O51: 1 | P51: 1 | Q51: 1 | R51: 1

Sheet SmtRes
A1: =ROW(Source!A24) -> 24 | B1: 16628881 | C1: 16628943 | D1: 15433667 | E1: 1 | F1: 1 | G1: 1 | H1: 1 | I1: 1-100-24 | K1: Рабочий среднего разряда 2.4 | L1: 1191 | N1: 1013 | O1: чел.-ч. | P1: чел.-ч. | Q1: 1 | W1: 0 | X1: 371339561 | Y1: 188.54 | AA1: 0 | AB1: 0 | AC1: 0 | AD1: 51.61 | AE1: 0 | AF1: 0 | AG1: 0 | AH1: 8.09 | AI1: 1 | AJ1: 1 | AK1: 1 | AL1: 6.38 | AN1: 0 | AO1: 1 | AP1: 0 | AQ1: 0 | AR1: 0 | AT1: 188.54 | AV1: 1 | AW1: 2 | AX1: 16628947 | AY1: 1 | AZ1: 0 | BA1: 1 | BB1: 0 | BC1: 0 | BD1: 0 | BE1: 0 | BF1: 0 | BG1: 0 | BH1: 0 | BI1: 0 | BJ1: 0 | BK1: 0 | BL1: 0 | BM1: 0 | BN1: 0 | BO1: 0 | BP1: 0 | BQ1: 0 | BR1: 0 | BS1: 0 | BT1: 0 | BU1: 0 | BV1: 0 | BW1: 0 | CX1: =Y1*Source!I24 -> 248.47687 | CY1: =AD1 -> 51.61 | CZ1: =AH1 -> 8.09 | DA1: =AL1 -> 6.38 | DB1: 0
A2: =ROW(Source!A24) -> 24 | B2: 16628881 | C2: 16628943 | D2: 15430395 | E2: 1 | F2: 1 | G2: 1 | H2: 1 | I2: 4-100-00 | K2: Затраты труда машинистов | L2: 1191 | N2: 1013 | O2: чел.-ч. | P2: чел.-ч. | Q2: 1 | W2: 0 | X2: -1417349443 | Y2: 7.74 | AA2: 0 | AB2: 0 | AC2: 0 | AD2: 0 | AE2: 0 | AF2: 0 | AG2: 0 | AH2: 0 | AI2: 1 | AJ2: 1 | AK2: 6.38 | AL2: 1 | AN2: 0 | AO2: 1 | AP2: 0 | AQ2: 0 | AR2: 0 | AT2: 7.74 | AV2: 2 | AW2: 2 | AX2: 16628948 | AY2: 1 | AZ2: 0 | BA2: 2 | BB2: 0 | BC2: 0 | BD2: 0 | BE2: 0 | BF2: 0 | BG2: 0 | BH2: 0 | BI2: 0 | BJ2: 0 | BK2: 0 | BL2: 0 | BM2: 0 | BN2: 0 | BO2: 0 | BP2: 0 | BQ2: 0 | BR2: 0 | BS2: 0 | BT2: 0 | BU2: 0 | BV2: 0 | BW2: 0 | CX2: =Y2*Source!I24 -> 10.200546 | CY2: =AD2 -> 0 | CZ2: =AH2 -> 0 | DA2: =AL2 -> 1 | DB2: 0
A3: =ROW(Source!A24) -> 24 | B3: 16628881 | C3: 16628943 | D3: 15247974 | E3: 1 | F3: 1 | G3: 1 | H3: 2 | I3: 91.06.06-048 | J3: ФСЭМ-2001, 91.06.06-048, приказ Минстроя России №1039/пр от 30.12.2016г. | K3: Подъемники одномачтовые, грузоподъемность до 500 кг, высота подъема 45 м | L3: 1368 | N3: 1011 | O3: маш.-ч | P3: маш.-ч | Q3: 1 | W3: 0 | X3: 1188625873 | Y3: 7.74 | AA3: 0 | AB3: 199.44 | AC3: 13.5 | AD3: 0 | AE3: 0 | AF3: 31.26 | AG3: 13.5 | AH3: 0 | AI3: 1 | AJ3: 6.38 | AK3: 1 | AL3: 1 | AN3: 0 | AO3: 1 | AP3: 0 | AQ3: 0 | AR3: 0 | AT3: 7.74 | AV3: 0 | AW3: 2 | AX3: 16628949 | AY3: 1 | AZ3: 0 | BA3: 3 | BB3: 0 | BC3: 0 | BD3: 0 | BE3: 0 | BF3: 0 | BG3: 0 | BH3: 0 | BI3: 0 | BJ3: 0 | BK3: 0 | BL3: 0 | BM3: 0 | BN3: 0 | BO3: 0 | BP3: 0 | BQ3: 0 | BR3: 0 | BS3: 0 | BT3: 0 | BU3: 0 | BV3: 0 | BW3: 0 | CX3: =Y3*Source!I24 -> 10.200546 | CY3: =AB3 -> 199.44 | CZ3: =AF3 -> 31.26 | DA3: =AJ3 -> 6.38 | DB3: 0
A4: =ROW(Source!A25) -> 25 | B4: 16628881 | C4: 16628950 | D4: 15436014 | E4: 1 | F4: 1 | G4: 1 | H4: 1 | I4: 1-100-32 | K4: Рабочий среднего разряда 3.2 | L4: 1191 | N4: 1013 | O4: чел.-ч. | P4: чел.-ч. | Q4: 1 | W4: 0 | X4: -784637506 | Y4: 171.534 | AA4: 0 | AB4: 0 | AC4: 0 | AD4: 55.76 | AE4: 0 | AF4: 0 | AG4: 0 | AH4: 8.74 | AI4: 1 | AJ4: 1 | AK4: 1 | AL4: 6.38 | AN4: 0 | AO4: 1 | AP4: 1 | AQ4: 0 | AR4: 0 | AT4: 149.16 | AU4: )*1,15 | AV4: 1 | AW4: 2 | AX4: 16628965 | AY4: 1 | AZ4: 0 | BA4: 4 | BB4: 0 | BC4: 0 | BD4: 0 | BE4: 0 | BF4: 0 | BG4: 0 | BH4: 0 | BI4: 0 | BJ4: 0 | BK4: 0 | BL4: 0 | BM4: 0 | BN4: 0 | BO4: 0 | BP4: 0 | BQ4: 0 | BR4: 0 | BS4: 0 | BT4: 0 | BU4: 0 | BV4: 0 | BW4: 0 | CX4: =Y4*Source!I25 -> 226.06466 | CY4: =AD4 -> 55.76 | CZ4: =AH4 -> 8.74 | DA4: =AL4 -> 6.38 | DB4: 0
A5: =ROW(Source!A25) -> 25 | B5: 16628881 | C5: 16628950 | D5: 15430395 | E5: 1 | F5: 1 | G5: 1 | H5: 1 | I5: 4-100-00 | K5: Затраты труда машинистов | L5: 1191 | N5: 1013 | O5: чел.-ч. | P5: чел.-ч. | Q5: 1 | W5: 0 | X5: -1417349443 | Y5: 4.23 | AA5: 0 | AB5: 0 | AC5: 0 | AD5: 0 | AE5: 0 | AF5: 0 | AG5: 0 | AH5: 0 | AI5: 1 | AJ5: 1 | AK5: 6.38 | AL5: 1 | AN5: 0 | AO5: 1 | AP5: 0 | AQ5: 0 | AR5: 0 | AT5: 4.23 | AV5: 2 | AW5: 2 | AX5: 16628966 | AY5: 1 | AZ5: 2048 | BA5: 5 | BB5: 0 | BC5: 0 | BD5: 0 | BE5: 0 | BF5: 0 | BG5: 0 | BH5: 0 | BI5: 0 | BJ5: 0 | BK5: 0 | BL5: 0 | BM5: 0 | BN5: 0 | BO5: 0 | BP5: 0 | BQ5: 0 | BR5: 0 | BS5: 0 | BT5: 0 | BU5: 0 | BV5: 0 | BW5: 0 | CX5: =Y5*Source!I25 -> 5.574717 | CY5: =AD5 -> 0 | CZ5: =AH5 -> 0 | DA5: =AL5 -> 1 | DB5: 0
A6: =ROW(Source!A25) -> 25 | B6: 16628881 | C6: 16628950 | D6: 15247974 | E6: 1 | F6: 1 | G6: 1 | H6: 2 | I6: 91.06.06-048 | J6: ФСЭМ-2001, 91.06.06-048, приказ Минстроя России №1039/пр от 30.12.2016г. | K6: Подъемники одномачтовые, грузоподъемность до 500 кг, высота подъема 45 м | L6: 1368 | N6: 1011 | O6: маш.-ч | P6: маш.-ч | Q6: 1 | W6: 0 | X6: 1188625873 | Y6: 0.825 | AA6: 0 | AB6: 199.44 | AC6: 13.5 | AD6: 0 | AE6: 0 | AF6: 31.26 | AG6: 13.5 | AH6: 0 | AI6: 1 | AJ6: 6.38 | AK6: 1 | AL6: 1 | AN6: 0 | AO6: 1 | AP6: 1 | AQ6: 0 | AR6: 0 | AT6: 0.66 | AU6: )*1,25 | AV6: 0 | AW6: 2 | AX6: 16628967 | AY6: 1 | AZ6: 0 | BA6: 6 | BB6: 0 | BC6: 0 | BD6: 0 | BE6: 0 | BF6: 0 | BG6: 0 | BH6: 0 | BI6: 0 | BJ6: 0 | BK6: 0 | BL6: 0 | BM6: 0 | BN6: 0 | BO6: 0 | BP6: 0 | BQ6: 0 | BR6: 0 | BS6: 0 | BT6: 0 | BU6: 0 | BV6: 0 | BW6: 0 | CX6: =Y6*Source!I25 -> 1.0872675 | CY6: =AB6 -> 199.44 | CZ6: =AF6 -> 31.26 | DA6: =AJ6 -> 6.38 | DB6: 0
A7: =ROW(Source!A25) -> 25 | B7: 16628881 | C7: 16628950 | D7: 15249073 | E7: 1 | F7: 1 | G7: 1 | H7: 2 | I7: 91.14.02-001 | J7: ФСЭМ-2001, 91.14.02-001, приказ Минстроя России №1039/пр от 30.12.2016г. | K7: Автомобили бортовые, грузоподъемность до 5 т | L7: 1368 | N7: 1011 | O7: маш.-ч | P7: маш.-ч | Q7: 1 | W7: 0 | X7: 1372534845 | Y7: 4.4625 | AA7: 0 | AB7: 419.23 | AC7: 11.6 | AD7: 0 | AE7: 0 | AF7: 65.71 | AG7: 11.6 | AH7: 0 | AI7: 1 | AJ7: 6.38 | AK7: 1 | AL7: 1 | AN7: 0 | AO7: 1 | AP7: 1 | AQ7: 0 | AR7: 0 | AT7: 3.57 | AU7: )*1,25 | AV7: 0 | AW7: 2 | AX7: 16628968 | AY7: 1 | AZ7: 0 | BA7: 7 | BB7: 0 | BC7: 0 | BD7: 0 | BE7: 0 | BF7: 0 | BG7: 0 | BH7: 0 | BI7: 0 | BJ7: 0 | BK7: 0 | BL7: 0 | BM7: 0 | BN7: 0 | BO7: 0 | BP7: 0 | BQ7: 0 | BR7: 0 | BS7: 0 | BT7: 0 | BU7: 0 | BV7: 0 | BW7: 0 | CX7: =Y7*Source!I25 -> 5.8811287 | CY7: =AB7 -> 419.23 | CZ7: =AF7 -> 65.71 | DA7: =AJ7 -> 6.38 | DB7: 0
A8: =ROW(Source!A25) -> 25 | B8: 16628881 | C8: 16628950 | D8: 15167551 | E8: 1 | F8: 1 | G8: 1 | H8: 3 | I8: 01.7.06.02-0001 | J8: ФССЦ-2001, 01.7.06.02-0001, приказ Минстроя России №1039/пр от 30.12.2016г. | K8: Лента бутиловая | L8: 1301 | N8: 1003 | O8: м | P8: м | Q8: 1 | W8: 0 | X8: 751777312 | Y8: 253 | AA8: 40.7 | AB8: 0 | AC8: 0 | AD8: 0 | AE8: 6.38 | AF8: 0 | AG8: 0 | AH8: 0 | AI8: 6.38 | AJ8: 1 | AK8: 1 | AL8: 1 | AN8: 0 | AO8: 1 | AP8: 0 | AQ8: 0 | AR8: 0 | AT8: 253 | AV8: 0 | AW8: 2 | AX8: 16628969 | AY8: 1 | AZ8: 0 | BA8: 8 | BB8: 0 | BC8: 0 | BD8: 0 | BE8: 0 | BF8: 0 | BG8: 0 | BH8: 0 | BI8: 0 | BJ8: 0 | BK8: 0 | BL8: 0 | BM8: 0 | BN8: 0 | BO8: 0 | BP8: 0 | BQ8: 0 | BR8: 0 | BS8: 0 | BT8: 0 | BU8: 0 | BV8: 0 | BW8: 0 | CX8: =Y8*Source!I25 -> 333.4287 | CY8: =AA8 -> 40.7 | CZ8: =AE8 -> 6.38 | DA8: =AI8 -> 6.38 | DB8: 0
A9: =ROW(Source!A25) -> 25 | B9: 16628881 | C9: 16628950 | D9: 15167552 | E9: 1 | F9: 1 | G9: 1 | H9: 3 | I9: 01.7.06.02-0002 | J9: ФССЦ-2001, 01.7.06.02-0002, приказ Минстроя России №1039/пр от 30.12.2016г. | K9: Лента бутиловая диффузионная | L9: 1301 | N9: 1003 | O9: м | P9: м | Q9: 1 | W9: 0 | X9: 1744203244 | Y9: 59 | AA9: 50.72 | AB9: 0 | AC9: 0 | AD9: 0 | AE9: 7.95 | AF9: 0 | AG9: 0 | AH9: 0 | AI9: 6.38 | AJ9: 1 | AK9: 1 | AL9: 1 | AN9: 0 | AO9: 1 | AP9: 0 | AQ9: 0 | AR9: 0 | AT9: 59 | AV9: 0 | AW9: 2 | AX9: 16628970 | AY9: 1 | AZ9: 0 | BA9: 9 | BB9: 0 | BC9: 0 | BD9: 0 | BE9: 0 | BF9: 0 | BG9: 0 | BH9: 0 | BI9: 0 | BJ9: 0 | BK9: 0 | BL9: 0 | BM9: 0 | BN9: 0 | BO9: 0 | BP9: 0 | BQ9: 0 | BR9: 0 | BS9: 0 | BT9: 0 | BU9: 0 | BV9: 0 | BW9: 0 | CX9: =Y9*Source!I25 -> 77.7561 | CY9: =AA9 -> 50.72 | CZ9: =AE9 -> 7.95 | DA9: =AI9 -> 6.38 | DB9: 0
A10: =ROW(Source!A25) -> 25 | B10: 16628881 | C10: 16628950 | D10: 15167640 | E10: 1 | F10: 1 | G10: 1 | H10: 3 | I10: 01.7.06.11-0001 | J10: ФССЦ-2001, 01.7.06.11-0001, приказ Минстроя России №1039/пр от 30.12.2016г. | K10: Лента ПСУЛ | L10: 1302 | N10: 1003 | O10: 10 м | P10: 10 м | Q10: 10 | W10: 0 | X10: -405326455 | Y10: 15.9 | AA10: 408.96 | AB10: 0 | AC10: 0 | AD10: 0 | AE10: 64.1 | AF10: 0 | AG10: 0 | AH10: 0 | AI10: 6.38 | AJ10: 1 | AK10: 1 | AL10: 1 | AN10: 0 | AO10: 1 | AP10: 0 | AQ10: 0 | AR10: 0 | AT10: 15.9 | AV10: 0 | AW10: 2 | AX10: 16628971 | AY10: 1 | AZ10: 0 | BA10: 10 | BB10: 0 | BC10: 0 | BD10: 0 | BE10: 0 | BF10: 0 | BG10: 0 | BH10: 0 | BI10: 0 | BJ10: 0 | BK10: 0 | BL10: 0 | BM10: 0 | BN10: 0 | BO10: 0 | BP10: 0 | BQ10: 0 | BR10: 0 | BS10: 0 | BT10: 0 | BU10: 0 | BV10: 0 | BW10: 0 | CX10: =Y10*Source!I25 -> 20.95461 | CY10: =AA10 -> 408.96 | CZ10: =AE10 -> 64.1 | DA10: =AI10 -> 6.38 | DB10: 0
A11: =ROW(Source!A25) -> 25 | B11: 16628881 | C11: 16628950 | D11: 15170065 | E11: 1 | F11: 1 | G11: 1 | H11: 3 | I11: 01.7.15.07-0005 | J11: ФССЦ-2001, 01.7.15.07-0005, приказ Минстроя России №1039/пр от 30.12.2016г. | K11: Дюбели монтажные 10х130 (10х132, 10х150) мм | L11: 1358 | N11: 1010 | O11: 10 шт. | P11: 10 шт. | Q11: 10 | W11: 0 | X11: -858120743 | Y11: 41.2 | AA11: 44.85 | AB11: 0 | AC11: 0 | AD11: 0 | AE11: 7.03 | AF11: 0 | AG11: 0 | AH11: 0 | AI11: 6.38 | AJ11: 1 | AK11: 1 | AL11: 1 | AN11: 0 | AO11: 1 | AP11: 0 | AQ11: 0 | AR11: 0 | AT11: 41.2 | AV11: 0 | AW11: 2 | AX11: 16628972 | AY11: 1 | AZ11: 0 | BA11: 11 | BB11: 0 | BC11: 0 | BD11: 0 | BE11: 0 | BF11: 0 | BG11: 0 | BH11: 0 | BI11: 0 | BJ11: 0 | BK11: 0 | BL11: 0 | BM11: 0 | BN11: 0 | BO11: 0 | BP11: 0 | BQ11: 0 | BR11: 0 | BS11: 0 | BT11: 0 | BU11: 0 | BV11: 0 | BW11: 0 | CX11: =Y11*Source!I25 -> 54.29748 | CY11: =AA11 -> 44.85 | CZ11: =AE11 -> 7.03 | DA11: =AI11 -> 6.38 | DB11: 0
A12: =ROW(Source!A25) -> 25 | B12: 16628881 | C12: 16628950 | D12: 15197780 | E12: 1 | F12: 1 | G12: 1 | H12: 3 | I12: 11.3.03.15-0021 | J12: ФССЦ-2001, 11.3.03.15-0021, приказ Минстроя России №1039/пр от 30.12.2016г. | K12: Клинья пластиковые монтажные | L12: 1355 | N12: 1010 | O12: 100 шт. | P12: 100 шт. | Q12: 100 | W12: 0 | X12: 1709713925 | Y12: 8 | AA12: 319 | AB12: 0 | AC12: 0 | AD12: 0 | AE12: 50 | AF12: 0 | AG12: 0 | AH12: 0 | AI12: 6.38 | AJ12: 1 | AK12: 1 | AL12: 1 | AN12: 0 | AO12: 1 | AP12: 0 | AQ12: 0 | AR12: 0 | AT12: 8 | AV12: 0 | AW12: 2 | AX12: 16628974 | AY12: 1 | AZ12: 0 | BA12: 13 | BB12: 0 | BC12: 0 | BD12: 0 | BE12: 0 | BF12: 0 | BG12: 0 | BH12: 0 | BI12: 0 | BJ12: 0 | BK12: 0 | BL12: 0 | BM12: 0 | BN12: 0 | BO12: 0 | BP12: 0 | BQ12: 0 | BR12: 0 | BS12: 0 | BT12: 0 | BU12: 0 | BV12: 0 | BW12: 0 | CX12: =Y12*Source!I25 -> 10.5432 | CY12: =AA12 -> 319 | CZ12: =AE12 -> 50 | DA12: =AI12 -> 6.38 | DB12: 0
A13: =ROW(Source!A25) -> 25 | B13: 16628881 | C13: 16628950 | D13: 15204239 | E13: 1 | F13: 1 | G13: 1 | H13: 3 | I13: 14.5.01.05-0001 | J13: ФССЦ-2001, 14.5.01.05-0001, приказ Минстроя России №1039/пр от 30.12.2016г. | K13: Герметик пенополиуретановый (пена монтажная) типа Makrofleks, Soudal в баллонах по 750 мл | L13: 1354 | N13: 1010 | O13: шт. | P13: шт. | Q13: 1 | W13: 0 | X13: -1018551266 | Y13: 71 | AA13: 427.46 | AB13: 0 | AC13: 0 | AD13: 0 | AE13: 67 | AF13: 0 | AG13: 0 | AH13: 0 | AI13: 6.38 | AJ13: 1 | AK13: 1 | AL13: 1 | AN13: 0 | AO13: 1 | AP13: 0 | AQ13: 0 | AR13: 0 | AT13: 71 | AV13: 0 | AW13: 2 | AX13: 16628975 | AY13: 1 | AZ13: 0 | BA13: 14 | BB13: 0 | BC13: 0 | BD13: 0 | BE13: 0 | BF13: 0 | BG13: 0 | BH13: 0 | BI13: 0 | BJ13: 0 | BK13: 0 | BL13: 0 | BM13: 0 | BN13: 0 | BO13: 0 | BP13: 0 | BQ13: 0 | BR13: 0 | BS13: 0 | BT13: 0 | BU13: 0 | BV13: 0 | BW13: 0 | CX13: =Y13*Source!I25 -> 93.5709 | CY13: =AA13 -> 427.46 | CZ13: =AE13 -> 67 | DA13: =AI13 -> 6.38 | DB13: 0
A14: =ROW(Source!A25) -> 25 | B14: 16628881 | C14: 16628950 | D14: 0 | E14: 0 | F14: 1 | G14: 1 | H14: 3 | I14: Средняя цена коммерческих предложений | K14: Оконный блок из ПВХ | L14: 1327 | N14: 1005 | O14: м2 | P14: м2 | Q14: 1 | W14: 0 | X14: 1285733230 | Y14: 100 | AA14: 3316.13 | AB14: 0 | AC14: 0 | AD14: 0 | AE14: 519.77 | AF14: 0 | AG14: 0 | AH14: 0 | AI14: 6.38 | AJ14: 1 | AK14: 1 | AL14: 1 | AN14: 0 | AO14: 0 | AP14: 0 | AQ14: 0 | AR14: 0 | AT14: 100 | AV14: 0 | AW14: 1 | AX14: -1 | AY14: 0 | AZ14: 0 | BB14: 0 | BC14: 0 | BD14: 0 | BE14: 0 | BF14: 0 | BG14: 0 | BH14: 0 | BI14: 0 | BJ14: 0 | BK14: 0 | BL14: 0 | BM14: 0 | BN14: 0 | BO14: 0 | BP14: 0 | BQ14: 0 | BR14: 0 | BS14: 0 | BT14: 0 | BU14: 0 | BV14: 0 | BW14: 0 | CX14: =Y14*Source!I25 -> 131.79 | CY14: =AA14 -> 3316.13 | CZ14: =AE14 -> 519.77 | DA14: =AI14 -> 6.38 | DB14: 0
A15: =ROW(Source!A27) -> 27 | B15: 16628881 | C15: 16629006 | D15: 15430767 | E15: 1 | F15: 1 | G15: 1 | H15: 1 | I15: 1-100-30 | K15: Рабочий среднего разряда 3 | L15: 1191 | N15: 1013 | O15: чел.-ч. | P15: чел.-ч. | Q15: 1 | W15: 0 | X15: -400197608 | Y15: 129.6625 | AA15: 0 | AB15: 0 | AC15: 0 | AD15: 54.42 | AE15: 0 | AF15: 0 | AG15: 0 | AH15: 8.53 | AI15: 1 | AJ15: 1 | AK15: 1 | AL15: 6.38 | AN15: 0 | AO15: 1 | AP15: 1 | AQ15: 0 | AR15: 0 | AT15: 112.75 | AU15: )*1,15 | AV15: 1 | AW15: 2 | AX15: 16629015 | AY15: 1 | AZ15: 0 | BA15: 15 | BB15: 0 | BC15: 0 | BD15: 0 | BE15: 0 | BF15: 0 | BG15: 0 | BH15: 0 | BI15: 0 | BJ15: 0 | BK15: 0 | BL15: 0 | BM15: 0 | BN15: 0 | BO15: 0 | BP15: 0 | BQ15: 0 | BR15: 0 | BS15: 0 | BT15: 0 | BU15: 0 | BV15: 0 | BW15: 0 | CX15: =Y15*Source!I27 -> 15.507635 | CY15: =AD15 -> 54.42 | CZ15: =AH15 -> 8.53 | DA15: =AL15 -> 6.38 | DB15: 0
A16: =ROW(Source!A27) -> 27 | B16: 16628881 | C16: 16629006 | D16: 15430395 | E16: 1 | F16: 1 | G16: 1 | H16: 1 | I16: 4-100-00 | K16: Затраты труда машинистов | L16: 1191 | N16: 1013 | O16: чел.-ч. | P16: чел.-ч. | Q16: 1 | W16: 0 | X16: -1417349443 | Y16: 0.27 | AA16: 0 | AB16: 0 | AC16: 0 | AD16: 0 | AE16: 0 | AF16: 0 | AG16: 0 | AH16: 0 | AI16: 1 | AJ16: 1 | AK16: 6.38 | AL16: 1 | AN16: 0 | AO16: 1 | AP16: 0 | AQ16: 0 | AR16: 0 | AT16: 0.27 | AV16: 2 | AW16: 2 | AX16: 16629016 | AY16: 1 | AZ16: 2048 | BA16: 16 | BB16: 0 | BC16: 0 | BD16: 0 | BE16: 0 | BF16: 0 | BG16: 0 | BH16: 0 | BI16: 0 | BJ16: 0 | BK16: 0 | BL16: 0 | BM16: 0 | BN16: 0 | BO16: 0 | BP16: 0 | BQ16: 0 | BR16: 0 | BS16: 0 | BT16: 0 | BU16: 0 | BV16: 0 | BW16: 0 | CX16: =Y16*Source!I27 -> 0.032292 | CY16: =AD16 -> 0 | CZ16: =AH16 -> 0 | DA16: =AL16 -> 1 | DB16: 0
A17: =ROW(Source!A27) -> 27 | B17: 16628881 | C17: 16629006 | D17: 15247578 | E17: 1 | F17: 1 | G17: 1 | H17: 2 | I17: 91.05.01-017 | J17: ФСЭМ-2001, 91.05.01-017, приказ Минстроя России №1039/пр от 30.12.2016г. | K17: Краны башенные, грузоподъемность 8 т | L17: 1368 | N17: 1011 | O17: маш.-ч | P17: маш.-ч | Q17: 1 | W17: 0 | X17: -1460065968 | Y17: 0.25 | AA17: 0 | AB17: 551.23 | AC17: 13.5 | AD17: 0 | AE17: 0 | AF17: 86.4 | AG17: 13.5 | AH17: 0 | AI17: 1 | AJ17: 6.38 | AK17: 1 | AL17: 1 | AN17: 0 | AO17: 1 | AP17: 1 | AQ17: 0 | AR17: 0 | AT17: 0.2 | AU17: )*1,25 | AV17: 0 | AW17: 2 | AX17: 16629017 | AY17: 1 | AZ17: 0 | BA17: 17 | BB17: 0 | BC17: 0 | BD17: 0 | BE17: 0 | BF17: 0 | BG17: 0 | BH17: 0 | BI17: 0 | BJ17: 0 | BK17: 0 | BL17: 0 | BM17: 0 | BN17: 0 | BO17: 0 | BP17: 0 | BQ17: 0 | BR17: 0 | BS17: 0 | BT17: 0 | BU17: 0 | BV17: 0 | BW17: 0 | CX17: =Y17*Source!I27 -> 0.0299 | CY17: =AB17 -> 551.23 | CZ17: =AF17 -> 86.4 | DA17: =AJ17 -> 6.38 | DB17: 0
A18: =ROW(Source!A27) -> 27 | B18: 16628881 | C18: 16629006 | D18: 15249073 | E18: 1 | F18: 1 | G18: 1 | H18: 2 | I18: 91.14.02-001 | J18: ФСЭМ-2001, 91.14.02-001, приказ Минстроя России №1039/пр от 30.12.2016г. | K18: Автомобили бортовые, грузоподъемность до 5 т | L18: 1368 | N18: 1011 | O18: маш.-ч | P18: маш.-ч | Q18: 1 | W18: 0 | X18: 1372534845 | Y18: 0.0875 | AA18: 0 | AB18: 419.23 | AC18: 11.6 | AD18: 0 | AE18: 0 | AF18: 65.71 | AG18: 11.6 | AH18: 0 | AI18: 1 | AJ18: 6.38 | AK18: 1 | AL18: 1 | AN18: 0 | AO18: 1 | AP18: 1 | AQ18: 0 | AR18: 0 | AT18: 0.07 | AU18: )*1,25 | AV18: 0 | AW18: 2 | AX18: 16629018 | AY18: 1 | AZ18: 0 | BA18: 18 | BB18: 0 | BC18: 0 | BD18: 0 | BE18: 0 | BF18: 0 | BG18: 0 | BH18: 0 | BI18: 0 | BJ18: 0 | BK18: 0 | BL18: 0 | BM18: 0 | BN18: 0 | BO18: 0 | BP18: 0 | BQ18: 0 | BR18: 0 | BS18: 0 | BT18: 0 | BU18: 0 | BV18: 0 | BW18: 0 | CX18: =Y18*Source!I27 -> 0.010465 | CY18: =AB18 -> 419.23 | CZ18: =AF18 -> 65.71 | DA18: =AJ18 -> 6.38 | DB18: 0
A19: =ROW(Source!A27) -> 27 | B19: 16628881 | C19: 16629006 | D19: 15170059 | E19: 1 | F19: 1 | G19: 1 | H19: 3 | I19: 01.7.15.06-0146 | J19: ФССЦ-2001, 01.7.15.06-0146, приказ Минстроя России №1039/пр от 30.12.2016г. | K19: Гвозди толевые круглые 3,0х40 мм | L19: 1348 | N19: 1009 | O19: т | P19: т | Q19: 1000 | W19: 0 | X19: -1818623805 | Y19: 0.004 | AA19: 54070.5 | AB19: 0 | AC19: 0 | AD19: 0 | AE19: 8475 | AF19: 0 | AG19: 0 | AH19: 0 | AI19: 6.38 | AJ19: 1 | AK19: 1 | AL19: 1 | AN19: 0 | AO19: 1 | AP19: 0 | AQ19: 0 | AR19: 0 | AT19: 0.004 | AV19: 0 | AW19: 2 | AX19: 16629019 | AY19: 1 | AZ19: 0 | BA19: 19 | BB19: 0 | BC19: 0 | BD19: 0 | BE19: 0 | BF19: 0 | BG19: 0 | BH19: 0 | BI19: 0 | BJ19: 0 | BK19: 0 | BL19: 0 | BM19: 0 | BN19: 0 | BO19: 0 | BP19: 0 | BQ19: 0 | BR19: 0 | BS19: 0 | BT19: 0 | BU19: 0 | BV19: 0 | BW19: 0 | CX19: =Y19*Source!I27 -> 0.0004784 | CY19: =AA19 -> 54070.5 | CZ19: =AE19 -> 8475 | DA19: =AI19 -> 6.38 | DB19: 0
A20: =ROW(Source!A27) -> 27 | B20: 16628881 | C20: 16629006 | D20: 15191140 | E20: 1 | F20: 1 | G20: 1 | H20: 3 | I20: 08.3.03.05-0002 | J20: ФССЦ-2001, 08.3.03.05-0002, приказ Минстроя России №1039/пр от 30.12.2016г. | K20: Проволока канатная оцинкованная, диаметром 3 мм | L20: 1348 | N20: 1009 | O20: т | P20: т | Q20: 1000 | W20: 0 | X20: -177380457 | Y20: 0.012 | AA20: 52252.2 | AB20: 0 | AC20: 0 | AD20: 0 | AE20: 8190 | AF20: 0 | AG20: 0 | AH20: 0 | AI20: 6.38 | AJ20: 1 | AK20: 1 | AL20: 1 | AN20: 0 | AO20: 1 | AP20: 0 | AQ20: 0 | AR20: 0 | AT20: 0.012 | AV20: 0 | AW20: 2 | AX20: 16629020 | AY20: 1 | AZ20: 0 | BA20: 20 | BB20: 0 | BC20: 0 | BD20: 0 | BE20: 0 | BF20: 0 | BG20: 0 | BH20: 0 | BI20: 0 | BJ20: 0 | BK20: 0 | BL20: 0 | BM20: 0 | BN20: 0 | BO20: 0 | BP20: 0 | BQ20: 0 | BR20: 0 | BS20: 0 | BT20: 0 | BU20: 0 | BV20: 0 | BW20: 0 | CX20: =Y20*Source!I27 -> 0.0014352 | CY20: =AA20 -> 52252.2 | CZ20: =AE20 -> 8190 | DA20: =AI20 -> 6.38 | DB20: 0
A21: =ROW(Source!A27) -> 27 | B21: 16628881 | C21: 16629006 | D21: 15191387 | E21: 1 | F21: 1 | G21: 1 | H21: 3 | I21: 08.3.05.05-0053 | J21: ФССЦ-2001, 08.3.05.05-0053, приказ Минстроя России №1039/пр от 30.12.2016г. | K21: Сталь листовая оцинкованная толщиной листа 0,7 мм | L21: 1348 | N21: 1009 | O21: т | P21: т | Q21: 1000 | W21: 1 | X21: -272931147 | Y21: -0.782 | AA21: 71456 | AB21: 0 | AC21: 0 | AD21: 0 | AE21: 11200 | AF21: 0 | AG21: 0 | AH21: 0 | AI21: 6.38 | AJ21: 1 | AK21: 1 | AL21: 1 | AN21: 0 | AO21: 1 | AP21: 0 | AQ21: 0 | AR21: 0 | AT21: -0.782 | AV21: 0 | AW21: 2 | AX21: 16629021 | AY21: 1 | AZ21: 6144 | BA21: 21 | BB21: 0 | BC21: 0 | BD21: 0 | BE21: 0 | BF21: 0 | BG21: 0 | BH21: 0 | BI21: 0 | BJ21: 0 | BK21: 0 | BL21: 0 | BM21: 0 | BN21: 0 | BO21: 0 | BP21: 0 | BQ21: 0 | BR21: 0 | BS21: 0 | BT21: 0 | BU21: 0 | BV21: 0 | BW21: 0 | CX21: =Y21*Source!I27 -> -0.0935272 | CY21: =AA21 -> 71456 | CZ21: =AE21 -> 11200 | DA21: =AI21 -> 6.38 | DB21: 0
A22: =ROW(Source!A27) -> 27 | B22: 16628881 | C22: 16629006 | D22: 0 | E22: 0 | F22: 1 | G22: 1 | H22: 3 | I22: Средняя цена коммерческих предложений | K22: Водоотлив оконный шириной до 250 мм из оцинкованной стали с полимерным покрытием | L22: 1301 | N22: 1003 | O22: м | P22: м | Q22: 1 | W22: 0 | X22: -589723811 | Y22: 500 | AA22: 126.58 | AB22: 0 | AC22: 0 | AD22: 0 | AE22: 19.84 | AF22: 0 | AG22: 0 | AH22: 0 | AI22: 6.38 | AJ22: 1 | AK22: 1 | AL22: 1 | AN22: 0 | AO22: 0 | AP22: 0 | AQ22: 0 | AR22: 0 | AT22: 500 | AV22: 0 | AW22: 1 | AX22: -1 | AY22: 0 | AZ22: 0 | BB22: 0 | BC22: 0 | BD22: 0 | BE22: 0 | BF22: 0 | BG22: 0 | BH22: 0 | BI22: 0 | BJ22: 0 | BK22: 0 | BL22: 0 | BM22: 0 | BN22: 0 | BO22: 0 | BP22: 0 | BQ22: 0 | BR22: 0 | BS22: 0 | BT22: 0 | BU22: 0 | BV22: 0 | BW22: 0 | CX22: =Y22*Source!I27 -> 59.8 | CY22: =AA22 -> 126.58 | CZ22: =AE22 -> 19.84 | DA22: =AI22 -> 6.38 | DB22: 0
A23: =ROW(Source!A30) -> 30 | B23: 16628881 | C23: 16629024 | D23: 15438286 | E23: 1 | F23: 1 | G23: 1 | H23: 1 | I23: 1-100-36 | K23: Рабочий среднего разряда 3.6 | L23: 1191 | N23: 1013 | O23: чел.-ч. | P23: чел.-ч. | Q23: 1 | W23: 0 | X23: -1027537862 | Y23: 191.4405 | AA23: 0 | AB23: 0 | AC23: 0 | AD23: 58.57 | AE23: 0 | AF23: 0 | AG23: 0 | AH23: 9.18 | AI23: 1 | AJ23: 1 | AK23: 1 | AL23: 6.38 | AN23: 0 | AO23: 1 | AP23: 1 | AQ23: 0 | AR23: 0 | AT23: 166.47 | AU23: )*1,15 | AV23: 1 | AW23: 2 | AX23: 16629036 | AY23: 1 | AZ23: 0 | BA23: 22 | BB23: 0 | BC23: 0 | BD23: 0 | BE23: 0 | BF23: 0 | BG23: 0 | BH23: 0 | BI23: 0 | BJ23: 0 | BK23: 0 | BL23: 0 | BM23: 0 | BN23: 0 | BO23: 0 | BP23: 0 | BQ23: 0 | BR23: 0 | BS23: 0 | BT23: 0 | BU23: 0 | BV23: 0 | BW23: 0 | CX23: =Y23*Source!I30 -> 125.04893 | CY23: =AD23 -> 58.57 | CZ23: =AH23 -> 9.18 | DA23: =AL23 -> 6.38 | DB23: 0
A24: =ROW(Source!A30) -> 30 | B24: 16628881 | C24: 16629024 | D24: 15430395 | E24: 1 | F24: 1 | G24: 1 | H24: 1 | I24: 4-100-00 | K24: Затраты труда машинистов | L24: 1191 | N24: 1013 | O24: чел.-ч. | P24: чел.-ч. | Q24: 1 | W24: 0 | X24: -1417349443 | Y24: 0.58 | AA24: 0 | AB24: 0 | AC24: 0 | AD24: 0 | AE24: 0 | AF24: 0 | AG24: 0 | AH24: 0 | AI24: 1 | AJ24: 1 | AK24: 6.38 | AL24: 1 | AN24: 0 | AO24: 1 | AP24: 0 | AQ24: 0 | AR24: 0 | AT24: 0.58 | AV24: 2 | AW24: 2 | AX24: 16629037 | AY24: 1 | AZ24: 2048 | BA24: 23 | BB24: 0 | BC24: 0 | BD24: 0 | BE24: 0 | BF24: 0 | BG24: 0 | BH24: 0 | BI24: 0 | BJ24: 0 | BK24: 0 | BL24: 0 | BM24: 0 | BN24: 0 | BO24: 0 | BP24: 0 | BQ24: 0 | BR24: 0 | BS24: 0 | BT24: 0 | BU24: 0 | BV24: 0 | BW24: 0 | CX24: =Y24*Source!I30 -> 0.378856 | CY24: =AD24 -> 0 | CZ24: =AH24 -> 0 | DA24: =AL24 -> 1 | DB24: 0
A25: =ROW(Source!A30) -> 30 | B25: 16628881 | C25: 16629024 | D25: 15247974 | E25: 1 | F25: 1 | G25: 1 | H25: 2 | I25: 91.06.06-048 | J25: ФСЭМ-2001, 91.06.06-048, приказ Минстроя России №1039/пр от 30.12.2016г. | K25: Подъемники одномачтовые, грузоподъемность до 500 кг, высота подъема 45 м | L25: 1368 | N25: 1011 | O25: маш.-ч | P25: маш.-ч | Q25: 1 | W25: 0 | X25: 1188625873 | Y25: 0.1 | AA25: 0 | AB25: 199.44 | AC25: 13.5 | AD25: 0 | AE25: 0 | AF25: 31.26 | AG25: 13.5 | AH25: 0 | AI25: 1 | AJ25: 6.38 | AK25: 1 | AL25: 1 | AN25: 0 | AO25: 1 | AP25: 1 | AQ25: 0 | AR25: 0 | AT25: 0.08 | AU25: )*1,25 | AV25: 0 | AW25: 2 | AX25: 16629038 | AY25: 1 | AZ25: 0 | BA25: 24 | BB25: 0 | BC25: 0 | BD25: 0 | BE25: 0 | BF25: 0 | BG25: 0 | BH25: 0 | BI25: 0 | BJ25: 0 | BK25: 0 | BL25: 0 | BM25: 0 | BN25: 0 | BO25: 0 | BP25: 0 | BQ25: 0 | BR25: 0 | BS25: 0 | BT25: 0 | BU25: 0 | BV25: 0 | BW25: 0 | CX25: =Y25*Source!I30 -> 0.06532 | CY25: =AB25 -> 199.44 | CZ25: =AF25 -> 31.26 | DA25: =AJ25 -> 6.38 | DB25: 0
A26: =ROW(Source!A30) -> 30 | B26: 16628881 | C26: 16629024 | D26: 15249073 | E26: 1 | F26: 1 | G26: 1 | H26: 2 | I26: 91.14.02-001 | J26: ФСЭМ-2001, 91.14.02-001, приказ Минстроя России №1039/пр от 30.12.2016г. | K26: Автомобили бортовые, грузоподъемность до 5 т | L26: 1368 | N26: 1011 | O26: маш.-ч | P26: маш.-ч | Q26: 1 | W26: 0 | X26: 1372534845 | Y26: 0.625 | AA26: 0 | AB26: 419.23 | AC26: 11.6 | AD26: 0 | AE26: 0 | AF26: 65.71 | AG26: 11.6 | AH26: 0 | AI26: 1 | AJ26: 6.38 | AK26: 1 | AL26: 1 | AN26: 0 | AO26: 1 | AP26: 1 | AQ26: 0 | AR26: 0 | AT26: 0.5 | AU26: )*1,25 | AV26: 0 | AW26: 2 | AX26: 16629039 | AY26: 1 | AZ26: 0 | BA26: 25 | BB26: 0 | BC26: 0 | BD26: 0 | BE26: 0 | BF26: 0 | BG26: 0 | BH26: 0 | BI26: 0 | BJ26: 0 | BK26: 0 | BL26: 0 | BM26: 0 | BN26: 0 | BO26: 0 | BP26: 0 | BQ26: 0 | BR26: 0 | BS26: 0 | BT26: 0 | BU26: 0 | BV26: 0 | BW26: 0 | CX26: =Y26*Source!I30 -> 0.40825 | CY26: =AB26 -> 419.23 | CZ26: =AF26 -> 65.71 | DA26: =AJ26 -> 6.38 | DB26: 0
A27: =ROW(Source!A30) -> 30 | B27: 16628881 | C27: 16629024 | D27: 15171018 | E27: 1 | F27: 1 | G27: 1 | H27: 3 | I27: 01.7.20.08-0051 | J27: ФССЦ-2001, 01.7.20.08-0051, приказ Минстроя России №1039/пр от 30.12.2016г. | K27: Ветошь | L27: 1346 | N27: 1009 | O27: кг | P27: кг | Q27: 1 | W27: 0 | X27: 813963326 | Y27: 0.2 | AA27: 11.61 | AB27: 0 | AC27: 0 | AD27: 0 | AE27: 1.82 | AF27: 0 | AG27: 0 | AH27: 0 | AI27: 6.38 | AJ27: 1 | AK27: 1 | AL27: 1 | AN27: 0 | AO27: 1 | AP27: 0 | AQ27: 0 | AR27: 0 | AT27: 0.2 | AV27: 0 | AW27: 2 | AX27: 16629041 | AY27: 1 | AZ27: 0 | BA27: 27 | BB27: 0 | BC27: 0 | BD27: 0 | BE27: 0 | BF27: 0 | BG27: 0 | BH27: 0 | BI27: 0 | BJ27: 0 | BK27: 0 | BL27: 0 | BM27: 0 | BN27: 0 | BO27: 0 | BP27: 0 | BQ27: 0 | BR27: 0 | BS27: 0 | BT27: 0 | BU27: 0 | BV27: 0 | BW27: 0 | CX27: =Y27*Source!I30 -> 0.13064 | CY27: =AA27 -> 11.61 | CZ27: =AE27 -> 1.82 | DA27: =AI27 -> 6.38 | DB27: 0
A28: =ROW(Source!A30) -> 30 | B28: 16628881 | C28: 16629024 | D28: 15162257 | E28: 17 | F28: 1 | G28: 1 | H28: 3 | I28: 14.1.06.05 | K28: Клей | L28: 1346 | N28: 1009 | O28: кг | P28: кг | Q28: 1 | W28: 0 | X28: -1516100259 | Y28: 30 | AA28: 0 | AB28: 0 | AC28: 0 | AD28: 0 | AE28: 0 | AF28: 0 | AG28: 0 | AH28: 0 | AI28: 6.38 | AJ28: 1 | AK28: 1 | AL28: 1 | AN28: 0 | AO28: 0 | AP28: 0 | AQ28: 0 | AR28: 0 | AT28: 30 | AV28: 0 | AW28: 2 | AX28: 16629042 | AY28: 1 | AZ28: 0 | BA28: 28 | BB28: 0 | BC28: 0 | BD28: 0 | BE28: 0 | BF28: 0 | BG28: 0 | BH28: 0 | BI28: 0 | BJ28: 0 | BK28: 0 | BL28: 0 | BM28: 0 | BN28: 0 | BO28: 0 | BP28: 0 | BQ28: 0 | BR28: 0 | BS28: 0 | BT28: 0 | BU28: 0 | BV28: 0 | BW28: 0 | CX28: =Y28*Source!I30 -> 19.596 | CY28: =AA28 -> 0 | CZ28: =AE28 -> 0 | DA28: =AI28 -> 6.38 | DB28: 0
A29: =ROW(Source!A30) -> 30 | B29: 16628881 | C29: 16629024 | D29: 15202713 | E29: 1 | F29: 1 | G29: 1 | H29: 3 | I29: 14.2.02.01-0001 | J29: ФССЦ-2001, 14.2.02.01-0001, приказ Минстроя России №1039/пр от 30.12.2016г. | K29: Клей огнестойкий, марка "Conlit Glue" ROCKWOOL | L29: 1346 | N29: 1009 | O29: кг | P29: кг | Q29: 1 | W29: 0 | X29: 1227292258 | Y29: 30 | AA29: 125.81 | AB29: 0 | AC29: 0 | AD29: 0 | AE29: 19.72 | AF29: 0 | AG29: 0 | AH29: 0 | AI29: 6.38 | AJ29: 1 | AK29: 1 | AL29: 1 | AN29: 0 | AO29: 0 | AP29: 0 | AQ29: 0 | AR29: 0 | AT29: 30 | AV29: 0 | AW29: 1 | AX29: -1 | AY29: 0 | AZ29: 0 | BB29: 0 | BC29: 0 | BD29: 0 | BE29: 0 | BF29: 0 | BG29: 0 | BH29: 0 | BI29: 0 | BJ29: 0 | BK29: 0 | BL29: 0 | BM29: 0 | BN29: 0 | BO29: 0 | BP29: 0 | BQ29: 0 | BR29: 0 | BS29: 0 | BT29: 0 | BU29: 0 | BV29: 0 | BW29: 0 | CX29: =Y29*Source!I30 -> 19.596 | CY29: =AA29 -> 125.81 | CZ29: =AE29 -> 19.72 | DA29: =AI29 -> 6.38 | DB29: 0
A30: =ROW(Source!A30) -> 30 | B30: 16628881 | C30: 16629024 | D30: 15203219 | E30: 1 | F30: 1 | G30: 1 | H30: 3 | I30: 14.3.01.01-0105 | J30: ФССЦ-2001, 14.3.01.01-0105, приказ Минстроя России №1039/пр от 30.12.2016г. | K30: Грунтовка: по бетону, марка "WG-Welestrong Sealer" | L30: 1346 | N30: 1009 | O30: кг | P30: кг | Q30: 1 | W30: 0 | X30: 1092481488 | Y30: 8.9 | AA30: 1345.54 | AB30: 0 | AC30: 0 | AD30: 0 | AE30: 210.9 | AF30: 0 | AG30: 0 | AH30: 0 | AI30: 6.38 | AJ30: 1 | AK30: 1 | AL30: 1 | AN30: 0 | AO30: 0 | AP30: 0 | AQ30: 0 | AR30: 0 | AT30: 8.9 | AV30: 0 | AW30: 1 | AX30: -1 | AY30: 0 | AZ30: 0 | BB30: 0 | BC30: 0 | BD30: 0 | BE30: 0 | BF30: 0 | BG30: 0 | BH30: 0 | BI30: 0 | BJ30: 0 | BK30: 0 | BL30: 0 | BM30: 0 | BN30: 0 | BO30: 0 | BP30: 0 | BQ30: 0 | BR30: 0 | BS30: 0 | BT30: 0 | BU30: 0 | BV30: 0 | BW30: 0 | CX30: =Y30*Source!I30 -> 5.81348 | CY30: =AA30 -> 1345.54 | CZ30: =AE30 -> 210.9 | DA30: =AI30 -> 6.38 | DB30: 0
A31: =ROW(Source!A30) -> 30 | B31: 16628881 | C31: 16629024 | D31: 0 | E31: 0 | F31: 1 | G31: 1 | H31: 3 | I31: Средняя цена коммерческих предложений | K31: Сэндвич панели для откосов из ПВХ размером 2700х250х10 мм | L31: 1301 | N31: 1003 | O31: м | P31: м | Q31: 1 | W31: 0 | X31: 199748778 | Y31: 250 | AA31: 506.76 | AB31: 0 | AC31: 0 | AD31: 0 | AE31: 79.43 | AF31: 0 | AG31: 0 | AH31: 0 | AI31: 6.38 | AJ31: 1 | AK31: 1 | AL31: 1 | AN31: 0 | AO31: 0 | AP31: 0 | AQ31: 0 | AR31: 0 | AT31: 250 | AV31: 0 | AW31: 1 | AX31: -1 | AY31: 0 | AZ31: 0 | BB31: 0 | BC31: 0 | BD31: 0 | BE31: 0 | BF31: 0 | BG31: 0 | BH31: 0 | BI31: 0 | BJ31: 0 | BK31: 0 | BL31: 0 | BM31: 0 | BN31: 0 | BO31: 0 | BP31: 0 | BQ31: 0 | BR31: 0 | BS31: 0 | BT31: 0 | BU31: 0 | BV31: 0 | BW31: 0 | CX31: =Y31*Source!I30 -> 163.3 | CY31: =AA31 -> 506.76 | CZ31: =AE31 -> 79.43 | DA31: =AI31 -> 6.38 | DB31: 0
A32: =ROW(Source!A35) -> 35 | B32: 16628881 | C32: 16629260 | D32: 15430767 | E32: 1 | F32: 1 | G32: 1 | H32: 1 | I32: 1-100-30 | K32: Рабочий среднего разряда 3 | L32: 1191 | N32: 1013 | O32: чел.-ч. | P32: чел.-ч. | Q32: 1 | W32: 0 | X32: -400197608 | Y32: 7.705 | AA32: 0 | AB32: 0 | AC32: 0 | AD32: 54.42 | AE32: 0 | AF32: 0 | AG32: 0 | AH32: 8.53 | AI32: 1 | AJ32: 1 | AK32: 1 | AL32: 6.38 | AN32: 0 | AO32: 1 | AP32: 1 | AQ32: 0 | AR32: 0 | AT32: 6.7 | AU32: )*1,15 | AV32: 1 | AW32: 2 | AX32: 16629261 | AY32: 1 | AZ32: 0 | BA32: 30 | BB32: 0 | BC32: 0 | BD32: 0 | BE32: 0 | BF32: 0 | BG32: 0 | BH32: 0 | BI32: 0 | BJ32: 0 | BK32: 0 | BL32: 0 | BM32: 0 | BN32: 0 | BO32: 0 | BP32: 0 | BQ32: 0 | BR32: 0 | BS32: 0 | BT32: 0 | BU32: 0 | BV32: 0 | BW32: 0 | CX32: =Y32*Source!I35 -> 12.582265 | CY32: =AD32 -> 54.42 | CZ32: =AH32 -> 8.53 | DA32: =AL32 -> 6.38 | DB32: 0
A33: =ROW(Source!A35) -> 35 | B33: 16628881 | C33: 16629260 | D33: 15162472 | E33: 17 | F33: 1 | G33: 1 | H33: 3 | I33: 11.3.03.13 | K33: Уголок ПВХ | L33: 2233 | N33: 1013 | O33: П.М | P33: П.М | Q33: 1 | W33: 0 | X33: -1710570218 | Y33: 100 | AA33: 0 | AB33: 0 | AC33: 0 | AD33: 0 | AE33: 0 | AF33: 0 | AG33: 0 | AH33: 0 | AI33: 6.38 | AJ33: 1 | AK33: 1 | AL33: 1 | AN33: 0 | AO33: 0 | AP33: 0 | AQ33: 0 | AR33: 0 | AT33: 100 | AV33: 0 | AW33: 2 | AX33: 16629262 | AY33: 1 | AZ33: 0 | BA33: 31 | BB33: 0 | BC33: 0 | BD33: 0 | BE33: 0 | BF33: 0 | BG33: 0 | BH33: 0 | BI33: 0 | BJ33: 0 | BK33: 0 | BL33: 0 | BM33: 0 | BN33: 0 | BO33: 0 | BP33: 0 | BQ33: 0 | BR33: 0 | BS33: 0 | BT33: 0 | BU33: 0 | BV33: 0 | BW33: 0 | CX33: =Y33*Source!I35 -> 163.3 | CY33: =AA33 -> 0 | CZ33: =AE33 -> 0 | DA33: =AI33 -> 6.38 | DB33: 0
A34: =ROW(Source!A35) -> 35 | B34: 16628881 | C34: 16629260 | D34: 15197756 | E34: 1 | F34: 1 | G34: 1 | H34: 3 | I34: 11.3.03.13-0043 | J34: ФССЦ-2001, 11.3.03.13-0043, приказ Минстроя России №1039/пр от 30.12.2016г. | K34: Уголок ПВХ, размером 20х20 мм | L34: 1302 | N34: 1003 | O34: 10 м | P34: 10 м | Q34: 10 | W34: 0 | X34: 189188006 | Y34: 10 | AA34: 163.33 | AB34: 0 | AC34: 0 | AD34: 0 | AE34: 25.6 | AF34: 0 | AG34: 0 | AH34: 0 | AI34: 6.38 | AJ34: 1 | AK34: 1 | AL34: 1 | AN34: 0 | AO34: 0 | AP34: 0 | AQ34: 0 | AR34: 0 | AT34: 10 | AV34: 0 | AW34: 1 | AX34: -1 | AY34: 0 | AZ34: 0 | BB34: 0 | BC34: 0 | BD34: 0 | BE34: 0 | BF34: 0 | BG34: 0 | BH34: 0 | BI34: 0 | BJ34: 0 | BK34: 0 | BL34: 0 | BM34: 0 | BN34: 0 | BO34: 0 | BP34: 0 | BQ34: 0 | BR34: 0 | BS34: 0 | BT34: 0 | BU34: 0 | BV34: 0 | BW34: 0 | CX34: =Y34*Source!I35 -> 16.33 | CY34: =AA34 -> 163.33 | CZ34: =AE34 -> 25.6 | DA34: =AI34 -> 6.38 | DB34: 0
A35: =ROW(Source!A35) -> 35 | B35: 16628881 | C35: 16629260 | D35: 15202504 | E35: 1 | F35: 1 | G35: 1 | H35: 3 | I35: 14.1.04.02-0011 | J35: ФССЦ-2001, 14.1.04.02-0011, приказ Минстроя России №1039/пр от 30.12.2016г. | K35: Клей резиновый № 88-Н | L35: 1346 | N35: 1009 | O35: кг | P35: кг | Q35: 1 | W35: 0 | X35: -1230081286 | Y35: 0.8 | AA35: 287.1 | AB35: 0 | AC35: 0 | AD35: 0 | AE35: 45 | AF35: 0 | AG35: 0 | AH35: 0 | AI35: 6.38 | AJ35: 1 | AK35: 1 | AL35: 1 | AN35: 0 | AO35: 1 | AP35: 0 | AQ35: 0 | AR35: 0 | AT35: 0.8 | AV35: 0 | AW35: 2 | AX35: 16629263 | AY35: 1 | AZ35: 0 | BA35: 32 | BB35: 0 | BC35: 0 | BD35: 0 | BE35: 0 | BF35: 0 | BG35: 0 | BH35: 0 | BI35: 0 | BJ35: 0 | BK35: 0 | BL35: 0 | BM35: 0 | BN35: 0 | BO35: 0 | BP35: 0 | BQ35: 0 | BR35: 0 | BS35: 0 | BT35: 0 | BU35: 0 | BV35: 0 | BW35: 0 | CX35: =Y35*Source!I35 -> 1.3064 | CY35: =AA35 -> 287.1 | CZ35: =AE35 -> 45 | DA35: =AI35 -> 6.38 | DB35: 0
A36: =ROW(Source!A38) -> 38 | B36: 16628881 | C36: 16629050 | D36: 15430767 | E36: 1 | F36: 1 | G36: 1 | H36: 1 | I36: 1-100-30 | K36: Рабочий среднего разряда 3 | L36: 1191 | N36: 1013 | O36: чел.-ч. | P36: чел.-ч. | Q36: 1 | W36: 0 | X36: -400197608 | Y36: 24.3685 | AA36: 0 | AB36: 0 | AC36: 0 | AD36: 54.42 | AE36: 0 | AF36: 0 | AG36: 0 | AH36: 8.53 | AI36: 1 | AJ36: 1 | AK36: 1 | AL36: 6.38 | AN36: 0 | AO36: 1 | AP36: 1 | AQ36: 0 | AR36: 0 | AT36: 21.19 | AU36: )*1,15 | AV36: 1 | AW36: 2 | AX36: 16629058 | AY36: 1 | AZ36: 0 | BA36: 33 | BB36: 0 | BC36: 0 | BD36: 0 | BE36: 0 | BF36: 0 | BG36: 0 | BH36: 0 | BI36: 0 | BJ36: 0 | BK36: 0 | BL36: 0 | BM36: 0 | BN36: 0 | BO36: 0 | BP36: 0 | BQ36: 0 | BR36: 0 | BS36: 0 | BT36: 0 | BU36: 0 | BV36: 0 | BW36: 0 | CX36: =Y36*Source!I38 -> 14.572363 | CY36: =AD36 -> 54.42 | CZ36: =AH36 -> 8.53 | DA36: =AL36 -> 6.38 | DB36: 0
A37: =ROW(Source!A38) -> 38 | B37: 16628881 | C37: 16629050 | D37: 15430395 | E37: 1 | F37: 1 | G37: 1 | H37: 1 | I37: 4-100-00 | K37: Затраты труда машинистов | L37: 1191 | N37: 1013 | O37: чел.-ч. | P37: чел.-ч. | Q37: 1 | W37: 0 | X37: -1417349443 | Y37: 0.19 | AA37: 0 | AB37: 0 | AC37: 0 | AD37: 0 | AE37: 0 | AF37: 0 | AG37: 0 | AH37: 0 | AI37: 1 | AJ37: 1 | AK37: 6.38 | AL37: 1 | AN37: 0 | AO37: 1 | AP37: 0 | AQ37: 0 | AR37: 0 | AT37: 0.19 | AV37: 2 | AW37: 2 | AX37: 16629059 | AY37: 1 | AZ37: 2048 | BA37: 34 | BB37: 0 | BC37: 0 | BD37: 0 | BE37: 0 | BF37: 0 | BG37: 0 | BH37: 0 | BI37: 0 | BJ37: 0 | BK37: 0 | BL37: 0 | BM37: 0 | BN37: 0 | BO37: 0 | BP37: 0 | BQ37: 0 | BR37: 0 | BS37: 0 | BT37: 0 | BU37: 0 | BV37: 0 | BW37: 0 | CX37: =Y37*Source!I38 -> 0.11362 | CY37: =AD37 -> 0 | CZ37: =AH37 -> 0 | DA37: =AL37 -> 1 | DB37: 0
A38: =ROW(Source!A38) -> 38 | B38: 16628881 | C38: 16629050 | D38: 15247974 | E38: 1 | F38: 1 | G38: 1 | H38: 2 | I38: 91.06.06-048 | J38: ФСЭМ-2001, 91.06.06-048, приказ Минстроя России №1039/пр от 30.12.2016г. | K38: Подъемники одномачтовые, грузоподъемность до 500 кг, высота подъема 45 м | L38: 1368 | N38: 1011 | O38: маш.-ч | P38: маш.-ч | Q38: 1 | W38: 0 | X38: 1188625873 | Y38: 0.05 | AA38: 0 | AB38: 199.44 | AC38: 13.5 | AD38: 0 | AE38: 0 | AF38: 31.26 | AG38: 13.5 | AH38: 0 | AI38: 1 | AJ38: 6.38 | AK38: 1 | AL38: 1 | AN38: 0 | AO38: 1 | AP38: 1 | AQ38: 0 | AR38: 0 | AT38: 0.04 | AU38: )*1,25 | AV38: 0 | AW38: 2 | AX38: 16629060 | AY38: 1 | AZ38: 0 | BA38: 35 | BB38: 0 | BC38: 0 | BD38: 0 | BE38: 0 | BF38: 0 | BG38: 0 | BH38: 0 | BI38: 0 | BJ38: 0 | BK38: 0 | BL38: 0 | BM38: 0 | BN38: 0 | BO38: 0 | BP38: 0 | BQ38: 0 | BR38: 0 | BS38: 0 | BT38: 0 | BU38: 0 | BV38: 0 | BW38: 0 | CX38: =Y38*Source!I38 -> 0.0299 | CY38: =AB38 -> 199.44 | CZ38: =AF38 -> 31.26 | DA38: =AJ38 -> 6.38 | DB38: 0
A39: =ROW(Source!A38) -> 38 | B39: 16628881 | C39: 16629050 | D39: 15249073 | E39: 1 | F39: 1 | G39: 1 | H39: 2 | I39: 91.14.02-001 | J39: ФСЭМ-2001, 91.14.02-001, приказ Минстроя России №1039/пр от 30.12.2016г. | K39: Автомобили бортовые, грузоподъемность до 5 т | L39: 1368 | N39: 1011 | O39: маш.-ч | P39: маш.-ч | Q39: 1 | W39: 0 | X39: 1372534845 | Y39: 0.1875 | AA39: 0 | AB39: 419.23 | AC39: 11.6 | AD39: 0 | AE39: 0 | AF39: 65.71 | AG39: 11.6 | AH39: 0 | AI39: 1 | AJ39: 6.38 | AK39: 1 | AL39: 1 | AN39: 0 | AO39: 1 | AP39: 1 | AQ39: 0 | AR39: 0 | AT39: 0.15 | AU39: )*1,25 | AV39: 0 | AW39: 2 | AX39: 16629061 | AY39: 1 | AZ39: 0 | BA39: 36 | BB39: 0 | BC39: 0 | BD39: 0 | BE39: 0 | BF39: 0 | BG39: 0 | BH39: 0 | BI39: 0 | BJ39: 0 | BK39: 0 | BL39: 0 | BM39: 0 | BN39: 0 | BO39: 0 | BP39: 0 | BQ39: 0 | BR39: 0 | BS39: 0 | BT39: 0 | BU39: 0 | BV39: 0 | BW39: 0 | CX39: =Y39*Source!I38 -> 0.112125 | CY39: =AB39 -> 419.23 | CZ39: =AF39 -> 65.71 | DA39: =AJ39 -> 6.38 | DB39: 0
A40: =ROW(Source!A38) -> 38 | B40: 16628881 | C40: 16629050 | D40: 15197780 | E40: 1 | F40: 1 | G40: 1 | H40: 3 | I40: 11.3.03.15-0021 | J40: ФССЦ-2001, 11.3.03.15-0021, приказ Минстроя России №1039/пр от 30.12.2016г. | K40: Клинья пластиковые монтажные | L40: 1355 | N40: 1010 | O40: 100 шт. | P40: 100 шт. | Q40: 100 | W40: 0 | X40: 1709713925 | Y40: 4 | AA40: 319 | AB40: 0 | AC40: 0 | AD40: 0 | AE40: 50 | AF40: 0 | AG40: 0 | AH40: 0 | AI40: 6.38 | AJ40: 1 | AK40: 1 | AL40: 1 | AN40: 0 | AO40: 1 | AP40: 0 | AQ40: 0 | AR40: 0 | AT40: 4 | AV40: 0 | AW40: 2 | AX40: 16629063 | AY40: 1 | AZ40: 0 | BA40: 38 | BB40: 0 | BC40: 0 | BD40: 0 | BE40: 0 | BF40: 0 | BG40: 0 | BH40: 0 | BI40: 0 | BJ40: 0 | BK40: 0 | BL40: 0 | BM40: 0 | BN40: 0 | BO40: 0 | BP40: 0 | BQ40: 0 | BR40: 0 | BS40: 0 | BT40: 0 | BU40: 0 | BV40: 0 | BW40: 0 | CX40: =Y40*Source!I38 -> 2.392 | CY40: =AA40 -> 319 | CZ40: =AE40 -> 50 | DA40: =AI40 -> 6.38 | DB40: 0
A41: =ROW(Source!A38) -> 38 | B41: 16628881 | C41: 16629050 | D41: 15204239 | E41: 1 | F41: 1 | G41: 1 | H41: 3 | I41: 14.5.01.05-0001 | J41: ФССЦ-2001, 14.5.01.05-0001, приказ Минстроя России №1039/пр от 30.12.2016г. | K41: Герметик пенополиуретановый (пена монтажная) типа Makrofleks, Soudal в баллонах по 750 мл | L41: 1354 | N41: 1010 | O41: шт. | P41: шт. | Q41: 1 | W41: 0 | X41: -1018551266 | Y41: 56.6 | AA41: 427.46 | AB41: 0 | AC41: 0 | AD41: 0 | AE41: 67 | AF41: 0 | AG41: 0 | AH41: 0 | AI41: 6.38 | AJ41: 1 | AK41: 1 | AL41: 1 | AN41: 0 | AO41: 1 | AP41: 0 | AQ41: 0 | AR41: 0 | AT41: 56.6 | AV41: 0 | AW41: 2 | AX41: 16629064 | AY41: 1 | AZ41: 0 | BA41: 39 | BB41: 0 | BC41: 0 | BD41: 0 | BE41: 0 | BF41: 0 | BG41: 0 | BH41: 0 | BI41: 0 | BJ41: 0 | BK41: 0 | BL41: 0 | BM41: 0 | BN41: 0 | BO41: 0 | BP41: 0 | BQ41: 0 | BR41: 0 | BS41: 0 | BT41: 0 | BU41: 0 | BV41: 0 | BW41: 0 | CX41: =Y41*Source!I38 -> 33.8468 | CY41: =AA41 -> 427.46 | CZ41: =AE41 -> 67 | DA41: =AI41 -> 6.38 | DB41: 0
A42: =ROW(Source!A38) -> 38 | B42: 16628881 | C42: 16629050 | D42: 0 | E42: 0 | F42: 1 | G42: 1 | H42: 3 | I42: Средняя цена коммерческих предложений | K42: Доски подоконные ПВХ , шириной 400 мм | L42: 1301 | N42: 1003 | O42: м | P42: м | Q42: 1 | W42: 0 | X42: -961144730 | Y42: 100 | AA42: 1257.37 | AB42: 0 | AC42: 0 | AD42: 0 | AE42: 197.08 | AF42: 0 | AG42: 0 | AH42: 0 | AI42: 6.38 | AJ42: 1 | AK42: 1 | AL42: 1 | AN42: 0 | AO42: 0 | AP42: 0 | AQ42: 0 | AR42: 0 | AT42: 100 | AV42: 0 | AW42: 1 | AX42: -1 | AY42: 0 | AZ42: 0 | BB42: 0 | BC42: 0 | BD42: 0 | BE42: 0 | BF42: 0 | BG42: 0 | BH42: 0 | BI42: 0 | BJ42: 0 | BK42: 0 | BL42: 0 | BM42: 0 | BN42: 0 | BO42: 0 | BP42: 0 | BQ42: 0 | BR42: 0 | BS42: 0 | BT42: 0 | BU42: 0 | BV42: 0 | BW42: 0 | CX42: =Y42*Source!I38 -> 59.8 | CY42: =AA42 -> 1257.37 | CZ42: =AE42 -> 197.08 | DA42: =AI42 -> 6.38 | DB42: 0

Sheet EtalonRes
A1: =ROW(Source!A24) -> 24 | B1: 16628947 | C1: 16628943 | D1: 15433667 | E1: 1 | F1: 1 | G1: 1 | H1: 1 | I1: 1-100-24 | K1: Рабочий среднего разряда 2.4 | L1: 1191 | N1: 1013 | O1: чел.-ч. | P1: чел.-ч. | Q1: 1 | X1: 188.54 | Y1: 0 | Z1: 0 | AA1: 0 | AB1: 8.09 | AC1: 0 | AD1: 1 | AE1: 1 | AG1: 188.54 | AH1: 2 | AI1: 16628944 | AJ1: 1 | AK1: 0 | AL1: 0 | AM1: 0 | AN1: 0 | AO1: 0 | AP1: 0 | AQ1: 0 | AR1: 0
A2: =ROW(Source!A24) -> 24 | B2: 16628948 | C2: 16628943 | D2: 15430395 | E2: 1 | F2: 1 | G2: 1 | H2: 1 | I2: 4-100-00 | K2: Затраты труда машинистов | L2: 1191 | N2: 1013 | O2: чел.-ч. | P2: чел.-ч. | Q2: 1 | X2: 7.74 | Y2: 0 | Z2: 0 | AA2: 0 | AB2: 0 | AC2: 0 | AD2: 1 | AE2: 2 | AG2: 7.74 | AH2: 2 | AI2: 16628945 | AJ2: 2 | AK2: 0 | AL2: 0 | AM2: 0 | AN2: 0 | AO2: 0 | AP2: 0 | AQ2: 0 | AR2: 0
A3: =ROW(Source!A24) -> 24 | B3: 16628949 | C3: 16628943 | D3: 15247974 | E3: 1 | F3: 1 | G3: 1 | H3: 2 | I3: 91.06.06-048 | J3: ФСЭМ-2001, 91.06.06-048, приказ Минстроя России №1039/пр от 30.12.2016г. | K3: Подъемники одномачтовые, грузоподъемность до 500 кг, высота подъема 45 м | L3: 1368 | N3: 1011 | O3: маш.-ч | P3: маш.-ч | Q3: 1 | X3: 7.74 | Y3: 0 | Z3: 31.26 | AA3: 13.5 | AB3: 0 | AC3: 0 | AD3: 1 | AE3: 0 | AG3: 7.74 | AH3: 2 | AI3: 16628946 | AJ3: 3 | AK3: 0 | AL3: 0 | AM3: 0 | AN3: 0 | AO3: 0 | AP3: 0 | AQ3: 0 | AR3: 0
A4: =ROW(Source!A25) -> 25 | B4: 16628965 | C4: 16628950 | D4: 15436014 | E4: 1 | F4: 1 | G4: 1 | H4: 1 | I4: 1-100-32 | K4: Рабочий среднего разряда 3.2 | L4: 1191 | N4: 1013 | O4: чел.-ч. | P4: чел.-ч. | Q4: 1 | X4: 149.16 | Y4: 0 | Z4: 0 | AA4: 0 | AB4: 8.74 | AC4: 0 | AD4: 1 | AE4: 1 | AF4: )*1,15 | AG4: 171.534 | AH4: 2 | AI4: 16628951 | AJ4: 4 | AK4: 0 | AL4: 0 | AM4: 0 | AN4: 0 | AO4: 0 | AP4: 0 | AQ4: 0 | AR4: 0
A5: =ROW(Source!A25) -> 25 | B5: 16628966 | C5: 16628950 | D5: 15430395 | E5: 1 | F5: 1 | G5: 1 | H5: 1 | I5: 4-100-00 | K5: Затраты труда машинистов | L5: 1191 | N5: 1013 | O5: чел.-ч. | P5: чел.-ч. | Q5: 1 | X5: 4.23 | Y5: 0 | Z5: 0 | AA5: 0 | AB5: 0 | AC5: 0 | AD5: 1 | AE5: 2 | AF5: )*1,25 | AG5: 5.2875 | AH5: 2 | AI5: 16628952 | AJ5: 5 | AK5: 0 | AL5: 0 | AM5: 0 | AN5: 0 | AO5: 0 | AP5: 0 | AQ5: 0 | AR5: 0
A6: =ROW(Source!A25) -> 25 | B6: 16628967 | C6: 16628950 | D6: 15247974 | E6: 1 | F6: 1 | G6: 1 | H6: 2 | I6: 91.06.06-048 | J6: ФСЭМ-2001, 91.06.06-048, приказ Минстроя России №1039/пр от 30.12.2016г. | K6: Подъемники одномачтовые, грузоподъемность до 500 кг, высота подъема 45 м | L6: 1368 | N6: 1011 | O6: маш.-ч | P6: маш.-ч | Q6: 1 | X6: 0.66 | Y6: 0 | Z6: 31.26 | AA6: 13.5 | AB6: 0 | AC6: 0 | AD6: 1 | AE6: 0 | AF6: )*1,25 | AG6: 0.825 | AH6: 2 | AI6: 16628953 | AJ6: 6 | AK6: 0 | AL6: 0 | AM6: 0 | AN6: 0 | AO6: 0 | AP6: 0 | AQ6: 0 | AR6: 0
A7: =ROW(Source!A25) -> 25 | B7: 16628968 | C7: 16628950 | D7: 15249073 | E7: 1 | F7: 1 | G7: 1 | H7: 2 | I7: 91.14.02-001 | J7: ФСЭМ-2001, 91.14.02-001, приказ Минстроя России №1039/пр от 30.12.2016г. | K7: Автомобили бортовые, грузоподъемность до 5 т | L7: 1368 | N7: 1011 | O7: маш.-ч | P7: маш.-ч | Q7: 1 | X7: 3.57 | Y7: 0 | Z7: 65.71 | AA7: 11.6 | AB7: 0 | AC7: 0 | AD7: 1 | AE7: 0 | AF7: )*1,25 | AG7: 4.4625 | AH7: 2 | AI7: 16628954 | AJ7: 7 | AK7: 0 | AL7: 0 | AM7: 0 | AN7: 0 | AO7: 0 | AP7: 0 | AQ7: 0 | AR7: 0
A8: =ROW(Source!A25) -> 25 | B8: 16628969 | C8: 16628950 | D8: 15167551 | E8: 1 | F8: 1 | G8: 1 | H8: 3 | I8: 01.7.06.02-0001 | J8: ФССЦ-2001, 01.7.06.02-0001, приказ Минстроя России №1039/пр от 30.12.2016г. | K8: Лента бутиловая | L8: 1301 | N8: 1003 | O8: м | P8: м | Q8: 1 | X8: 253 | Y8: 6.38 | Z8: 0 | AA8: 0 | AB8: 0 | AC8: 0 | AD8: 1 | AE8: 0 | AG8: 253 | AH8: 2 | AI8: 16628955 | AJ8: 8 | AK8: 0 | AL8: 0 | AM8: 0 | AN8: 0 | AO8: 0 | AP8: 0 | AQ8: 0 | AR8: 0
A9: =ROW(Source!A25) -> 25 | B9: 16628970 | C9: 16628950 | D9: 15167552 | E9: 1 | F9: 1 | G9: 1 | H9: 3 | I9: 01.7.06.02-0002 | J9: ФССЦ-2001, 01.7.06.02-0002, приказ Минстроя России №1039/пр от 30.12.2016г. | K9: Лента бутиловая диффузионная | L9: 1301 | N9: 1003 | O9: м | P9: м | Q9: 1 | X9: 59 | Y9: 7.95 | Z9: 0 | AA9: 0 | AB9: 0 | AC9: 0 | AD9: 1 | AE9: 0 | AG9: 59 | AH9: 2 | AI9: 16628956 | AJ9: 9 | AK9: 0 | AL9: 0 | AM9: 0 | AN9: 0 | AO9: 0 | AP9: 0 | AQ9: 0 | AR9: 0
A10: =ROW(Source!A25) -> 25 | B10: 16628971 | C10: 16628950 | D10: 15167640 | E10: 1 | F10: 1 | G10: 1 | H10: 3 | I10: 01.7.06.11-0001 | J10: ФССЦ-2001, 01.7.06.11-0001, приказ Минстроя России №1039/пр от 30.12.2016г. | K10: Лента ПСУЛ | L10: 1302 | N10: 1003 | O10: 10 м | P10: 10 м | Q10: 10 | X10: 15.9 | Y10: 64.1 | Z10: 0 | AA10: 0 | AB10: 0 | AC10: 0 | AD10: 1 | AE10: 0 | AG10: 15.9 | AH10: 2 | AI10: 16628957 | AJ10: 10 | AK10: 0 | AL10: 0 | AM10: 0 | AN10: 0 | AO10: 0 | AP10: 0 | AQ10: 0 | AR10: 0
A11: =ROW(Source!A25) -> 25 | B11: 16628972 | C11: 16628950 | D11: 15170065 | E11: 1 | F11: 1 | G11: 1 | H11: 3 | I11: 01.7.15.07-0005 | J11: ФССЦ-2001, 01.7.15.07-0005, приказ Минстроя России №1039/пр от 30.12.2016г. | K11: Дюбели монтажные 10х130 (10х132, 10х150) мм | L11: 1358 | N11: 1010 | O11: 10 шт. | P11: 10 шт. | Q11: 10 | X11: 41.2 | Y11: 7.03 | Z11: 0 | AA11: 0 | AB11: 0 | AC11: 0 | AD11: 1 | AE11: 0 | AG11: 41.2 | AH11: 2 | AI11: 16628958 | AJ11: 11 | AK11: 0 | AL11: 0 | AM11: 0 | AN11: 0 | AO11: 0 | AP11: 0 | AQ11: 0 | AR11: 0
A12: =ROW(Source!A25) -> 25 | B12: 16628973 | C12: 16628950 | D12: 15162466 | E12: 17 | F12: 1 | G12: 1 | H12: 3 | I12: 11.3.02.03 | K12: Блоки оконные пластиковые | L12: 1327 | N12: 1005 | O12: м2 | P12: м2 | Q12: 1 | X12: 100 | Y12: 0 | Z12: 0 | AA12: 0 | AB12: 0 | AC12: 0 | AD12: 0 | AE12: 0 | AG12: 100 | AH12: 3 | AI12: -1 | AK12: 0 | AL12: 0 | AM12: 0 | AN12: 0 | AO12: 0 | AP12: 0 | AQ12: 0 | AR12: 0
A13: =ROW(Source!A25) -> 25 | B13: 16628974 | C13: 16628950 | D13: 15197780 | E13: 1 | F13: 1 | G13: 1 | H13: 3 | I13: 11.3.03.15-0021 | J13: ФССЦ-2001, 11.3.03.15-0021, приказ Минстроя России №1039/пр от 30.12.2016г. | K13: Клинья пластиковые монтажные | L13: 1355 | N13: 1010 | O13: 100 шт. | P13: 100 шт. | Q13: 100 | X13: 8 | Y13: 50 | Z13: 0 | AA13: 0 | AB13: 0 | AC13: 0 | AD13: 1 | AE13: 0 | AG13: 8 | AH13: 2 | AI13: 16628959 | AJ13: 12 | AK13: 0 | AL13: 0 | AM13: 0 | AN13: 0 | AO13: 0 | AP13: 0 | AQ13: 0 | AR13: 0
A14: =ROW(Source!A25) -> 25 | B14: 16628975 | C14: 16628950 | D14: 15204239 | E14: 1 | F14: 1 | G14: 1 | H14: 3 | I14: 14.5.01.05-0001 | J14: ФССЦ-2001, 14.5.01.05-0001, приказ Минстроя России №1039/пр от 30.12.2016г. | K14: Герметик пенополиуретановый (пена монтажная) типа Makrofleks, Soudal в баллонах по 750 мл | L14: 1354 | N14: 1010 | O14: шт. | P14: шт. | Q14: 1 | X14: 71 | Y14: 67 | Z14: 0 | AA14: 0 | AB14: 0 | AC14: 0 | AD14: 1 | AE14: 0 | AG14: 71 | AH14: 2 | AI14: 16628960 | AJ14: 13 | AK14: 0 | AL14: 0 | AM14: 0 | AN14: 0 | AO14: 0 | AP14: 0 | AQ14: 0 | AR14: 0
A15: =ROW(Source!A27) -> 27 | B15: 16629015 | C15: 16629006 | D15: 15430767 | E15: 1 | F15: 1 | G15: 1 | H15: 1 | I15: 1-100-30 | K15: Рабочий среднего разряда 3 | L15: 1191 | N15: 1013 | O15: чел.-ч. | P15: чел.-ч. | Q15: 1 | X15: 112.75 | Y15: 0 | Z15: 0 | AA15: 0 | AB15: 8.53 | AC15: 0 | AD15: 1 | AE15: 1 | AF15: )*1,15 | AG15: 129.6625 | AH15: 2 | AI15: 16629007 | AJ15: 15 | AK15: 0 | AL15: 0 | AM15: 0 | AN15: 0 | AO15: 0 | AP15: 0 | AQ15: 0 | AR15: 0
A16: =ROW(Source!A27) -> 27 | B16: 16629016 | C16: 16629006 | D16: 15430395 | E16: 1 | F16: 1 | G16: 1 | H16: 1 | I16: 4-100-00 | K16: Затраты труда машинистов | L16: 1191 | N16: 1013 | O16: чел.-ч. | P16: чел.-ч. | Q16: 1 | X16: 0.27 | Y16: 0 | Z16: 0 | AA16: 0 | AB16: 0 | AC16: 0 | AD16: 1 | AE16: 2 | AF16: )*1,25 | AG16: 0.3375 | AH16: 2 | AI16: 16629008 | AJ16: 16 | AK16: 0 | AL16: 0 | AM16: 0 | AN16: 0 | AO16: 0 | AP16: 0 | AQ16: 0 | AR16: 0
A17: =ROW(Source!A27) -> 27 | B17: 16629017 | C17: 16629006 | D17: 15247578 | E17: 1 | F17: 1 | G17: 1 | H17: 2 | I17: 91.05.01-017 | J17: ФСЭМ-2001, 91.05.01-017, приказ Минстроя России №1039/пр от 30.12.2016г. | K17: Краны башенные, грузоподъемность 8 т | L17: 1368 | N17: 1011 | O17: маш.-ч | P17: маш.-ч | Q17: 1 | X17: 0.2 | Y17: 0 | Z17: 86.4 | AA17: 13.5 | AB17: 0 | AC17: 0 | AD17: 1 | AE17: 0 | AF17: )*1,25 | AG17: 0.25 | AH17: 2 | AI17: 16629009 | AJ17: 17 | AK17: 0 | AL17: 0 | AM17: 0 | AN17: 0 | AO17: 0 | AP17: 0 | AQ17: 0 | AR17: 0
A18: =ROW(Source!A27) -> 27 | B18: 16629018 | C18: 16629006 | D18: 15249073 | E18: 1 | F18: 1 | G18: 1 | H18: 2 | I18: 91.14.02-001 | J18: ФСЭМ-2001, 91.14.02-001, приказ Минстроя России №1039/пр от 30.12.2016г. | K18: Автомобили бортовые, грузоподъемность до 5 т | L18: 1368 | N18: 1011 | O18: маш.-ч | P18: маш.-ч | Q18: 1 | X18: 0.07 | Y18: 0 | Z18: 65.71 | AA18: 11.6 | AB18: 0 | AC18: 0 | AD18: 1 | AE18: 0 | AF18: )*1,25 | AG18: 0.0875 | AH18: 2 | AI18: 16629010 | AJ18: 18 | AK18: 0 | AL18: 0 | AM18: 0 | AN18: 0 | AO18: 0 | AP18: 0 | AQ18: 0 | AR18: 0
A19: =ROW(Source!A27) -> 27 | B19: 16629019 | C19: 16629006 | D19: 15170059 | E19: 1 | F19: 1 | G19: 1 | H19: 3 | I19: 01.7.15.06-0146 | J19: ФССЦ-2001, 01.7.15.06-0146, приказ Минстроя России №1039/пр от 30.12.2016г. | K19: Гвозди толевые круглые 3,0х40 мм | L19: 1348 | N19: 1009 | O19: т | P19: т | Q19: 1000 | X19: 0.004 | Y19: 8475 | Z19: 0 | AA19: 0 | AB19: 0 | AC19: 0 | AD19: 1 | AE19: 0 | AG19: 0.004 | AH19: 2 | AI19: 16629011 | AJ19: 19 | AK19: 0 | AL19: 0 | AM19: 0 | AN19: 0 | AO19: 0 | AP19: 0 | AQ19: 0 | AR19: 0
A20: =ROW(Source!A27) -> 27 | B20: 16629020 | C20: 16629006 | D20: 15191140 | E20: 1 | F20: 1 | G20: 1 | H20: 3 | I20: 08.3.03.05-0002 | J20: ФССЦ-2001, 08.3.03.05-0002, приказ Минстроя России №1039/пр от 30.12.2016г. | K20: Проволока канатная оцинкованная, диаметром 3 мм | L20: 1348 | N20: 1009 | O20: т | P20: т | Q20: 1000 | X20: 0.012 | Y20: 8190 | Z20: 0 | AA20: 0 | AB20: 0 | AC20: 0 | AD20: 1 | AE20: 0 | AG20: 0.012 | AH20: 2 | AI20: 16629012 | AJ20: 20 | AK20: 0 | AL20: 0 | AM20: 0 | AN20: 0 | AO20: 0 | AP20: 0 | AQ20: 0 | AR20: 0
A21: =ROW(Source!A27) -> 27 | B21: 16629021 | C21: 16629006 | D21: 15191387 | E21: 1 | F21: 1 | G21: 1 | H21: 3 | I21: 08.3.05.05-0053 | J21: ФССЦ-2001, 08.3.05.05-0053, приказ Минстроя России №1039/пр от 30.12.2016г. | K21: Сталь листовая оцинкованная толщиной листа 0,7 мм | L21: 1348 | N21: 1009 | O21: т | P21: т | Q21: 1000 | X21: 0.782 | Y21: 11200 | Z21: 0 | AA21: 0 | AB21: 0 | AC21: 0 | AD21: 1 | AE21: 0 | AG21: 0.782 | AH21: 2 | AI21: 16629013 | AJ21: 21 | AK21: 0 | AL21: 0 | AM21: 0 | AN21: 0 | AO21: 0 | AP21: 0 | AQ21: 0 | AR21: 0
A22: =ROW(Source!A30) -> 30 | B22: 16629036 | C22: 16629024 | D22: 15438286 | E22: 1 | F22: 1 | G22: 1 | H22: 1 | I22: 1-100-36 | K22: Рабочий среднего разряда 3.6 | L22: 1191 | N22: 1013 | O22: чел.-ч. | P22: чел.-ч. | Q22: 1 | X22: 166.47 | Y22: 0 | Z22: 0 | AA22: 0 | AB22: 9.18 | AC22: 0 | AD22: 1 | AE22: 1 | AF22: )*1,15 | AG22: 191.4405 | AH22: 2 | AI22: 16629025 | AJ22: 23 | AK22: 0 | AL22: 0 | AM22: 0 | AN22: 0 | AO22: 0 | AP22: 0 | AQ22: 0 | AR22: 0
A23: =ROW(Source!A30) -> 30 | B23: 16629037 | C23: 16629024 | D23: 15430395 | E23: 1 | F23: 1 | G23: 1 | H23: 1 | I23: 4-100-00 | K23: Затраты труда машинистов | L23: 1191 | N23: 1013 | O23: чел.-ч. | P23: чел.-ч. | Q23: 1 | X23: 0.58 | Y23: 0 | Z23: 0 | AA23: 0 | AB23: 0 | AC23: 0 | AD23: 1 | AE23: 2 | AF23: )*1,25 | AG23: 0.725 | AH23: 2 | AI23: 16629026 | AJ23: 24 | AK23: 0 | AL23: 0 | AM23: 0 | AN23: 0 | AO23: 0 | AP23: 0 | AQ23: 0 | AR23: 0
A24: =ROW(Source!A30) -> 30 | B24: 16629038 | C24: 16629024 | D24: 15247974 | E24: 1 | F24: 1 | G24: 1 | H24: 2 | I24: 91.06.06-048 | J24: ФСЭМ-2001, 91.06.06-048, приказ Минстроя России №1039/пр от 30.12.2016г. | K24: Подъемники одномачтовые, грузоподъемность до 500 кг, высота подъема 45 м | L24: 1368 | N24: 1011 | O24: маш.-ч | P24: маш.-ч | Q24: 1 | X24: 0.08 | Y24: 0 | Z24: 31.26 | AA24: 13.5 | AB24: 0 | AC24: 0 | AD24: 1 | AE24: 0 | AF24: )*1,25 | AG24: 0.1 | AH24: 2 | AI24: 16629027 | AJ24: 25 | AK24: 0 | AL24: 0 | AM24: 0 | AN24: 0 | AO24: 0 | AP24: 0 | AQ24: 0 | AR24: 0
A25: =ROW(Source!A30) -> 30 | B25: 16629039 | C25: 16629024 | D25: 15249073 | E25: 1 | F25: 1 | G25: 1 | H25: 2 | I25: 91.14.02-001 | J25: ФСЭМ-2001, 91.14.02-001, приказ Минстроя России №1039/пр от 30.12.2016г. | K25: Автомобили бортовые, грузоподъемность до 5 т | L25: 1368 | N25: 1011 | O25: маш.-ч | P25: маш.-ч | Q25: 1 | X25: 0.5 | Y25: 0 | Z25: 65.71 | AA25: 11.6 | AB25: 0 | AC25: 0 | AD25: 1 | AE25: 0 | AF25: )*1,25 | AG25: 0.625 | AH25: 2 | AI25: 16629028 | AJ25: 26 | AK25: 0 | AL25: 0 | AM25: 0 | AN25: 0 | AO25: 0 | AP25: 0 | AQ25: 0 | AR25: 0
A26: =ROW(Source!A30) -> 30 | B26: 16629040 | C26: 16629024 | D26: 15162966 | E26: 17 | F26: 1 | G26: 1 | H26: 3 | I26: 01.6.01.11 | K26: Листы облицовочные декоративные | L26: 1327 | N26: 1005 | O26: м2 | P26: м2 | Q26: 1 | X26: 105 | Y26: 0 | Z26: 0 | AA26: 0 | AB26: 0 | AC26: 0 | AD26: 0 | AE26: 0 | AG26: 105 | AH26: 3 | AI26: -1 | AK26: 0 | AL26: 0 | AM26: 0 | AN26: 0 | AO26: 0 | AP26: 0 | AQ26: 0 | AR26: 0
A27: =ROW(Source!A30) -> 30 | B27: 16629041 | C27: 16629024 | D27: 15171018 | E27: 1 | F27: 1 | G27: 1 | H27: 3 | I27: 01.7.20.08-0051 | J27: ФССЦ-2001, 01.7.20.08-0051, приказ Минстроя России №1039/пр от 30.12.2016г. | K27: Ветошь | L27: 1346 | N27: 1009 | O27: кг | P27: кг | Q27: 1 | X27: 0.2 | Y27: 1.82 | Z27: 0 | AA27: 0 | AB27: 0 | AC27: 0 | AD27: 1 | AE27: 0 | AG27: 0.2 | AH27: 2 | AI27: 16629030 | AJ27: 27 | AK27: 0 | AL27: 0 | AM27: 0 | AN27: 0 | AO27: 0 | AP27: 0 | AQ27: 0 | AR27: 0
A28: =ROW(Source!A30) -> 30 | B28: 16629042 | C28: 16629024 | D28: 15162257 | E28: 17 | F28: 1 | G28: 1 | H28: 3 | I28: 14.1.06.05 | K28: Клей | L28: 1346 | N28: 1009 | O28: кг | P28: кг | Q28: 1 | X28: 30 | Y28: 0 | Z28: 0 | AA28: 0 | AB28: 0 | AC28: 0 | AD28: 0 | AE28: 0 | AG28: 30 | AH28: 2 | AI28: 16629031 | AJ28: 28 | AK28: 0 | AL28: 0 | AM28: 0 | AN28: 0 | AO28: 0 | AP28: 0 | AQ28: 0 | AR28: 0
A29: =ROW(Source!A30) -> 30 | B29: 16629043 | C29: 16629024 | D29: 15162572 | E29: 17 | F29: 1 | G29: 1 | H29: 3 | I29: 14.4.01.21 | K29: Грунтовка | L29: 1348 | N29: 1009 | O29: т | P29: т | Q29: 1000 | X29: 0.0089 | Y29: 0 | Z29: 0 | AA29: 0 | AB29: 0 | AC29: 0 | AD29: 0 | AE29: 0 | AG29: 0.0089 | AH29: 3 | AI29: -1 | AK29: 0 | AL29: 0 | AM29: 0 | AN29: 0 | AO29: 0 | AP29: 0 | AQ29: 0 | AR29: 0
A30: =ROW(Source!A35) -> 35 | B30: 16629261 | C30: 16629260 | D30: 15430767 | E30: 1 | F30: 1 | G30: 1 | H30: 1 | I30: 1-100-30 | K30: Рабочий среднего разряда 3 | L30: 1191 | N30: 1013 | O30: чел.-ч. | P30: чел.-ч. | Q30: 1 | X30: 6.7 | Y30: 0 | Z30: 0 | AA30: 0 | AB30: 8.53 | AC30: 0 | AD30: 1 | AE30: 1 | AF30: )*1,15 | AG30: 7.705 | AH30: 2 | AI30: 16629261 | AJ30: 32 | AK30: 0 | AL30: 0 | AM30: 0 | AN30: 0 | AO30: 0 | AP30: 0 | AQ30: 0 | AR30: 0
A31: =ROW(Source!A35) -> 35 | B31: 16629262 | C31: 16629260 | D31: 15162472 | E31: 17 | F31: 1 | G31: 1 | H31: 3 | I31: 11.3.03.13 | K31: Уголок ПВХ | L31: 2233 | N31: 1013 | O31: П.М | P31: П.М | Q31: 1 | X31: 100 | Y31: 0 | Z31: 0 | AA31: 0 | AB31: 0 | AC31: 0 | AD31: 0 | AE31: 0 | AG31: 100 | AH31: 2 | AI31: 16629262 | AJ31: 33 | AK31: 0 | AL31: 0 | AM31: 0 | AN31: 0 | AO31: 0 | AP31: 0 | AQ31: 0 | AR31: 0
A32: =ROW(Source!A35) -> 35 | B32: 16629263 | C32: 16629260 | D32: 15202504 | E32: 1 | F32: 1 | G32: 1 | H32: 3 | I32: 14.1.04.02-0011 | J32: ФССЦ-2001, 14.1.04.02-0011, приказ Минстроя России №1039/пр от 30.12.2016г. | K32: Клей резиновый № 88-Н | L32: 1346 | N32: 1009 | O32: кг | P32: кг | Q32: 1 | X32: 0.8 | Y32: 45 | Z32: 0 | AA32: 0 | AB32: 0 | AC32: 0 | AD32: 1 | AE32: 0 | AG32: 0.8 | AH32: 2 | AI32: 16629263 | AJ32: 35 | AK32: 0 | AL32: 0 | AM32: 0 | AN32: 0 | AO32: 0 | AP32: 0 | AQ32: 0 | AR32: 0
A33: =ROW(Source!A38) -> 38 | B33: 16629058 | C33: 16629050 | D33: 15430767 | E33: 1 | F33: 1 | G33: 1 | H33: 1 | I33: 1-100-30 | K33: Рабочий среднего разряда 3 | L33: 1191 | N33: 1013 | O33: чел.-ч. | P33: чел.-ч. | Q33: 1 | X33: 21.19 | Y33: 0 | Z33: 0 | AA33: 0 | AB33: 8.53 | AC33: 0 | AD33: 1 | AE33: 1 | AF33: )*1,15 | AG33: 24.3685 | AH33: 2 | AI33: 16629051 | AJ33: 36 | AK33: 0 | AL33: 0 | AM33: 0 | AN33: 0 | AO33: 0 | AP33: 0 | AQ33: 0 | AR33: 0
A34: =ROW(Source!A38) -> 38 | B34: 16629059 | C34: 16629050 | D34: 15430395 | E34: 1 | F34: 1 | G34: 1 | H34: 1 | I34: 4-100-00 | K34: Затраты труда машинистов | L34: 1191 | N34: 1013 | O34: чел.-ч. | P34: чел.-ч. | Q34: 1 | X34: 0.19 | Y34: 0 | Z34: 0 | AA34: 0 | AB34: 0 | AC34: 0 | AD34: 1 | AE34: 2 | AF34: )*1,25 | AG34: 0.2375 | AH34: 2 | AI34: 16629052 | AJ34: 37 | AK34: 0 | AL34: 0 | AM34: 0 | AN34: 0 | AO34: 0 | AP34: 0 | AQ34: 0 | AR34: 0
A35: =ROW(Source!A38) -> 38 | B35: 16629060 | C35: 16629050 | D35: 15247974 | E35: 1 | F35: 1 | G35: 1 | H35: 2 | I35: 91.06.06-048 | J35: ФСЭМ-2001, 91.06.06-048, приказ Минстроя России №1039/пр от 30.12.2016г. | K35: Подъемники одномачтовые, грузоподъемность до 500 кг, высота подъема 45 м | L35: 1368 | N35: 1011 | O35: маш.-ч | P35: маш.-ч | Q35: 1 | X35: 0.04 | Y35: 0 | Z35: 31.26 | AA35: 13.5 | AB35: 0 | AC35: 0 | AD35: 1 | AE35: 0 | AF35: )*1,25 | AG35: 0.05 | AH35: 2 | AI35: 16629053 | AJ35: 38 | AK35: 0 | AL35: 0 | AM35: 0 | AN35: 0 | AO35: 0 | AP35: 0 | AQ35: 0 | AR35: 0
A36: =ROW(Source!A38) -> 38 | B36: 16629061 | C36: 16629050 | D36: 15249073 | E36: 1 | F36: 1 | G36: 1 | H36: 2 | I36: 91.14.02-001 | J36: ФСЭМ-2001, 91.14.02-001, приказ Минстроя России №1039/пр от 30.12.2016г. | K36: Автомобили бортовые, грузоподъемность до 5 т | L36: 1368 | N36: 1011 | O36: маш.-ч | P36: маш.-ч | Q36: 1 | X36: 0.15 | Y36: 0 | Z36: 65.71 | AA36: 11.6 | AB36: 0 | AC36: 0 | AD36: 1 | AE36: 0 | AF36: )*1,25 | AG36: 0.1875 | AH36: 2 | AI36: 16629054 | AJ36: 39 | AK36: 0 | AL36: 0 | AM36: 0 | AN36: 0 | AO36: 0 | AP36: 0 | AQ36: 0 | AR36: 0
A37: =ROW(Source!A38) -> 38 | B37: 16629062 | C37: 16629050 | D37: 15162469 | E37: 17 | F37: 1 | G37: 1 | H37: 3 | I37: 11.3.03.01 | K37: Доски подоконные ПВХ | L37: 1301 | N37: 1003 | O37: м | P37: м | Q37: 1 | X37: 0 | Y37: 0 | Z37: 0 | AA37: 0 | AB37: 0 | AC37: 1 | AD37: 0 | AE37: 0 | AG37: 0 | AH37: 3 | AI37: -1 | AK37: 0 | AL37: 0 | AM37: 0 | AN37: 0 | AO37: 0 | AP37: 0 | AQ37: 0 | AR37: 0
A38: =ROW(Source!A38) -> 38 | B38: 16629063 | C38: 16629050 | D38: 15197780 | E38: 1 | F38: 1 | G38: 1 | H38: 3 | I38: 11.3.03.15-0021 | J38: ФССЦ-2001, 11.3.03.15-0021, приказ Минстроя России №1039/пр от 30.12.2016г. | K38: Клинья пластиковые монтажные | L38: 1355 | N38: 1010 | O38: 100 шт. | P38: 100 шт. | Q38: 100 | X38: 4 | Y38: 50 | Z38: 0 | AA38: 0 | AB38: 0 | AC38: 0 | AD38: 1 | AE38: 0 | AG38: 4 | AH38: 2 | AI38: 16629055 | AJ38: 40 | AK38: 0 | AL38: 0 | AM38: 0 | AN38: 0 | AO38: 0 | AP38: 0 | AQ38: 0 | AR38: 0
A39: =ROW(Source!A38) -> 38 | B39: 16629064 | C39: 16629050 | D39: 15204239 | E39: 1 | F39: 1 | G39: 1 | H39: 3 | I39: 14.5.01.05-0001 | J39: ФССЦ-2001, 14.5.01.05-0001, приказ Минстроя России №1039/пр от 30.12.2016г. | K39: Герметик пенополиуретановый (пена монтажная) типа Makrofleks, Soudal в баллонах по 750 мл | L39: 1354 | N39: 1010 | O39: шт. | P39: шт. | Q39: 1 | X39: 56.6 | Y39: 67 | Z39: 0 | AA39: 0 | AB39: 0 | AC39: 0 | AD39: 1 | AE39: 0 | AG39: 56.6 | AH39: 2 | AI39: 16629056 | AJ39: 41 | AK39: 0 | AL39: 0 | AM39: 0 | AN39: 0 | AO39: 0 | AP39: 0 | AQ39: 0 | AR39: 0
